Workbook

Sheet Índice sitio Web
B1: INSTITUTO NACIONAL DE ESTADÍSTICA Y CENSOS
B3: Encuesta Continua de Empleo
B4: Principales indicadores interanuales del mercado laboral costarricense AMJ 2022
B6: C1 total | C6: Costa Rica: Población nacional según indicadores generales de la condición de actividad
B7: C1 urbano | C7: Costa Rica zona urbana: Población nacional según indicadores generales de la condición de actividad
B8: C1 rural | C8: Costa Rica zona rural: Población nacional según indicadores generales de la condición de actividad
B9: C1 hombre | C9: Costa Rica hombres: Población nacional según indicadores generales de la condición de actividad
B10: C1 mujer | C10: Costa Rica mujeres: Población nacional según indicadores generales de la condición de actividad
B12: C2 total | C12: Costa Rica: Población ocupada según características del empleo
B13: C2 urbano | C13: Costa Rica zona urbana: Población ocupada según características del empleo
B14: C2 rural | C14: Costa Rica zona rural: Población ocupada según características del empleo
B15: C2 hombre | C15: Costa Rica hombres: Población ocupada según características del empleo
B16: C2 mujer | C16: Costa Rica mujeres: Población ocupada según características del empleo
B18: C3 total | C18: Costa Rica: Población ocupada según condición del empleo de las personas asalariadas e independientes
B19: C3 urbano | C19: Costa Rica zona urbana: Población ocupada según condición del empleo de las personas asalariadas e independientes
... B28: C4 mujer | C28: Costa Rica mujeres: Promedio del ingreso mensual en el empleo principal según características del empleo
B29: Fuente: INEC-Costa Rica. Encuesta Continua de Empleo (ECE), 2022.

Sheet C1 total
A1: Cuadro 1
A2: Costa Rica: Población nacional según indicadores generales de la condición de actividad
A3: II Trimestre 2022 | J3: Mismo trimestre año anterior
A4: Indicadores generales | B4: II 2022 | C4: Variación Interanual | E4: Resultado de la prueba de significancia | F4: Revisión totales y dif | H4: Para boletín | J4: Estimación | K4: Intervalo de confianza al 95%
B5: Abr - Jun | C5: Diferencia | D5: % | H5: Q | K5: Inferior | L5: Superior
A7: 1. Población total | B7: 5205148 | C7: =B7-J7 -> 50479 | D7: =C7/J7*100 -> 0.97928693 | E7: =IF(B7<K7,-1,IF(B7>L7,1,0)) -> 0 | J7: 5154669 | K7: 5015025.5 | L7: 5294312.5
A9: 1.1 Grupo de edad | B9: 5205148 | C9: =B9-J9 -> 50479 | D9: =C9/J9*100 -> 0.97928693 | E9: =IF(B9<K9,-1,IF(B9>L9,1,0)) -> 0 | F9: =+B9-F10 -> 0 | G9: =+C9-G10 -> 0 | J9: 5154669 | K9: 5015025.5 | L9: 5294312.5
A10: De 0 a 14 años | B10: 1111354 | C10: =B10-J10 -> -462 | D10: =C10/J10*100 -> -0.041553638 | E10: =IF(B10<K10,-1,IF(B10>L10,1,0)) -> 0 | F10: =SUM(B10:B16) -> 5205148 | G10: =SUM(C10:C16) -> 50479 | J10: 1111816 | K10: 1036495.3 | L10: 1187136.7
A11: De 15 a 24 años | B11: 787116 | C11: =B11-J11 -> 897 | D11: =C11/J11*100 -> 0.11409035 | E11: =IF(B11<K11,-1,IF(B11>L11,1,0)) -> 0 | J11: 786219 | K11: 729748.84 | L11: 842689.16
A12: De 25 a 34 años | B12: 748704 | C12: =B12-J12 -> 26944 | D12: =C12/J12*100 -> 3.7330969 | E12: =IF(B12<K12,-1,IF(B12>L12,1,0)) -> 0 | J12: 721760 | K12: 674647.38 | L12: 768872.62
A13: De 35 a 44 años | B13: 716990 | C13: =B13-J13 -> 16289 | D13: =C13/J13*100 -> 2.324672 | E13: =IF(B13<K13,-1,IF(B13>L13,1,0)) -> 0 | J13: 700701 | K13: 656093.48 | L13: 745308.52
A14: De 45 a 59 años | B14: 883047 | C14: =B14-J14 -> -50305 | D14: =C14/J14*100 -> -5.3897136 | E14: =IF(B14<K14,-1,IF(B14>L14,1,0)) -> -1 | J14: 933352 | K14: 883482.13 | L14: 983221.87
A15: De 60 años o más | B15: 956024 | C15: =B15-J15 -> 56707 | D15: =C15/J15*100 -> 6.305563 | E15: =IF(B15<K15,-1,IF(B15>L15,1,0)) -> 0 | J15: 899317 | K15: 840032.14 | L15: 958601.86
A16: No especificado | B16: 1913 | C16: =B16-J16 -> 409 | D16: =C16/J16*100 -> 27.194149 | E16: =IF(B16<K16,-1,IF(B16>L16,1,0)) -> 0 | J16: 1504 | K16: 0 | L16: 3478.6684
A18: 2. Población de 15 años y más | B18: 4093794 | C18: =B18-J18 -> 50941 | D18: =C18/J18*100 -> 1.260026 | E18: =IF(B18<K18,-1,IF(B18>L18,1,0)) -> 0 | J18: 4042853 | K18: 3937225 | L18: 4148481
A20: 2.1 Fuerza de trabajo | B20: 2438788 | C20: =B20-J20 -> 35224 | D20: =C20/J20*100 -> 1.4654904 | E20: =IF(B20<K20,-1,IF(B20>L20,1,0)) -> 0 | F20: =+B20-F21 -> 0 | G20: =+C20-G21 -> 0 | H20: =+B20/1000000 -> 2.438788 | I20: =+C20/1000 -> 35.224 | J20: 2403564 | K20: 2306710.4 | L20: 2500417.6
A21: Ocupada | B21: 2153988 | C21: =B21-J21 -> 184625 | D21: =C21/J21*100 -> 9.3748588 | E21: =IF(B21<K21,-1,IF(B21>L21,1,0)) -> 1 | F21: =SUM(B21:B22) -> 2438788 | G21: =SUM(C21:C22) -> 35224 | H21: =+B21/1000000 -> 2.153988 | I21: =+C21/1000 -> 184.625 | J21: 1969363 | K21: 1884248.4 | L21: 2054477.6
A22: Desempleada | B22: 284800 | C22: =B22-J22 -> -149401 | D22: =C22/J22*100 -> -34.408258 | E22: =IF(B22<K22,-1,IF(B22>L22,1,0)) -> -1 | H22: =+B22/1000 -> 284.8 | I22: =+C22/1000 -> -149.401 | J22: 434201 | K22: 389641.31 | L22: 478760.69
A24: 2.2 Fuera de la fuerza de trabajo | B24: 1655006 | C24: =B24-J24 -> 15717 | D24: =C24/J24*100 -> 0.95876932 | E24: =IF(B24<K24,-1,IF(B24>L24,1,0)) -> 0 | H24: =+B24/1000000 -> 1.655006 | I24: =+C24/1000 -> 15.717 | J24: 1639289 | K24: 1574422.3 | L24: 1704155.7
A26: 3. Población ocupada1/ | B26: 2153988 | C26: =B26-J26 -> 184625 | D26: =C26/J26*100 -> 9.3748588 | E26: =IF(B26<K26,-1,IF(B26>L26,1,0)) -> 1 | J26: 1969363 | K26: 1884248.4 | L26: 2054477.6
A28: 3.1 Grupo de edad | B28: 2153988 | C28: =B28-J28 -> 184625 | D28: =C28/J28*100 -> 9.3748588 | E28: =IF(B28<K28,-1,IF(B28>L28,1,0)) -> 1 | F28: =+B28-F29 -> 0 | G28: =+C28-G29 -> 0 | J28: 1969363 | K28: 1884248.4 | L28: 2054477.6
A29: De 15 a 24 años | B29: 228273 | C29: =B29-J29 -> 11319 | D29: =C29/J29*100 -> 5.217235 | E29: =IF(B29<K29,-1,IF(B29>L29,1,0)) -> 0 | F29: =SUM(B29:B34) -> 2153988 | G29: =SUM(C29:C34) -> 184625 | J29: 216954 | K29: 192701.4 | L29: 241206.6
A30: De 25 a 34 años | B30: 562456 | C30: =B30-J30 -> 96964 | D30: =C30/J30*100 -> 20.830433 | E30: =IF(B30<K30,-1,IF(B30>L30,1,0)) -> 1 | J30: 465492 | K30: 431644.77 | L30: 499339.23
A31: De 35 a 44 años | B31: 528135 | C31: =B31-J31 -> 31466 | D31: =C31/J31*100 -> 6.3354065 | E31: =IF(B31<K31,-1,IF(B31>L31,1,0)) -> 0 | J31: 496669 | K31: 457075.47 | L31: 536262.53
A32: De 45 a 59 años | B32: 607537 | C32: =B32-J32 -> 4658 | D32: =C32/J32*100 -> 0.77262602 | E32: =IF(B32<K32,-1,IF(B32>L32,1,0)) -> 0 | J32: 602879 | K32: 558316.49 | L32: 647441.51
A33: De 60 años o más | B33: 227336 | C33: =B33-J33 -> 41191 | D33: =C33/J33*100 -> 22.128448 | E33: =IF(B33<K33,-1,IF(B33>L33,1,0)) -> 1 | J33: 186145 | K33: 164341.35 | L33: 207948.65
A34: No especificado | B34: 251 | C34: =B34-J34 -> -973 | D34: =C34/J34*100 -> -79.493464 | E34: =IF(B34<K34,-1,IF(B34>L34,1,0)) -> 0 | J34: 1224 | K34: 0 | L34: 3173.096
A36: 3.2 Condición de aseguramiento2/ | B36: 2153988 | C36: =B36-J36 -> 184625 | D36: =C36/J36*100 -> 9.3748588 | E36: =IF(B36<K36,-1,IF(B36>L36,1,0)) -> 1 | F36: =+B36-F37 -> 0 | G36: =+C36-G37 -> 0 | J36: 1969363 | K36: 1884248.4 | L36: 2054477.6
A37: No tiene seguro por trabajo | B37: 662735 | C37: =B37-J37 -> 81181 | D37: =C37/J37*100 -> 13.959323 | E37: =IF(B37<K37,-1,IF(B37>L37,1,0)) -> 1 | F37: =SUM(B37:B38) -> 2153988 | G37: =SUM(C37:C38) -> 184625 | J37: 581554 | K37: 540553.22 | L37: 622554.78
A38: Tiene seguro por trabajo | B38: 1491253 | C38: =B38-J38 -> 103444 | D38: =C38/J38*100 -> 7.4537635 | E38: =IF(B38<K38,-1,IF(B38>L38,1,0)) -> 1 | J38: 1387809 | K38: 1319168.1 | L38: 1456449.9
A40: 3.3 Nivel de educación3/ | B40: 2153988 | C40: =B40-J40 -> 184625 | D40: =C40/J40*100 -> 9.3748588 | E40: =IF(B40<K40,-1,IF(B40>L40,1,0)) -> 1 | F40: =+B40-F41 -> 0 | G40: =+C40-G41 -> 0 | J40: 1969363 | K40: 1884248.4 | L40: 2054477.6
A41: Primaria incompleta o menos | B41: 152855 | C41: =B41-J41 -> -14969 | D41: =C41/J41*100 -> -8.9194632 | E41: =IF(B41<K41,-1,IF(B41>L41,1,0)) -> 0 | F41: =SUM(B41:B47) -> 2153988 | G41: =SUM(C41:C47) -> 184625 | J41: 167824 | K41: 146410.73 | L41: 189237.27
A42: Primaria completa | B42: 487766 | C42: =B42-J42 -> 38675 | D42: =C42/J42*100 -> 8.6118404 | E42: =IF(B42<K42,-1,IF(B42>L42,1,0)) -> 1 | J42: 449091 | K42: 412767.04 | L42: 485414.96
A43: Secundaria incompleta | B43: 469692 | C43: =B43-J43 -> 76067 | D43: =C43/J43*100 -> 19.324738 | E43: =IF(B43<K43,-1,IF(B43>L43,1,0)) -> 1 | J43: 393625 | K43: 357093.09 | L43: 430156.91
A44: Secundaria completa | B44: 445691 | C44: =B44-J44 -> 86786 | D44: =C44/J44*100 -> 24.180772 | E44: =IF(B44<K44,-1,IF(B44>L44,1,0)) -> 1 | J44: 358905 | K44: 321235.86 | L44: 396574.14
A45: Universitario sin título | B45: 104126 | C45: =B45-J45 -> -14835 | D45: =C45/J45*100 -> -12.470474 | E45: =IF(B45<K45,-1,IF(B45>L45,1,0)) -> 0 | J45: 118961 | K45: 98816.582 | L45: 139105.42
A46: Universitario con título | B46: 492965 | C46: =B46-J46 -> 12630 | D46: =C46/J46*100 -> 2.6294149 | E46: =IF(B46<K46,-1,IF(B46>L46,1,0)) -> 0 | J46: 480335 | K46: 426417.43 | L46: 534252.57
A47: No especificado | B47: 893 | C47: =B47-J47 -> 271 | D47: =C47/J47*100 -> 43.569132 | E47: =IF(B47<K47,-1,IF(B47>L47,1,0)) -> 0 | J47: 622 | K47: 117.09899 | L47: 1126.901
A49: 3.4 Búsqueda para cambiar de trabajo4/ | B49: 2153988 | C49: =B49-J49 -> 184625 | D49: =C49/J49*100 -> 9.3748588 | E49: =IF(B49<K49,-1,IF(B49>L49,1,0)) -> 1 | F49: =+B49-F50 -> 0 | G49: =+C49-G50 -> 0 | J49: 1969363 | K49: 1884248.4 | L49: 2054477.6
A50: Ocupado que no busca cambiar de trabajo | B50: 1962551 | C50: =B50-J50 -> 167006 | D50: =C50/J50*100 -> 9.3011314 | E50: =IF(B50<K50,-1,IF(B50>L50,1,0)) -> 1 | F50: =SUM(B50:B51) -> 2153988 | G50: =SUM(C50:C51) -> 184625 | J50: 1795545 | K50: 1715166.6 | L50: 1875923.4
A51: Ocupado que busca cambiar de trabajo | B51: 191437 | C51: =B51-J51 -> 17619 | D51: =C51/J51*100 -> 10.136465 | E51: =IF(B51<K51,-1,IF(B51>L51,1,0)) -> 0 | J51: 173818 | K51: 153803.26 | L51: 193832.74
A53: 3.5 Formalidad e informalidad | B53: 2153988 | C53: =B53-J53 -> 184625 | D53: =C53/J53*100 -> 9.3748588 | E53: =IF(B53<K53,-1,IF(B53>L53,1,0)) -> 1 | J53: 1969363 | K53: 1884248.4 | L53: 2054477.6
A54: Ocupado con empleo formal | B54: 1200155 | C54: =B54-J54 -> 93595 | D54: =C54/J54*100 -> 8.4581948 | E54: =IF(B54<K54,-1,IF(B54>L54,1,0)) -> 1 | J54: 1106560 | K54: 1047264.6 | L54: 1165855.4
A55: Ocupado con empleo informal | B55: 953833 | C55: =B55-J55 -> 91030 | D55: =C55/J55*100 -> 10.550496 | E55: =IF(B55<K55,-1,IF(B55>L55,1,0)) -> 1 | J55: 862803 | K55: 807505.39 | L55: 918100.61
A57: 4. Población desempleada5/ | B57: 284800 | C57: =B57-J57 -> -149401 | D57: =C57/J57*100 -> -34.408258 | E57: =IF(B57<K57,-1,IF(B57>L57,1,0)) -> -1 | J57: 434201 | K57: 389641.31 | L57: 478760.69
A59: 4.1 Tipo desempleado | B59: 284800 | C59: =B59-J59 -> -149401 | D59: =C59/J59*100 -> -34.408258 | E59: =IF(B59<K59,-1,IF(B59>L59,1,0)) -> -1 | F59: =+B59-F61 -> 0 | G59: =+C59-G61 -> 0 | J59: 434201 | K59: 389641.31 | L59: 478760.69
A60: Con experiencia | B60: 235138 | C60: =B60-J60 -> -140028 | D60: =C60/J60*100 -> -37.324278 | E60: =IF(B60<K60,-1,IF(B60>L60,1,0)) -> -1 | F60: =+B60-F62 -> 0 | G60: =+C60-G62 -> 0 | J60: 375166 | K60: 342041.6 | L60: 408290.4
A61: Por razones del mercado y cierre de actividades propias6/ | B61: 188038 | C61: =B61-J61 -> -142808 | D61: =C61/J61*100 -> -43.164493 | E61: =IF(B61<K61,-1,IF(B61>L61,1,0)) -> -1 | F61: =+B60+B63 -> 284800 | G61: =+C60+C63 -> -149401 | J61: 330846 | K61: 298685.38 | L61: 363006.62
A62: Por razones personales7/ | B62: 47100 | C62: =B62-J62 -> 2780 | D62: =C62/J62*100 -> 6.2725632 | E62: =IF(B62<K62,-1,IF(B62>L62,1,0)) -> 0 | F62: =+B62+B61 -> 235138 | G62: =+C62+C61 -> -140028 | J62: 44320 | K62: 31029.695 | L62: 57610.305
A63: Sin experiencia | B63: 49662 | C63: =B63-J63 -> -9373 | D63: =C63/J63*100 -> -15.877022 | E63: =IF(B63<K63,-1,IF(B63>L63,1,0)) -> 0 | J63: 59035 | K63: 43843.578 | L63: 74226.422
A65: 4.2 Grupo de edad | B65: 284800 | C65: =B65-J65 -> -149401 | D65: =C65/J65*100 -> -34.408258 | E65: =IF(B65<K65,-1,IF(B65>L65,1,0)) -> -1 | F65: =+B65-F66 -> 0 | G65: =+C65-G66 -> 0 | J65: 434201 | K65: 389641.31 | L65: 478760.69
A66: De 15 a 24 años | B66: 99793 | C66: =B66-J66 -> -41317 | D66: =C66/J66*100 -> -29.279994 | E66: =IF(B66<K66,-1,IF(B66>L66,1,0)) -> -1 | F66: =SUM(B66:B71) -> 284800 | G66: =SUM(C66:C71) -> -149401 | J66: 141110 | K66: 116212.83 | L66: 166007.17
A67: De 25 a 34 años | B67: 77565 | C67: =B67-J67 -> -41218 | D67: =C67/J67*100 -> -34.700252 | E67: =IF(B67<K67,-1,IF(B67>L67,1,0)) -> -1 | J67: 118783 | K67: 100438.78 | L67: 137127.22
A68: De 35 a 44 años | B68: 55867 | C68: =B68-J68 -> -27368 | D68: =C68/J68*100 -> -32.880399 | E68: =IF(B68<K68,-1,IF(B68>L68,1,0)) -> -1 | J68: 83235 | K68: 66949.193 | L68: 99520.807
A69: De 45 a 59 años | B69: 39751 | C69: =B69-J69 -> -33086 | D69: =C69/J69*100 -> -45.424715 | E69: =IF(B69<K69,-1,IF(B69>L69,1,0)) -> -1 | J69: 72837 | K69: 58050.574 | L69: 87623.426
A70: De 60 años o más | B70: 11731 | C70: =B70-J70 -> -6418 | D70: =C70/J70*100 -> -35.36283 | E70: =IF(B70<K70,-1,IF(B70>L70,1,0)) -> 0 | J70: 18149 | K70: 10766.57 | L70: 25531.43
A71: No especificado | B71: 93 | C71: =B71-J71 -> 6 | D71: =C71/J71*100 -> 6.8965517 | E71: 0 | J71: 87 | K71: - | L71: -
A73: 4.3 Nivel de educación3/ | B73: 284800 | C73: =B73-J73 -> -149401 | D73: =C73/J73*100 -> -34.408258 | E73: =IF(B73<K73,-1,IF(B73>L73,1,0)) -> -1 | F73: =+B73-F74 -> 0 | G73: =+C73-G74 -> #VALUE! | J73: 434201 | K73: 389641.31 | L73: 478760.69
A74: Primaria incompleta o menos | B74: 21169 | C74: =B74-J74 -> -7701 | D74: =C74/J74*100 -> -26.674749 | E74: =IF(B74<K74,-1,IF(B74>L74,1,0)) -> 0 | F74: =SUM(B74:B80) -> 284800 | G74: =SUM(C74:C80) -> #VALUE! | J74: 28870 | K74: 20598.646 | L74: 37141.354
A75: Primaria completa | B75: 43084 | C75: =B75-J75 -> -37300 | D75: =C75/J75*100 -> -46.402269 | E75: =IF(B75<K75,-1,IF(B75>L75,1,0)) -> -1 | J75: 80384 | K75: 64326.619 | L75: 96441.381
A76: Secundaria incompleta | B76: 76532 | C76: =B76-J76 -> -52172 | D76: =C76/J76*100 -> -40.536425 | E76: =IF(B76<K76,-1,IF(B76>L76,1,0)) -> -1 | J76: 128704 | K76: 105766.33 | L76: 151641.67
A77: Secundaria completa | B77: 81571 | C77: =B77-J77 -> -31575 | D77: =C77/J77*100 -> -27.906422 | E77: =IF(B77<K77,-1,IF(B77>L77,1,0)) -> -1 | J77: 113146 | K77: 93332.457 | L77: 132959.54
A78: Universitario sin título | B78: 24483 | C78: =B78-J78 -> -11385 | D78: =C78/J78*100 -> -31.741385 | E78: =IF(B78<K78,-1,IF(B78>L78,1,0)) -> 0 | J78: 35868 | K78: 24016.266 | L78: 47719.734
A79: Universitario con título | B79: 37961 | C79: =B79-J79 -> -9268 | D79: =C79/J79*100 -> -19.623536 | E79: =IF(B79<K79,-1,IF(B79>L79,1,0)) -> 0 | J79: 47229 | K79: 33709.366 | L79: 60748.634
A80: No especificado | B80: - | C80: =B80-J80 -> #VALUE! | D80: - | E80: 0 | J80: - | K80: - | L80: -
A82: 5. Población fuera de la fuerza de trabajo | B82: 1655006 | C82: =B82-J82 -> 15717 | D82: =C82/J82*100 -> 0.95876932 | E82: =IF(B82<K82,-1,IF(B82>L82,1,0)) -> 0 | J82: 1639289 | K82: 1574422.3 | L82: 1704155.7
A84: 5.1 Disponibilidad | B84: 1655006 | C84: =B84-J84 -> 15717 | D84: =C84/J84*100 -> 0.95876932 | E84: =IF(B84<K84,-1,IF(B84>L84,1,0)) -> 0 | F84: =+B84-F85 -> 0 | G84: =+C84-G85 -> 0 | J84: 1639289 | K84: 1574422.3 | L84: 1704155.7
A85: No disponible para trabajar8/ | B85: 1535510 | C85: =B85-J85 -> 23431 | D85: =C85/J85*100 -> 1.5495883 | E85: =IF(B85<K85,-1,IF(B85>L85,1,0)) -> 0 | F85: =SUM(B85:B87) -> 1655006 | G85: =SUM(C85:C87) -> 15717 | J85: 1512079 | K85: 1446931.5 | L85: 1577226.5
A86: Disponible con limitaciones9/ | B86: 98776 | C86: =B86-J86 -> 12621 | D86: =C86/J86*100 -> 14.649179 | E86: =IF(B86<K86,-1,IF(B86>L86,1,0)) -> 0 | J86: 86155 | K86: 73443.55 | L86: 98866.45
A87: Disponible desalentada10/ | B87: 20720 | C87: =B87-J87 -> -20335 | D87: =C87/J87*100 -> -49.531117 | E87: =IF(B87<K87,-1,IF(B87>L87,1,0)) -> -1 | J87: 41055 | K87: 31417.115 | L87: 50692.885
A89: 5.2 Grupo de edad | B89: 1655006 | C89: =B89-J89 -> 15717 | D89: =C89/J89*100 -> 0.95876932 | E89: =IF(B89<K89,-1,IF(B89>L89,1,0)) -> 0 | F89: =+B89-F90 -> 0 | G89: =+C89-G90 -> 0 | J89: 1639289 | K89: 1574422.3 | L89: 1704155.7
A90: De 15 a 24 años | B90: 459050 | C90: =B90-J90 -> 30895 | D90: =C90/J90*100 -> 7.2158447 | E90: =IF(B90<K90,-1,IF(B90>L90,1,0)) -> 0 | F90: =SUM(B90:B95) -> 1655006 | G90: =SUM(C90:C95) -> 15717 | J90: 428155 | K90: 393424.83 | L90: 462885.17
A91: De 25 a 34 años | B91: 108683 | C91: =B91-J91 -> -28802 | D91: =C91/J91*100 -> -20.949194 | E91: =IF(B91<K91,-1,IF(B91>L91,1,0)) -> -1 | J91: 137485 | K91: 120076.39 | L91: 154893.61
A92: De 35 a 44 años | B92: 132988 | C92: =B92-J92 -> 12191 | D92: =C92/J92*100 -> 10.092138 | E92: =IF(B92<K92,-1,IF(B92>L92,1,0)) -> 0 | J92: 120797 | K92: 106165.82 | L92: 135428.18
A93: De 45 a 59 años | B93: 235759 | C93: =B93-J93 -> -21877 | D93: =C93/J93*100 -> -8.4914375 | E93: =IF(B93<K93,-1,IF(B93>L93,1,0)) -> 0 | J93: 257636 | K93: 234393.46 | L93: 280878.54
A94: De 60 años o más | B94: 716957 | C94: =B94-J94 -> 21934 | D94: =C94/J94*100 -> 3.1558668 | E94: =IF(B94<K94,-1,IF(B94>L94,1,0)) -> 0 | J94: 695023 | K94: 642865.95 | L94: 747180.05
A95: No especificado | B95: 1569 | C95: =B95-J95 -> 1376 | D95: =C95/J95*100 -> 712.95337 | E95: =IF(B95<K95,-1,IF(B95>L95,1,0)) -> -1 | J95: 193 | K95: - | L95: -
A97: 5.3 Nivel de educación3/ | B97: 1655006 | C97: =B97-J97 -> 15717 | D97: =C97/J97*100 -> 0.95876932 | E97: =IF(B97<K97,-1,IF(B97>L97,1,0)) -> 0 | F97: =+B97-F98 -> 0 | G97: =+C97-G98 -> 0 | J97: 1639289 | K97: 1574422.3 | L97: 1704155.7
A98: Primaria incompleta o menos | B98: 283128 | C98: =B98-J98 -> -31606 | D98: =C98/J98*100 -> -10.042131 | E98: =IF(B98<K98,-1,IF(B98>L98,1,0)) -> -1 | F98: =SUM(B98:B104) -> 1655006 | G98: =SUM(C98:C104) -> 15717 | J98: 314734 | K98: 286037.82 | L98: 343430.18
A99: Primaria completa | B99: 402591 | C99: =B99-J99 -> -10367 | D99: =C99/J99*100 -> -2.5104248 | E99: =IF(B99<K99,-1,IF(B99>L99,1,0)) -> 0 | J99: 412958 | K99: 379216.56 | L99: 446699.44
A100: Secundaria incompleta | B100: 480153 | C100: =B100-J100 -> 18973 | D100: =C100/J100*100 -> 4.1140119 | E100: =IF(B100<K100,-1,IF(B100>L100,1,0)) -> 0 | J100: 461180 | K100: 427431.86 | L100: 494928.14
A101: Secundaria completa | B101: 224895 | C101: =B101-J101 -> -5726 | D101: =C101/J101*100 -> -2.4828615 | E101: =IF(B101<K101,-1,IF(B101>L101,1,0)) -> 0 | J101: 230621 | K101: 203643.68 | L101: 257598.32
A102: Universitario sin título | B102: 86437 | C102: =B102-J102 -> 8216 | D102: =C102/J102*100 -> 10.503573 | E102: =IF(B102<K102,-1,IF(B102>L102,1,0)) -> 0 | J102: 78221 | K102: 66354.928 | L102: 90087.072
A103: Universitario con título | B103: 177073 | C103: =B103-J103 -> 36151 | D103: =C103/J103*100 -> 25.653198 | E103: =IF(B103<K103,-1,IF(B103>L103,1,0)) -> 1 | J103: 140922 | K103: 118622.04 | L103: 163221.96
A104: No especificado | B104: 729 | C104: =B104-J104 -> 76 | D104: =C104/J104*100 -> 11.638591 | E104: =IF(B104<K104,-1,IF(B104>L104,1,0)) -> 0 | J104: 653 | K104: 153.32211 | L104: 1152.6779
A106: 6. Porcentajes
A108: 6.1 Tasas de la población de 15 años o más
A109: Tasa neta de participación | B109: 59.572807 | C109: =B109-J109 -> 0.12063304 | D109: =C109/J109*100 -> 0.2029077 | E109: =IF(B109<K109,-1,IF(B109>L109,1,0)) -> 0 | J109: 59.452174 | K109: 57.964868 | L109: 60.93948
A110: Tasa de ocupación11/ | B110: 52.615935 | C110: =B110-J110 -> 3.9037263 | D110: =C110/J110*100 -> 8.0138561 | E110: =IF(B110<K110,-1,IF(B110>L110,1,0)) -> 1 | J110: 48.712209 | K110: 47.249826 | L110: 50.174592
A111: Tasa de no participación | B111: 40.427193 | C111: =B111-J111 -> -0.12063304 | D111: =C111/J111*100 -> -0.29750803 | E111: =IF(B111<K111,-1,IF(B111>L111,1,0)) -> 0 | J111: 40.547826 | K111: 39.06052 | L111: 42.035132
A113: 6.2 Tasas de la fuerza de trabajo
A114: Tasa de desempleo12/ | B114: 11.677932 | C114: =B114-J114 -> -6.3869502 | D114: =C114/J114*100 -> -35.355615 | E114: =IF(B114<K114,-1,IF(B114>L114,1,0)) -> -1 | J114: 18.064882 | K114: 16.428421 | L114: 19.701343
A115: Tasa de presión general13/ | B115: 19.52761 | C115: =B115-J115 -> -5.76895 | D115: =C115/J115*100 -> -22.805275 | E115: =IF(B115<K115,-1,IF(B115>L115,1,0)) -> -1 | J115: 25.29656 | K115: 23.614759 | L115: 26.97836
A117: 6.3 Porcentaje de la población ocupada
A118: Porcentaje de ocupados con seguro por trabajo14/ | B118: 69.232187 | C118: =B118-J118 -> -1.2377568 | D118: =C118/J118*100 -> -1.7564323 | E118: =IF(B118<K118,-1,IF(B118>L118,1,0)) -> 0 | J118: 70.469944 | K118: 68.810194 | L118: 72.129693
A119: Porcentaje de ocupados con subempleo | B119: 9.4877037 | C119: =B119-J119 -> -5.9197656 | D119: =C119/J119*100 -> -38.421401 | E119: =IF(B119<K119,-1,IF(B119>L119,1,0)) -> -1 | J119: 15.407469 | K119: 14.012206 | L119: 16.802733
A120: Porcentaje de ocupados con empleo informal15/ | B120: 44.282187 | C120: =B120-J120 -> 0.47091429 | D120: =C120/J120*100 -> 1.0748701 | E120: =IF(B120<K120,-1,IF(B120>L120,1,0)) -> 0 | J120: 43.811273 | K120: 41.86101 | L120: 45.761536
A122: 6.4 Otros indicadores complementarios
A123: Tasa de desempleo ampliado16/ | B123: 12.421997 | C123: =B123-J123 -> -7.0189061 | D123: =C123/J123*100 -> -36.103807 | E123: =IF(B123<K123,-1,IF(B123>L123,1,0)) -> -1 | J123: 19.440903 | K123: 17.758792 | L123: 21.123013
A124: 1/ Personas en la fuerza de trabajo que participaron en la producción de bienes y servicios económicos (trabajaron) por lo menos una hora en la semana de referencia. Incluye a las personas que pese a tener trabajo no lo realizaron en la semana de referencia, por alguna circunstancia especial pero tienen garantía de retornar al trabajo, siguen recibiendo sueldo por el trabajo y su periodo de ausencia no sobrepasa un mes.
...

Sheet C1 urbano
A1: Cuadro 1.1
A2: Costa Rica zona urbana: Población nacional según indicadores generales de la condición de actividad
A3: =+'C1 total'!A3:E3 -> II Trimestre 2022 | J3: Mismo trimestre año anterior
A4: Indicadores generales | B4: =+'C1 total'!B4 -> II 2022 | C4: Variación Interanual | E4: Resultado de la prueba de significancia | F4: Revisión totales y dif | H4: Para boletín | J4: Estimación | K4: Intervalo de confianza al 95%
B5: =+'C1 total'!B5 -> Abr - Jun | C5: Diferencia | D5: % | H5: Q | K5: Inferior | L5: Superior
A7: 1. Población total urbana | B7: 3773654 | C7: =B7-J7 -> 35091 | D7: =C7/J7*100 -> 0.93862267 | E7: =IF(B7<K7,-1,IF(B7>L7,1,0)) -> 0 | J7: 3738563 | K7: 3602046.6 | L7: 3875079.4
A9: 1.1 Grupo de edad | B9: 3773654 | C9: =B9-J9 -> 35091 | D9: =C9/J9*100 -> 0.93862267 | E9: =IF(B9<K9,-1,IF(B9>L9,1,0)) -> 0 | F9: =+B9-F10 -> 0 | G9: =+C9-G10 -> 0 | J9: 3738563 | K9: 3602046.6 | L9: 3875079.4
A10: De 0 a 14 años | B10: 767755 | C10: =B10-J10 -> -474 | D10: =C10/J10*100 -> -0.061700352 | E10: =IF(B10<K10,-1,IF(B10>L10,1,0)) -> 0 | F10: =SUM(B10:B16) -> 3773654 | G10: =SUM(C10:C16) -> 35091 | J10: 768229 | K10: 695226.84 | L10: 841231.16
A11: De 15 a 24 años | B11: 558270 | C11: =B11-J11 -> 1791 | D11: =C11/J11*100 -> 0.32184503 | E11: =IF(B11<K11,-1,IF(B11>L11,1,0)) -> 0 | J11: 556479 | K11: 501516.68 | L11: 611441.32
A12: De 25 a 34 años | B12: 553485 | C12: =B12-J12 -> 26494 | D12: =C12/J12*100 -> 5.0274103 | E12: =IF(B12<K12,-1,IF(B12>L12,1,0)) -> 0 | J12: 526991 | K12: 481396.26 | L12: 572585.74
A13: De 35 a 44 años | B13: 514296 | C13: =B13-J13 -> 1896 | D13: =C13/J13*100 -> 0.37002342 | E13: =IF(B13<K13,-1,IF(B13>L13,1,0)) -> 0 | J13: 512400 | K13: 469015.92 | L13: 555784.08
A14: De 45 a 59 años | B14: 641926 | C14: =B14-J14 -> -40126 | D14: =C14/J14*100 -> -5.8831291 | E14: =IF(B14<K14,-1,IF(B14>L14,1,0)) -> 0 | J14: 682052 | K14: 633982.9 | L14: 730121.1
A15: De 60 años o más | B15: 736544 | C15: =B15-J15 -> 45405 | D15: =C15/J15*100 -> 6.5695902 | E15: =IF(B15<K15,-1,IF(B15>L15,1,0)) -> 0 | J15: 691139 | K15: 633042.74 | L15: 749235.26
A16: No especificado | B16: 1378 | C16: =B16-J16 -> 105 | D16: =C16/J16*100 -> 8.2482325 | E16: 0 | J16: 1273 | K16: 0 | L16: 3222.208
A18: 2. Población de 15 años y más | B18: 3005899 | C18: =B18-J18 -> 35565 | D18: =C18/J18*100 -> 1.1973401 | E18: =IF(B18<K18,-1,IF(B18>L18,1,0)) -> 0 | J18: 2970334 | K18: 2866902.7 | L18: 3073765.3
A20: 2.1 Fuerza de trabajo | B20: 1817822 | C20: =B20-J20 -> 8327 | D20: =C20/J20*100 -> 0.46018364 | E20: =IF(B20<K20,-1,IF(B20>L20,1,0)) -> 0 | F20: =+B20-F21 -> 0 | G20: =+C20-G21 -> 0 | H20: =+B20/1000000 -> 1.817822 | I20: =+C20/1000 -> 8.327 | J20: 1809495 | K20: 1714725 | L20: 1904265
A21: Ocupada | B21: 1603797 | C21: =B21-J21 -> 136457 | D21: =C21/J21*100 -> 9.299617 | E21: =IF(B21<K21,-1,IF(B21>L21,1,0)) -> 1 | F21: =SUM(B21:B22) -> 1817822 | G21: =SUM(C21:C22) -> 8327 | H21: =+B21/1000000 -> 1.603797 | I21: =+C21/1000 -> 136.457 | J21: 1467340 | K21: 1384124.8 | L21: 1550555.2
A22: Desempleada | B22: 214025 | C22: =B22-J22 -> -128130 | D22: =C22/J22*100 -> -37.44794 | E22: =IF(B22<K22,-1,IF(B22>L22,1,0)) -> -1 | H22: =+B22/1000 -> 214.025 | I22: =+C22/1000 -> -128.13 | J22: 342155 | K22: 298411.67 | L22: 385898.33
A24: 2.2 Fuera de la fuerza de trabajo | B24: 1188077 | C24: =B24-J24 -> 27238 | D24: =C24/J24*100 -> 2.3464063 | E24: =IF(B24<K24,-1,IF(B24>L24,1,0)) -> 0 | H24: =+B24/1000000 -> 1.188077 | J24: 1160839 | K24: 1098262.3 | L24: 1223415.7
A26: 3. Población ocupada1/ | B26: 1603797 | C26: =B26-J26 -> 136457 | D26: =C26/J26*100 -> 9.299617 | E26: =IF(B26<K26,-1,IF(B26>L26,1,0)) -> 1 | J26: 1467340 | K26: 1384124.8 | L26: 1550555.2
A28: 3.1 Grupo de edad | B28: 1603797 | C28: =B28-J28 -> 136457 | D28: =C28/J28*100 -> 9.299617 | E28: =IF(B28<K28,-1,IF(B28>L28,1,0)) -> 1 | F28: =+B28-F29 -> 0 | G28: =+C28-G29 -> #VALUE! | J28: 1467340 | K28: 1384124.8 | L28: 1550555.2
A29: De 15 a 24 años | B29: 163082 | C29: =B29-J29 -> 3753 | D29: =C29/J29*100 -> 2.3555034 | E29: =IF(B29<K29,-1,IF(B29>L29,1,0)) -> 0 | F29: =SUM(B29:B34) -> 1603797 | G29: =SUM(C29:C34) -> #VALUE! | J29: 159329 | K29: 136025.45 | L29: 182632.55
A30: De 25 a 34 años | B30: 433551 | C30: =B30-J30 -> 89108 | D30: =C30/J30*100 -> 25.870173 | E30: =IF(B30<K30,-1,IF(B30>L30,1,0)) -> 1 | J30: 344443 | K30: 311842.67 | L30: 377043.33
A31: De 35 a 44 años | B31: 386714 | C31: =B31-J31 -> 12113 | D31: =C31/J31*100 -> 3.2335739 | E31: =IF(B31<K31,-1,IF(B31>L31,1,0)) -> 0 | J31: 374601 | K31: 335841.73 | L31: 413360.27
A32: De 45 a 59 años | B32: 449590 | C32: =B32-J32 -> -894 | D32: =C32/J32*100 -> -0.19845322 | E32: =IF(B32<K32,-1,IF(B32>L32,1,0)) -> 0 | J32: 450484 | K32: 407065.46 | L32: 493902.54
A33: De 60 años o más | B33: 170860 | C33: =B33-J33 -> 33457 | D33: =C33/J33*100 -> 24.349541 | E33: =IF(B33<K33,-1,IF(B33>L33,1,0)) -> 1 | J33: 137403 | K33: 116507.66 | L33: 158298.34
A34: No especificado | C34: =B34-J34 -> #VALUE! | D34: =C34/J34*100 -> #VALUE! | E34: 0 | J34: 1080 | K34: - | L34: -
A36: 3.2 Condición de aseguramiento2/ | B36: 1603797 | C36: =B36-J36 -> 136457 | D36: =C36/J36*100 -> 9.299617 | E36: =IF(B36<K36,-1,IF(B36>L36,1,0)) -> 1 | F36: =+B36-F37 -> 0 | G36: =+C36-G37 -> 0 | J36: 1467340 | K36: 1384124.8 | L36: 1550555.2
A37: No tiene seguro por trabajo | B37: 457810 | C37: =B37-J37 -> 54397 | D37: =C37/J37*100 -> 13.484196 | E37: =IF(B37<K37,-1,IF(B37>L37,1,0)) -> 1 | F37: =SUM(B37:B38) -> 1603797 | G37: =SUM(C37:C38) -> 136457 | J37: 403413 | K37: 364208.92 | L37: 442617.08
A38: Tiene seguro por trabajo | B38: 1145987 | C38: =B38-J38 -> 82060 | D38: =C38/J38*100 -> 7.7129352 | E38: =IF(B38<K38,-1,IF(B38>L38,1,0)) -> 1 | J38: 1063927 | K38: 996985.56 | L38: 1130868.4
A40: 3.3 Nivel de educación3/ | B40: 1603797 | C40: =B40-J40 -> 136457 | D40: =C40/J40*100 -> 9.299617 | E40: =IF(B40<K40,-1,IF(B40>L40,1,0)) -> 1 | F40: =+B40-F41 -> 0 | G40: =+C40-G41 -> 0 | J40: 1467340 | K40: 1384124.8 | L40: 1550555.2
A41: Primaria incompleta o menos | B41: 72857 | C41: =B41-J41 -> -19981 | D41: =C41/J41*100 -> -21.522437 | E41: =IF(B41<K41,-1,IF(B41>L41,1,0)) -> 0 | F41: =SUM(B41:B47) -> 1603797 | G41: =SUM(C41:C47) -> 136457 | J41: 92838 | K41: 72724.773 | L41: 112951.23
A42: Primaria completa | B42: 304883 | C42: =B42-J42 -> 32750 | D42: =C42/J42*100 -> 12.034557 | E42: =IF(B42<K42,-1,IF(B42>L42,1,0)) -> 0 | J42: 272133 | K42: 237552.45 | L42: 306713.55
A43: Secundaria incompleta | B43: 357068 | C43: =B43-J43 -> 61128 | D43: =C43/J43*100 -> 20.655538 | E43: =IF(B43<K43,-1,IF(B43>L43,1,0)) -> 1 | J43: 295940 | K43: 260162.06 | L43: 331717.94
A44: Secundaria completa | B44: 365801 | C44: =B44-J44 -> 79259 | D44: =C44/J44*100 -> 27.660517 | E44: =IF(B44<K44,-1,IF(B44>L44,1,0)) -> 1 | J44: 286542 | K44: 249765.39 | L44: 323318.61
A45: Universitario sin título | B45: 79006 | C45: =B45-J45 -> -20751 | D45: =C45/J45*100 -> -20.801548 | E45: =IF(B45<K45,-1,IF(B45>L45,1,0)) -> -1 | J45: 99757 | K45: 80006.23 | L45: 119507.77
A46: Universitario con título | B46: 423532 | C46: =B46-J46 -> 3625 | D46: =C46/J46*100 -> 0.86328639 | E46: =IF(B46<K46,-1,IF(B46>L46,1,0)) -> 0 | J46: 419907 | K46: 366727.5 | L46: 473086.5
A47: No especificado | B47: 650 | C47: =B47-J47 -> 427 | D47: =C47/J47*100 -> 191.47982 | E47: 0 | J47: 223 | K47: - | L47: -
A49: 3.4 Búsqueda para cambiar de trabajo4/ | B49: 1603797 | C49: =B49-J49 -> 136457 | D49: =C49/J49*100 -> 9.299617 | E49: =IF(B49<K49,-1,IF(B49>L49,1,0)) -> 1 | F49: =+B49-F50 -> 0 | G49: =+C49-G50 -> 0 | J49: 1467340 | K49: 1384124.8 | L49: 1550555.2
A50: Ocupado que no busca cambiar de trabajo | B50: 1466404 | C50: =B50-J50 -> 126249 | D50: =C50/J50*100 -> 9.4204775 | E50: =IF(B50<K50,-1,IF(B50>L50,1,0)) -> 1 | F50: =SUM(B50:B51) -> 1603797 | G50: =SUM(C50:C51) -> 136457 | J50: 1340155 | K50: 1261544.7 | L50: 1418765.3
A51: Ocupado que busca cambiar de trabajo | B51: 137393 | C51: =B51-J51 -> 10208 | D51: =C51/J51*100 -> 8.0261037 | E51: =IF(B51<K51,-1,IF(B51>L51,1,0)) -> 0 | J51: 127185 | K51: 108035.42 | L51: 146334.58
A53: 3.5 Formalidad e informalidad | B53: 1603797 | C53: =B53-J53 -> 136457 | D53: =C53/J53*100 -> 9.299617 | E53: =IF(B53<K53,-1,IF(B53>L53,1,0)) -> 1 | J53: 1467340 | K53: 1384124.8 | L53: 1550555.2
A54: Ocupado con empleo formal | B54: 948322 | C54: =B54-J54 -> 948322 | D54: =C54/J54*100 -> #DIV/0! | E54: =IF(B54<K54,-1,IF(B54>L54,1,0)) -> 1
A55: Ocupado con empleo informal | B55: 655475 | C55: =B55-J55 -> 655475 | D55: =C55/J55*100 -> #DIV/0! | E55: =IF(B55<K55,-1,IF(B55>L55,1,0)) -> 1
A57: 4. Población desempleada5/ | B57: 214025 | C57: =B57-J57 -> -128130 | D57: =C57/J57*100 -> -37.44794 | E57: =IF(B57<K57,-1,IF(B57>L57,1,0)) -> -1 | J57: 342155 | K57: 298411.67 | L57: 385898.33
A59: 4.1 Tipo desempleado | B59: 214025 | C59: =B59-J59 -> -128130 | D59: =C59/J59*100 -> -37.44794 | E59: =IF(B59<K59,-1,IF(B59>L59,1,0)) -> -1 | F59: =+B59-F61 -> 0 | G59: =+C59-G61 -> 0 | J59: 342155 | K59: 298411.67 | L59: 385898.33
A60: Con experiencia | B60: 172936 | C60: =B60-J60 -> -124367 | D60: =C60/J60*100 -> -41.831734 | E60: =IF(B60<K60,-1,IF(B60>L60,1,0)) -> -1 | F60: =+B60-F62 -> 0 | G60: =+C60-G62 -> 0 | J60: 297303 | K60: 264793.08 | L60: 329812.92
A61: Por razones del mercado y cierre de actividades propias6/ | B61: 133322 | C61: =B61-J61 -> -126831 | D61: =C61/J61*100 -> -48.752465 | E61: =IF(B61<K61,-1,IF(B61>L61,1,0)) -> -1 | F61: =+B60+B63 -> 214025 | G61: =+C60+C63 -> -128130 | J61: 260153 | K61: 228512.48 | L61: 291793.52
A62: Por razones personales7/ | B62: 39614 | C62: =B62-J62 -> 2464 | D62: =C62/J62*100 -> 6.6325707 | E62: =IF(B62<K62,-1,IF(B62>L62,1,0)) -> 0 | F62: =+B62+B61 -> 172936 | G62: =+C62+C61 -> -124367 | J62: 37150 | K62: 24020.029 | L62: 50279.971
A63: Sin experiencia | B63: 41089 | C63: =B63-J63 -> -3763 | D63: =C63/J63*100 -> -8.3898154 | E63: =IF(B63<K63,-1,IF(B63>L63,1,0)) -> 0 | J63: 44852 | K63: 29996.307 | L63: 59707.693
A65: 4.2 Grupo de edad | B65: 214025 | C65: =B65-J65 -> -128130 | D65: =C65/J65*100 -> -37.44794 | E65: =IF(B65<K65,-1,IF(B65>L65,1,0)) -> -1 | F65: =+B65-F66 -> 0 | G65: =+C65-G66 -> #VALUE! | J65: 342155 | K65: 298411.67 | L65: 385898.33
A66: De 15 a 24 años | B66: 73944 | C66: =B66-J66 -> -35405 | D66: =C66/J66*100 -> -32.377982 | E66: =IF(B66<K66,-1,IF(B66>L66,1,0)) -> -1 | F66: =SUM(B66:B71) -> 214025 | G66: =SUM(C66:C71) -> #VALUE! | J66: 109349 | K66: 84882.135 | L66: 133815.87
A67: De 25 a 34 años | B67: 58597 | C67: =B67-J67 -> -36501 | D67: =C67/J67*100 -> -38.382511 | E67: =IF(B67<K67,-1,IF(B67>L67,1,0)) -> -1 | J67: 95098 | K67: 77094.028 | L67: 113101.97
A68: De 35 a 44 años | B68: 43467 | C68: =B68-J68 -> -21375 | D68: =C68/J68*100 -> -32.964745 | E68: =IF(B68<K68,-1,IF(B68>L68,1,0)) -> -1 | J68: 64842 | K68: 48822.37 | L68: 80861.63
A69: De 45 a 59 años | B69: 30156 | C69: =B69-J69 -> -27864 | D69: =C69/J69*100 -> -48.024819 | E69: =IF(B69<K69,-1,IF(B69>L69,1,0)) -> -1 | J69: 58020 | K69: 43561.119 | L69: 72478.881
A70: De 60 años o más | B70: 7861 | C70: =B70-J70 -> -6985 | D70: =C70/J70*100 -> -47.04971 | E70: =IF(B70<K70,-1,IF(B70>L70,1,0)) -> 0 | J70: 14846 | K70: 7613.8893 | L70: 22078.111
A71: No especificado | B71: - | C71: =B71-J71 -> #VALUE! | D71: =C71/J71*100 -> #VALUE! | E71: 0 | J71: - | K71: - | L71: -
A73: 4.3 Nivel de educación3/ | B73: 214025 | C73: =B73-J73 -> -128130 | D73: =C73/J73*100 -> -37.44794 | E73: =IF(B73<K73,-1,IF(B73>L73,1,0)) -> -1 | F73: =+B73-F74 -> 0 | G73: =+C73-G74 -> #VALUE! | J73: 342155 | K73: 298411.67 | L73: 385898.33
A74: Primaria incompleta o menos | B74: 12071 | C74: =B74-J74 -> -5766 | D74: =C74/J74*100 -> -32.326064 | E74: =IF(B74<K74,-1,IF(B74>L74,1,0)) -> 0 | F74: =SUM(B74:B80) -> 214025 | G74: =SUM(C74:C80) -> #VALUE! | J74: 17837 | K74: 9897.9301 | L74: 25776.07
A75: Primaria completa | B75: 28792 | C75: =B75-J75 -> -26646 | D75: =C75/J75*100 -> -48.064504 | E75: =IF(B75<K75,-1,IF(B75>L75,1,0)) -> -1 | J75: 55438 | K75: 39863.884 | L75: 71012.116
A76: Secundaria incompleta | B76: 59348 | C76: =B76-J76 -> -49559 | D76: =C76/J76*100 -> -45.505799 | E76: =IF(B76<K76,-1,IF(B76>L76,1,0)) -> -1 | J76: 108907 | K76: 86190.642 | L76: 131623.36
A77: Secundaria completa | B77: 62944 | C77: =B77-J77 -> -26429 | D77: =C77/J77*100 -> -29.571571 | E77: =IF(B77<K77,-1,IF(B77>L77,1,0)) -> -1 | J77: 89373 | K77: 69885.81 | L77: 108860.19
A78: Universitario sin título | B78: 19287 | C78: =B78-J78 -> -11865 | D78: =C78/J78*100 -> -38.087442 | E78: =IF(B78<K78,-1,IF(B78>L78,1,0)) -> -1 | J78: 31152 | K78: 19442.369 | L78: 42861.631
A79: Universitario con título | B79: 31583 | C79: =B79-J79 -> -7865 | D79: =C79/J79*100 -> -19.937639 | E79: =IF(B79<K79,-1,IF(B79>L79,1,0)) -> 0 | J79: 39448 | K79: 26081.438 | L79: 52814.562
A80: No especificado | B80: - | C80: =B80-J80 -> #VALUE! | D80: =C80/J80*100 -> #VALUE! | E80: 0 | J80: - | K80: - | L80: -
A82: 5. Población fuera de la fuerza de trabajo | B82: 1188077 | C82: =B82-J82 -> 27238 | D82: =C82/J82*100 -> 2.3464063 | E82: =IF(B82<K82,-1,IF(B82>L82,1,0)) -> 0 | J82: 1160839 | K82: 1098262.3 | L82: 1223415.7
A84: 5.1 Disponibilidad | B84: 1188077 | C84: =B84-J84 -> 27238 | D84: =C84/J84*100 -> 2.3464063 | E84: =IF(B84<K84,-1,IF(B84>L84,1,0)) -> 0 | F84: =+B84-F85 -> 0 | G84: =+C84-G85 -> 0 | J84: 1160839 | K84: 1098262.3 | L84: 1223415.7
A85: No disponible para trabajar8/ | B85: 1118555 | C85: =B85-J85 -> 29908 | D85: =C85/J85*100 -> 2.7472633 | E85: =IF(B85<K85,-1,IF(B85>L85,1,0)) -> 0 | F85: =SUM(B85:B87) -> 1188077 | G85: =SUM(C85:C87) -> 27238 | J85: 1088647 | K85: 1025674.3 | L85: 1151619.7
A86: Disponible con limitaciones9/ | B86: 61378 | C86: =B86-J86 -> 12428 | D86: =C86/J86*100 -> 25.389173 | E86: =IF(B86<K86,-1,IF(B86>L86,1,0)) -> 1 | J86: 48950 | K86: 37720.672 | L86: 60179.328
A87: Disponible desalentada10/ | B87: 8144 | C87: =B87-J87 -> -15098 | D87: =C87/J87*100 -> -64.959986 | E87: =IF(B87<K87,-1,IF(B87>L87,1,0)) -> -1 | J87: 23242 | K87: 14165.37 | L87: 32318.63
A89: 5.2 Grupo de edad | B89: 1188077 | C89: =B89-J89 -> 27238 | D89: =C89/J89*100 -> 2.3464063 | E89: =IF(B89<K89,-1,IF(B89>L89,1,0)) -> 0 | F89: =+B89-F90 -> 0 | G89: =+C89-G90 -> 0 | J89: 1160839 | K89: 1098262.3 | L89: 1223415.7
A90: De 15 a 24 años | B90: 321244 | C90: =B90-J90 -> 33443 | D90: =C90/J90*100 -> 11.620182 | E90: =IF(B90<K90,-1,IF(B90>L90,1,0)) -> 1 | F90: =SUM(B90:B95) -> 1188077 | G90: =SUM(C90:C95) -> 27238 | J90: 287801 | K90: 254382.87 | L90: 321219.13
A91: De 25 a 34 años | B91: 61337 | C91: =B91-J91 -> -26113 | D91: =C91/J91*100 -> -29.860492 | E91: =IF(B91<K91,-1,IF(B91>L91,1,0)) -> -1 | J91: 87450 | K91: 70883.372 | L91: 104016.63
A92: De 35 a 44 años | B92: 84115 | C92: =B92-J92 -> 11158 | D92: =C92/J92*100 -> 15.29394 | E92: =IF(B92<K92,-1,IF(B92>L92,1,0)) -> 0 | J92: 72957 | K92: 59231.323 | L92: 86682.677
A93: De 45 a 59 años | B93: 162180 | C93: =B93-J93 -> -11368 | D93: =C93/J93*100 -> -6.5503492 | E93: =IF(B93<K93,-1,IF(B93>L93,1,0)) -> 0 | J93: 173548 | K93: 151550.47 | L93: 195545.53
A94: De 60 años o más | B94: 557823 | C94: =B94-J94 -> 18933 | D94: =C94/J94*100 -> 3.513333 | E94: =IF(B94<K94,-1,IF(B94>L94,1,0)) -> 0 | J94: 538890 | K94: 487700.46 | L94: 590079.54
A95: No especificado | B95: 1378 | C95: =B95-J95 -> 1185 | D95: =C95/J95*100 -> 613.98964 | E95: 0 | J95: 193 | K95: - | L95: -
A97: 5.3 Nivel de educación3/ | B97: 1188077 | C97: =B97-J97 -> 27238 | D97: =C97/J97*100 -> 2.3464063 | E97: =IF(B97<K97,-1,IF(B97>L97,1,0)) -> 0 | F97: =+B97-F98 -> 0 | G97: =+C97-G98 -> 0 | J97: 1160839 | K97: 1098262.3 | L97: 1223415.7
A98: Primaria incompleta o menos | B98: 164637 | C98: =B98-J98 -> -28997 | D98: =C98/J98*100 -> -14.975159 | E98: =IF(B98<K98,-1,IF(B98>L98,1,0)) -> -1 | F98: =SUM(B98:B104) -> 1188077 | G98: =SUM(C98:C104) -> 27238 | J98: 193634 | K98: 166388.22 | L98: 220879.78
A99: Primaria completa | B99: 271079 | C99: =B99-J99 -> -187 | D99: =C99/J99*100 -> -0.068936026 | E99: =IF(B99<K99,-1,IF(B99>L99,1,0)) -> 0 | J99: 271266 | K99: 238855.23 | L99: 303676.77
A100: Secundaria incompleta | B100: 354369 | C100: =B100-J100 -> 17299 | D100: =C100/J100*100 -> 5.1321684 | E100: =IF(B100<K100,-1,IF(B100>L100,1,0)) -> 0 | J100: 337070 | K100: 304355.33 | L100: 369784.67
A101: Secundaria completa | B101: 178333 | C101: =B101-J101 -> -2297 | D101: =C101/J101*100 -> -1.2716603 | E101: =IF(B101<K101,-1,IF(B101>L101,1,0)) -> 0 | J101: 180630 | K101: 154278.62 | L101: 206981.38
A102: Universitario sin título | B102: 60885 | C102: =B102-J102 -> 6300 | D102: =C102/J102*100 -> 11.541632 | E102: =IF(B102<K102,-1,IF(B102>L102,1,0)) -> 0 | J102: 54585 | K102: 43377.873 | L102: 65792.127
A103: Universitario con título | B103: 158221 | C103: =B103-J103 -> 35004 | D103: =C103/J103*100 -> 28.408418 | E103: =IF(B103<K103,-1,IF(B103>L103,1,0)) -> 1 | J103: 123217 | K103: 101132.91 | L103: 145301.09
A104: No especificado | B104: 553 | C104: =B104-J104 -> 116 | D104: =C104/J104*100 -> 26.544622 | E104: 0 | J104: 437 | K104: 0 | L104: 875.80767
A106: 6. Porcentajes
A108: 6.1 Tasas de la población de 15 años o más
A109: Tasa neta de participación | B109: 60.475152 | C109: =B109-J109 -> -0.4437544 | D109: =C109/J109*100 -> -0.72843461 | E109: =IF(B109<K109,-1,IF(B109>L109,1,0)) -> 0 | J109: 60.918907 | K109: 58.968403 | L109: 62.86941
A110: Tasa de ocupación11/ | B110: 53.354986 | C110: =B110-J110 -> 3.9551545 | D110: =C110/J110*100 -> 8.0064129 | E110: =IF(B110<K110,-1,IF(B110>L110,1,0)) -> 1 | J110: 49.399832 | K110: 47.470564 | L110: 51.3291
A111: Tasa de no participación | B111: 39.524848 | C111: =B111-J111 -> 0.4437544 | D111: =C111/J111*100 -> 1.1354708 | E111: =IF(B111<K111,-1,IF(B111>L111,1,0)) -> 0 | J111: 39.081093 | K111: 37.13059 | L111: 41.031597
A113: 6.2 Tasas de la fuerza de trabajo
A114: Tasa de desempleo12/ | B114: 11.773705 | C114: =B114-J114 -> -7.1351618 | D114: =C114/J114*100 -> -37.734476 | E114: =IF(B114<K114,-1,IF(B114>L114,1,0)) -> -1 | J114: 18.908867 | K114: 16.777438 | L114: 21.040295
A115: Tasa de presión general13/ | B115: 19.331816 | C115: =B115-J115 -> -6.6058077 | D115: =C115/J115*100 -> -25.468053 | E115: =IF(B115<K115,-1,IF(B115>L115,1,0)) -> -1 | J115: 25.937623 | K115: 23.756396 | L115: 28.118851
A117: 6.3 Porcentaje de la población ocupada
A118: Porcentaje de ocupados con seguro por trabajo14/ | B118: 71.454617 | C118: =B118-J118 -> -1.0525731 | D118: =C118/J118*100 -> -1.451681 | E118: =IF(B118<K118,-1,IF(B118>L118,1,0)) -> 0 | J118: 72.50719 | K118: 70.392699 | L118: 74.621681
A119: Porcentaje de ocupados con subempleo | B119: 8.5600609 | C119: =B119-J119 -> -6.7517959 | D119: =C119/J119*100 -> -44.095213 | E119: =IF(B119<K119,-1,IF(B119>L119,1,0)) -> -1 | J119: 15.311857 | K119: 13.5086 | L119: 17.115113
A120: Porcentaje de ocupados con empleo informal15/ | B120: 40.870197 | C120: =B120-J120 -> 40.870197 | D120: =C120/J120*100 -> #DIV/0! | E120: =IF(B120<K120,-1,IF(B120>L120,1,0)) -> 1
A122: 6.4 Otros indicadores complementarios
A123: Tasa de desempleo ampliado16/ | B123: 12.167204 | C123: =B123-J123 -> -7.7700269 | D123: =C123/J123*100 -> -38.972449 | E123: =IF(B123<K123,-1,IF(B123>L123,1,0)) -> -1 | J123: 19.93723 | K123: 17.735214 | L123: 22.139247
A124: 1/ Personas en la fuerza de trabajo que participaron en la producción de bienes y servicios económicos (trabajaron) por lo menos una hora en la semana de referencia. Incluye a las personas que pese a tener trabajo no lo realizaron en la semana de referencia, por alguna circunstancia especial pero tienen garantía de retornar al trabajo, siguen recibiendo sueldo por el trabajo y su periodo de ausencia no sobrepasa un mes.
...

Sheet C1 rural
A1: Cuadro 1.2
A2: Costa Rica zona rural: Población nacional según indicadores generales de la condición de actividad
A3: =+'C1 urbano'!A3:E3 -> II Trimestre 2022 | J3: Mismo trimestre año anterior
A4: Indicadores generales | B4: =+'C1 urbano'!B4 -> II 2022 | C4: Variación Interanual | E4: Resultado de la prueba de significancia | F4: Revisión totales y dif | H4: Para boletín | J4: Estimación | K4: Intervalo de confianza al 95%
B5: =+'C1 urbano'!B5 -> Abr - Jun | C5: Diferencia | D5: % | H5: Q | K5: Inferior | L5: Superior
A7: 1. Población total rural | B7: 1431494 | C7: =B7-J7 -> 15388 | D7: =C7/J7*100 -> 1.0866418 | E7: =IF(B7<K7,-1,IF(B7>L7,1,0)) -> 0 | J7: 1416106 | K7: 1386719.2 | L7: 1445492.8
A9: 1.1 Grupo de edad | B9: 1431494 | C9: =B9-J9 -> 15388 | D9: =C9/J9*100 -> 1.0866418 | E9: =IF(B9<K9,-1,IF(B9>L9,1,0)) -> 0 | F9: =+B9-F10 -> 0 | G9: =+C9-G10 -> 0 | J9: 1416106 | K9: 1386719.2 | L9: 1445492.8
A10: De 0 a 14 años | B10: 343599 | C10: =B10-J10 -> 12 | D10: =C10/J10*100 -> 0.0034925652 | E10: =IF(B10<K10,-1,IF(B10>L10,1,0)) -> 0 | F10: =SUM(B10:B16) -> 1431494 | G10: =SUM(C10:C16) -> 15388 | J10: 343587 | K10: 324661.44 | L10: 362512.56
A11: De 15 a 24 años | B11: 228846 | C11: =B11-J11 -> -894 | D11: =C11/J11*100 -> -0.38913554 | E11: =IF(B11<K11,-1,IF(B11>L11,1,0)) -> 0 | J11: 229740 | K11: 216472.94 | L11: 243007.06
A12: De 25 a 34 años | B12: 195219 | C12: =B12-J12 -> 450 | D12: =C12/J12*100 -> 0.23104293 | E12: =IF(B12<K12,-1,IF(B12>L12,1,0)) -> 0 | J12: 194769 | K12: 182672.75 | L12: 206865.25
A13: De 35 a 44 años | B13: 202694 | C13: =B13-J13 -> 14393 | D13: =C13/J13*100 -> 7.6436132 | E13: =IF(B13<K13,-1,IF(B13>L13,1,0)) -> 1 | J13: 188301 | K13: 177687.61 | L13: 198914.39
A14: De 45 a 59 años | B14: 241121 | C14: =B14-J14 -> -10179 | D14: =C14/J14*100 -> -4.0505372 | E14: =IF(B14<K14,-1,IF(B14>L14,1,0)) -> 0 | J14: 251300 | K14: 237784.45 | L14: 264815.55
A15: De 60 años o más | B15: 219480 | C15: =B15-J15 -> 11302 | D15: =C15/J15*100 -> 5.4290079 | E15: =IF(B15<K15,-1,IF(B15>L15,1,0)) -> 0 | J15: 208178 | K15: 196002.01 | L15: 220353.99
A16: No especificado | B16: 535 | C16: =B16-J16 -> 304 | D16: =C16/J16*100 -> 131.60173 | E16: 0 | J16: 231 | K16: - | L16: -
A18: 2. Población de 15 años y más | B18: 1087895 | C18: =B18-J18 -> 15376 | D18: =C18/J18*100 -> 1.4336343 | E18: =IF(B18<K18,-1,IF(B18>L18,1,0)) -> 0 | J18: 1072519 | K18: 1051089.2 | L18: 1093948.8
A20: 2.1 Fuerza de trabajo | B20: 620966 | C20: =B20-J20 -> 26897 | D20: =C20/J20*100 -> 4.5275885 | E20: =IF(B20<K20,-1,IF(B20>L20,1,0)) -> 1 | F20: =+B20-F21 -> 0 | G20: =+C20-G21 -> 0 | H20: =+B20/1000 -> 620.966 | I20: =+C20/1000 -> 26.897 | J20: 594069 | K20: 574087.52 | L20: 614050.48
A21: Ocupada | B21: 550191 | C21: =B21-J21 -> 48168 | D21: =C21/J21*100 -> 9.5947795 | E21: =IF(B21<K21,-1,IF(B21>L21,1,0)) -> 1 | F21: =SUM(B21:B22) -> 620966 | G21: =SUM(C21:C22) -> 26897 | H21: =+B21/1000 -> 550.191 | I21: =+C21/1000 -> 48.168 | J21: 502023 | K21: 484142.16 | L21: 519903.84
A22: Desempleada | B22: 70775 | C22: =B22-J22 -> -21271 | D22: =C22/J22*100 -> -23.109098 | E22: =IF(B22<K22,-1,IF(B22>L22,1,0)) -> -1 | H22: =+B22/1000 -> 70.775 | I22: =+C22/1000 -> -21.271 | J22: 92046 | K22: 83555.561 | L22: 100536.44
A24: 2.2 Fuera de la fuerza de trabajo | B24: 466929 | C24: =B24-J24 -> -11521 | D24: =C24/J24*100 -> -2.4079841 | E24: =IF(B24<K24,-1,IF(B24>L24,1,0)) -> 0 | H24: =+B24/1000 -> 466.929 | J24: 478450 | K24: 461366.22 | L24: 495533.78
A26: 3. Población ocupada1/ | B26: 550191 | C26: =B26-J26 -> 48168 | D26: =C26/J26*100 -> 9.5947795 | E26: =IF(B26<K26,-1,IF(B26>L26,1,0)) -> 1 | J26: 502023 | K26: 484142.16 | L26: 519903.84
A28: 3.1 Grupo de edad | B28: 550191 | C28: =B28-J28 -> 48168 | D28: =C28/J28*100 -> 9.5947795 | E28: =IF(B28<K28,-1,IF(B28>L28,1,0)) -> 1 | F28: =+B28-F29 -> 0 | G28: =+C28-G29 -> 0 | J28: 502023 | K28: 484142.16 | L28: 519903.84
A29: De 15 a 24 años | B29: 65191 | C29: =B29-J29 -> 7566 | D29: =C29/J29*100 -> 13.129718 | E29: =IF(B29<K29,-1,IF(B29>L29,1,0)) -> 1 | F29: =SUM(B29:B34) -> 550191 | G29: =SUM(C29:C34) -> 48168 | J29: 57625 | K29: 50796.392 | L29: 64453.608
A30: De 25 a 34 años | B30: 128905 | C30: =B30-J30 -> 7856 | D30: =C30/J30*100 -> 6.4899338 | E30: =IF(B30<K30,-1,IF(B30>L30,1,0)) -> 0 | J30: 121049 | K30: 111788.31 | L30: 130309.69
A31: De 35 a 44 años | B31: 141421 | C31: =B31-J31 -> 19353 | D31: =C31/J31*100 -> 15.854278 | E31: =IF(B31<K31,-1,IF(B31>L31,1,0)) -> 1 | J31: 122068 | K31: 113745.26 | L31: 130390.74
A32: De 45 a 59 años | B32: 157947 | C32: =B32-J32 -> 5552 | D32: =C32/J32*100 -> 3.6431641 | E32: =IF(B32<K32,-1,IF(B32>L32,1,0)) -> 0 | J32: 152395 | K32: 142117.93 | L32: 162672.07
A33: De 60 años o más | B33: 56476 | C33: =B33-J33 -> 7734 | D33: =C33/J33*100 -> 15.867219 | E33: =IF(B33<K33,-1,IF(B33>L33,1,0)) -> 1 | J33: 48742 | K33: 42417.643 | L33: 55066.357
A34: No especificado | B34: 251 | C34: =B34-J34 -> 107 | D34: =C34/J34*100 -> 74.305556 | E34: 0 | J34: 144 | K34: - | L34: -
A36: 3.2 Condición de aseguramiento2/ | B36: 550191 | C36: =B36-J36 -> 48168 | D36: =C36/J36*100 -> 9.5947795 | E36: =IF(B36<K36,-1,IF(B36>L36,1,0)) -> 1 | F36: =+B36-F37 -> 0 | G36: =+C36-G37 -> 0 | J36: 502023 | K36: 484142.16 | L36: 519903.84
A37: No tiene seguro por trabajo | B37: 204925 | C37: =B37-J37 -> 26784 | D37: =C37/J37*100 -> 15.035281 | E37: =IF(B37<K37,-1,IF(B37>L37,1,0)) -> 1 | F37: =SUM(B37:B38) -> 550191 | G37: =SUM(C37:C38) -> 48168 | J37: 178141 | K37: 165958.8 | L37: 190323.2
A38: Tiene seguro por trabajo | B38: 345266 | C38: =B38-J38 -> 21384 | D38: =C38/J38*100 -> 6.6024046 | E38: =IF(B38<K38,-1,IF(B38>L38,1,0)) -> 1 | J38: 323882 | K38: 308319.53 | L38: 339444.47
A40: 3.3 Nivel de educación3/ | B40: 550191 | C40: =B40-J40 -> 48168 | D40: =C40/J40*100 -> 9.5947795 | E40: =IF(B40<K40,-1,IF(B40>L40,1,0)) -> 1 | F40: =+B40-F41 -> 0 | G40: =+C40-G41 -> 0 | J40: 502023 | K40: 484142.16 | L40: 519903.84
A41: Primaria incompleta o menos | B41: 79998 | C41: =B41-J41 -> 5012 | D41: =C41/J41*100 -> 6.6839143 | E41: =IF(B41<K41,-1,IF(B41>L41,1,0)) -> 0 | F41: =SUM(B41:B47) -> 550191 | G41: =SUM(C41:C47) -> 48168 | J41: 74986 | K41: 67557.487 | L41: 82414.513
A42: Primaria completa | B42: 182883 | C42: =B42-J42 -> 5925 | D42: =C42/J42*100 -> 3.3482521 | E42: =IF(B42<K42,-1,IF(B42>L42,1,0)) -> 0 | J42: 176958 | K42: 165688.18 | L42: 188227.82
A43: Secundaria incompleta | B43: 112624 | C43: =B43-J43 -> 14939 | D43: =C43/J43*100 -> 15.293034 | E43: =IF(B43<K43,-1,IF(B43>L43,1,0)) -> 1 | J43: 97685 | K43: 90079.816 | L43: 105290.18
A44: Secundaria completa | B44: 79890 | C44: =B44-J44 -> 7527 | D44: =C44/J44*100 -> 10.401725 | E44: =IF(B44<K44,-1,IF(B44>L44,1,0)) -> 0 | J44: 72363 | K44: 63997.145 | L44: 80728.855
A45: Universitario sin título | B45: 25120 | C45: =B45-J45 -> 5916 | D45: =C45/J45*100 -> 30.806082 | E45: =IF(B45<K45,-1,IF(B45>L45,1,0)) -> 1 | J45: 19204 | K45: 15115.885 | L45: 23292.115
A46: Universitario con título | B46: 69433 | C46: =B46-J46 -> 9005 | D46: =C46/J46*100 -> 14.902032 | E46: =IF(B46<K46,-1,IF(B46>L46,1,0)) -> 0 | J46: 60428 | K46: 51142.882 | L46: 69713.118
A47: No especificado | B47: 243 | C47: =B47-J47 -> -156 | D47: =C47/J47*100 -> -39.097744 | E47: 0 | J47: 399 | K47: 9.6704151 | L47: 788.32958
A49: 3.4 Búsqueda para cambiar de trabajo4/ | B49: 550191 | C49: =B49-J49 -> 48168 | D49: =C49/J49*100 -> 9.5947795 | E49: =IF(B49<K49,-1,IF(B49>L49,1,0)) -> 1 | F49: =+B49-F50 -> 0 | G49: =+C49-G50 -> 0 | J49: 502023 | K49: 484142.16 | L49: 519903.84
A50: Ocupado que no busca cambiar de trabajo | B50: 496147 | C50: =B50-J50 -> 40757 | D50: =C50/J50*100 -> 8.9499111 | E50: =IF(B50<K50,-1,IF(B50>L50,1,0)) -> 1 | F50: =SUM(B50:B51) -> 550191 | G50: =SUM(C50:C51) -> 48168 | J50: 455390 | K50: 438150.1 | L50: 472629.9
A51: Ocupado que busca cambiar de trabajo | B51: 54044 | C51: =B51-J51 -> 7411 | D51: =C51/J51*100 -> 15.892179 | E51: =IF(B51<K51,-1,IF(B51>L51,1,0)) -> 1 | J51: 46633 | K51: 40724.717 | L51: 52541.283
A53: 3.5 Formalidad e informalidad | B53: 550191 | C53: =B53-J53 -> 48168 | D53: =C53/J53*100 -> 9.5947795 | E53: =IF(B53<K53,-1,IF(B53>L53,1,0)) -> 1 | J53: 502023 | K53: 484142.16 | L53: 519903.84
A54: Ocupado con empleo formal | B54: 251833 | C54: =B54-J54 -> 251833 | D54: =C54/J54*100 -> #DIV/0! | E54: =IF(B54<K54,-1,IF(B54>L54,1,0)) -> 1
A55: Ocupado con empleo informal | B55: 298358 | C55: =B55-J55 -> 298358 | D55: =C55/J55*100 -> #DIV/0! | E55: =IF(B55<K55,-1,IF(B55>L55,1,0)) -> 1
A57: 4. Población desempleada5/ | B57: 70775 | C57: =B57-J57 -> -21271 | D57: =C57/J57*100 -> -23.109098 | E57: =IF(B57<K57,-1,IF(B57>L57,1,0)) -> -1 | J57: 92046 | K57: 83555.561 | L57: 100536.44
A59: 4.1 Tipo desempleado | B59: 70775 | C59: =B59-J59 -> -21271 | D59: =C59/J59*100 -> -23.109098 | E59: =IF(B59<K59,-1,IF(B59>L59,1,0)) -> -1 | F59: =+B59-F61 -> 0 | G59: =+C59-G61 -> 0 | J59: 92046 | K59: 83555.561 | L59: 100536.44
A60: Con experiencia | B60: 62202 | C60: =B60-J60 -> -15661 | D60: =C60/J60*100 -> -20.113533 | E60: =IF(B60<K60,-1,IF(B60>L60,1,0)) -> -1 | F60: =+B60-F62 -> 0 | G60: =+C60-G62 -> 0 | J60: 77863 | K60: 71260.729 | L60: 84465.271
A61: Por razones del mercado y cierre de actividades propias6/ | B61: 54716 | C61: =B61-J61 -> -15977 | D61: =C61/J61*100 -> -22.60054 | E61: =IF(B61<K61,-1,IF(B61>L61,1,0)) -> -1 | F61: =+B60+B63 -> 70775 | G61: =+C60+C63 -> -21271 | J61: 70693 | K61: 64656.425 | L61: 76729.575
A62: Por razones personales7/ | B62: 7486 | C62: =B62-J62 -> 316 | D62: =C62/J62*100 -> 4.4072524 | E62: =IF(B62<K62,-1,IF(B62>L62,1,0)) -> 0 | F62: =+B62+B61 -> 62202 | G62: =+C62+C61 -> -15661 | J62: 7170 | K62: 4981.5191 | L62: 9358.4809
A63: Sin experiencia | B63: 8573 | C63: =B63-J63 -> -5610 | D63: =C63/J63*100 -> -39.554396 | E63: =IF(B63<K63,-1,IF(B63>L63,1,0)) -> -1 | J63: 14183 | K63: 10900.286 | L63: 17465.714
A65: 4.2 Grupo de edad | B65: 70775 | C65: =B65-J65 -> -21271 | D65: =C65/J65*100 -> -23.109098 | E65: =IF(B65<K65,-1,IF(B65>L65,1,0)) -> -1 | F65: =+B65-F66 -> 0 | G65: =+C65-G66 -> 0 | J65: 92046 | K65: 83555.561 | L65: 100536.44
A66: De 15 a 24 años | B66: 25849 | C66: =B66-J66 -> -5912 | D66: =C66/J66*100 -> -18.614023 | E66: =IF(B66<K66,-1,IF(B66>L66,1,0)) -> -1 | F66: =SUM(B66:B71) -> 70775 | G66: =SUM(C66:C71) -> -21271 | J66: 31761 | K66: 26956.848 | L66: 36565.152
A67: De 25 a 34 años | B67: 18968 | C67: =B67-J67 -> -4717 | D67: =C67/J67*100 -> -19.915558 | E67: =IF(B67<K67,-1,IF(B67>L67,1,0)) -> -1 | J67: 23685 | K67: 20028.91 | L67: 27341.09
A68: De 35 a 44 años | B68: 12400 | C68: =B68-J68 -> -5993 | D68: =C68/J68*100 -> -32.583048 | E68: =IF(B68<K68,-1,IF(B68>L68,1,0)) -> -1 | J68: 18393 | K68: 15329.578 | L68: 21456.422
A69: De 45 a 59 años | B69: 9595 | C69: =B69-J69 -> -5222 | D69: =C69/J69*100 -> -35.243302 | E69: =IF(B69<K69,-1,IF(B69>L69,1,0)) -> -1 | J69: 14817 | K69: 11618.332 | L69: 18015.668
A70: De 60 años o más | B70: 3870 | C70: =B70-J70 -> 567 | D70: =C70/J70*100 -> 17.166213 | E70: =IF(B70<K70,-1,IF(B70>L70,1,0)) -> 0 | J70: 3303 | K70: 1767.0684 | L70: 4838.9316
A71: No especificado | B71: 93 | C71: =B71-J71 -> 6 | D71: =C71/J71*100 -> 6.8965517 | E71: 0 | J71: 87 | K71: - | L71: -
A73: 4.3 Nivel de educación3/ | B73: 70775 | C73: =B73-J73 -> -21271 | D73: =C73/J73*100 -> -23.109098 | E73: =IF(B73<K73,-1,IF(B73>L73,1,0)) -> -1 | F73: =+B73-F74 -> 0 | G73: =+C73-G74 -> #VALUE! | J73: 92046 | K73: 83555.561 | L73: 100536.44
A74: Primaria incompleta o menos | B74: 9098 | C74: =B74-J74 -> -1935 | D74: =C74/J74*100 -> -17.538294 | E74: =IF(B74<K74,-1,IF(B74>L74,1,0)) -> 0 | F74: =SUM(B74:B80) -> 70775 | G74: =SUM(C74:C80) -> #VALUE! | J74: 11033 | K74: 8667.5925 | L74: 13398.407
A75: Primaria completa | B75: 14292 | C75: =B75-J75 -> -10654 | D75: =C75/J75*100 -> -42.70825 | E75: =IF(B75<K75,-1,IF(B75>L75,1,0)) -> -1 | J75: 24946 | K75: 20938.096 | L75: 28953.904
A76: Secundaria incompleta | B76: 17184 | C76: =B76-J76 -> -2613 | D76: =C76/J76*100 -> -13.19897 | E76: =IF(B76<K76,-1,IF(B76>L76,1,0)) -> 0 | J76: 19797 | K76: 16383.942 | L76: 23210.058
A77: Secundaria completa | B77: 18627 | C77: =B77-J77 -> -5146 | D77: =C77/J77*100 -> -21.646406 | E77: =IF(B77<K77,-1,IF(B77>L77,1,0)) -> -1 | J77: 23773 | K77: 20032.83 | L77: 27513.17
A78: Universitario sin título | B78: 5196 | C78: =B78-J78 -> 480 | D78: =C78/J78*100 -> 10.178117 | E78: =IF(B78<K78,-1,IF(B78>L78,1,0)) -> 0 | J78: 4716 | K78: 2776.4404 | L78: 6655.5596
A79: Universitario con título | B79: 6378 | C79: =B79-J79 -> -1403 | D79: =C79/J79*100 -> -18.031101 | E79: =IF(B79<K79,-1,IF(B79>L79,1,0)) -> 0 | J79: 7781 | K79: 5623.8135 | L79: 9938.1865
A80: No especificado | B80: - | C80: =B80-J80 -> #VALUE! | D80: =C80/J80*100 -> #VALUE! | E80: 0 | J80: - | K80: - | L80: -
A82: 5. Población fuera de la fuerza de trabajo | B82: 466929 | C82: =B82-J82 -> -11521 | D82: =C82/J82*100 -> -2.4079841 | E82: =IF(B82<K82,-1,IF(B82>L82,1,0)) -> 0 | J82: 478450 | K82: 461366.22 | L82: 495533.78
A84: 5.1 Disponibilidad | B84: 466929 | C84: =B84-J84 -> -11521 | D84: =C84/J84*100 -> -2.4079841 | E84: =IF(B84<K84,-1,IF(B84>L84,1,0)) -> 0 | F84: =+B84-F85 -> 0 | G84: =+C84-G85 -> 0 | J84: 478450 | K84: 461366.22 | L84: 495533.78
A85: No disponible para trabajar8/ | B85: 416955 | C85: =B85-J85 -> -6477 | D85: =C85/J85*100 -> -1.5296435 | E85: =IF(B85<K85,-1,IF(B85>L85,1,0)) -> 0 | F85: =SUM(B85:B87) -> 466929 | G85: =SUM(C85:C87) -> -11521 | J85: 423432 | K85: 406421.31 | L85: 440442.69
A86: Disponible con limitaciones9/ | B86: 37398 | C86: =B86-J86 -> 193 | D86: =C86/J86*100 -> 0.51874748 | E86: =IF(B86<K86,-1,IF(B86>L86,1,0)) -> 0 | J86: 37205 | K86: 31210.749 | L86: 43199.251
A87: Disponible desalentada10/ | B87: 12576 | C87: =B87-J87 -> -5237 | D87: =C87/J87*100 -> -29.399876 | E87: =IF(B87<K87,-1,IF(B87>L87,1,0)) -> -1 | J87: 17813 | K87: 14534.99 | L87: 21091.01
A89: 5.2 Grupo de edad | B89: 466929 | C89: =B89-J89 -> -11521 | D89: =C89/J89*100 -> -2.4079841 | E89: =IF(B89<K89,-1,IF(B89>L89,1,0)) -> 0 | F89: =+B89-F90 -> 0 | G89: =+C89-G90 -> #VALUE! | J89: 478450 | K89: 461366.22 | L89: 495533.78
A90: De 15 a 24 años | B90: 137806 | C90: =B90-J90 -> -2548 | D90: =C90/J90*100 -> -1.8154096 | E90: =IF(B90<K90,-1,IF(B90>L90,1,0)) -> 0 | F90: =SUM(B90:B95) -> 466929 | G90: =SUM(C90:C95) -> #VALUE! | J90: 140354 | K90: 130737.49 | L90: 149970.51
A91: De 25 a 34 años | B91: 47346 | C91: =B91-J91 -> -2689 | D91: =C91/J91*100 -> -5.374238 | E91: =IF(B91<K91,-1,IF(B91>L91,1,0)) -> 0 | J91: 50035 | K91: 44614.089 | L91: 55455.911
A92: De 35 a 44 años | B92: 48873 | C92: =B92-J92 -> 1033 | D92: =C92/J92*100 -> 2.1592809 | E92: =IF(B92<K92,-1,IF(B92>L92,1,0)) -> 0 | J92: 47840 | K92: 42717.834 | L92: 52962.166
A93: De 45 a 59 años | B93: 73579 | C93: =B93-J93 -> -10509 | D93: =C93/J93*100 -> -12.497622 | E93: =IF(B93<K93,-1,IF(B93>L93,1,0)) -> -1 | J93: 84088 | K93: 76490.468 | L93: 91685.532
A94: De 60 años o más | B94: 159134 | C94: =B94-J94 -> 3001 | D94: =C94/J94*100 -> 1.9220793 | E94: =IF(B94<K94,-1,IF(B94>L94,1,0)) -> 0 | J94: 156133 | K94: 145801.6 | L94: 166464.4
A95: No especificado | B95: 191 | C95: =B95-J95 -> #VALUE! | D95: =C95/J95*100 -> #VALUE! | E95: 0 | J95: - | K95: - | L95: -
A97: 5.3 Nivel de educación3/ | B97: 466929 | C97: =B97-J97 -> -11521 | D97: =C97/J97*100 -> -2.4079841 | E97: =IF(B97<K97,-1,IF(B97>L97,1,0)) -> 0 | F97: =+B97-F98 -> 0 | G97: =+C97-G98 -> 0 | J97: 478450 | K97: 461366.22 | L97: 495533.78
A98: Primaria incompleta o menos | B98: 118491 | C98: =B98-J98 -> -2609 | D98: =C98/J98*100 -> -2.1544178 | E98: =IF(B98<K98,-1,IF(B98>L98,1,0)) -> 0 | F98: =SUM(B98:B104) -> 466929 | G98: =SUM(C98:C104) -> -11521 | J98: 121100 | K98: 111975.19 | L98: 130224.81
A99: Primaria completa | B99: 131512 | C99: =B99-J99 -> -10180 | D99: =C99/J99*100 -> -7.1845976 | E99: =IF(B99<K99,-1,IF(B99>L99,1,0)) -> -1 | J99: 141692 | K99: 132156.56 | L99: 151227.44
A100: Secundaria incompleta | B100: 125784 | C100: =B100-J100 -> 1674 | D100: =C100/J100*100 -> 1.3488035 | E100: =IF(B100<K100,-1,IF(B100>L100,1,0)) -> 0 | J100: 124110 | K100: 115650.95 | L100: 132569.05
A101: Secundaria completa | B101: 46562 | C101: =B101-J101 -> -3429 | D101: =C101/J101*100 -> -6.8592347 | E101: =IF(B101<K101,-1,IF(B101>L101,1,0)) -> 0 | J101: 49991 | K101: 44058.324 | L101: 55923.676
A102: Universitario sin título | B102: 25552 | C102: =B102-J102 -> 1916 | D102: =C102/J102*100 -> 8.1062786 | E102: =IF(B102<K102,-1,IF(B102>L102,1,0)) -> 0 | J102: 23636 | K102: 19690.21 | L102: 27581.79
A103: Universitario con título | B103: 18852 | C103: =B103-J103 -> 1147 | D103: =C103/J103*100 -> 6.4783959 | E103: =IF(B103<K103,-1,IF(B103>L103,1,0)) -> 0 | J103: 17705 | K103: 14418.499 | L103: 20991.501
A104: No especificado | B104: 176 | C104: =B104-J104 -> -40 | D104: =C104/J104*100 -> -18.518519 | E104: 0 | J104: 216 | K104: 0 | L104: 456.4611
A106: 6. Porcentajes
A108: 6.1 Tasas de la población de 15 años o más
A109: Tasa neta de participación | B109: 57.079589 | C109: =B109-J109 -> 1.6895218 | D109: =C109/J109*100 -> 3.0502252 | E109: =IF(B109<K109,-1,IF(B109>L109,1,0)) -> 1 | J109: 55.390068 | K109: 53.984664 | L109: 56.795472
A110: Tasa de ocupación11/ | B110: 50.573906 | C110: =B110-J110 -> 3.7660644 | D110: =C110/J110*100 -> 8.0457979 | E110: =IF(B110<K110,-1,IF(B110>L110,1,0)) -> 1 | J110: 46.807842 | K110: 45.470687 | L110: 48.144997
A111: Tasa de no participación | B111: 42.920411 | C111: =B111-J111 -> -1.6895218 | D111: =C111/J111*100 -> -3.787322 | E111: =IF(B111<K111,-1,IF(B111>L111,1,0)) -> -1 | J111: 44.609932 | K111: 43.204528 | L111: 46.015336
A113: 6.2 Tasas de la fuerza de trabajo
A114: Tasa de desempleo12/ | B114: 11.397564 | C114: =B114-J114 -> -4.0965953 | D114: =C114/J114*100 -> -26.439609 | E114: =IF(B114<K114,-1,IF(B114>L114,1,0)) -> -1 | J114: 15.49416 | K114: 14.207631 | L114: 16.780688
A115: Tasa de presión general13/ | B115: 20.100778 | C115: =B115-J115 -> -3.2431429 | D115: =C115/J115*100 -> -13.89288 | E115: =IF(B115<K115,-1,IF(B115>L115,1,0)) -> -1 | J115: 23.343921 | K115: 21.862745 | L115: 24.825098
A117: 6.3 Porcentaje de la población ocupada
A118: Porcentaje de ocupados con seguro por trabajo14/ | B118: 62.753844 | C118: =B118-J118 -> -1.7615271 | D118: =C118/J118*100 -> -2.7303992 | E118: =IF(B118<K118,-1,IF(B118>L118,1,0)) -> 0 | J118: 64.515371 | K118: 62.443402 | L118: 66.58734
A119: Porcentaje de ocupados con subempleo | B119: 12.191766 | C119: =B119-J119 -> -3.4951645 | D119: =C119/J119*100 -> -22.280742 | E119: =IF(B119<K119,-1,IF(B119>L119,1,0)) -> -1 | J119: 15.686931 | K119: 14.184831 | L119: 17.18903
A120: Porcentaje de ocupados con empleo informal15/ | B120: 54.228077 | C120: =B120-J120 -> 54.228077 | D120: =C120/J120*100 -> #DIV/0! | E120: =IF(B120<K120,-1,IF(B120>L120,1,0)) -> 1
A122: 6.4 Otros indicadores complementarios
A123: Tasa de desempleo ampliado16/ | B123: 13.15635 | C123: =B123-J123 -> -4.7979292 | D123: =C123/J123*100 -> -26.723041 | E123: =IF(B123<K123,-1,IF(B123>L123,1,0)) -> -1 | J123: 17.954279 | K123: 16.668417 | L123: 19.24014
A124: 1/ Personas en la fuerza de trabajo que participaron en la producción de bienes y servicios económicos (trabajaron) por lo menos una hora en la semana de referencia. Incluye a las personas que pese a tener trabajo no lo realizaron en la semana de referencia, por alguna circunstancia especial pero tienen garantía de retornar al trabajo, siguen recibiendo sueldo por el trabajo y su periodo de ausencia no sobrepasa un mes.
...

Sheet C1 hombre
A1: Cuadro 1
A2: Costa Rica hombres: Población nacional según indicadores generales de la condición de actividad
A3: =+'C1 total'!A3:E3 -> II Trimestre 2022 | J3: Mismo trimestre año anterior
A4: Indicadores generales | B4: =+'C1 total'!B4 -> II 2022 | C4: Variación Interanual | E4: Resultado de la prueba de significancia | F4: Revisión totales y dif | H4: Para boletín | J4: Estimación | K4: Intervalo de confianza al 95%
B5: =+'C1 total'!B5 -> Abr - Jun | C5: Diferencia | D5: % | H5: Q | K5: Inferior | L5: Superior
A7: 1. Población total | B7: 2620901 | C7: =B7-J7 -> 24257 | D7: =C7/J7*100 -> 0.93416733 | E7: =IF(B7<K7,-1,IF(B7>L7,1,0)) -> 0 | J7: 2596644 | K7: 2514591.5 | L7: 2678696.5
A9: 1.1 Grupo de edad | B9: 2620901 | C9: =B9-J9 -> 24257 | D9: =C9/J9*100 -> 0.93416733 | E9: =IF(B9<K9,-1,IF(B9>L9,1,0)) -> 0 | F9: =+B9-F10 -> 0 | G9: =+C9-G10 -> 0 | J9: 2596644 | K9: 2514591.5 | L9: 2678696.5
A10: De 0 a 14 años | B10: 569207 | C10: =B10-J10 -> -262 | D10: =C10/J10*100 -> -0.046007772 | E10: =IF(B10<K10,-1,IF(B10>L10,1,0)) -> 0 | F10: =SUM(B10:B16) -> 2620901 | G10: =SUM(C10:C16) -> 24257 | J10: 569469 | K10: 525720.75 | L10: 613217.25
A11: De 15 a 24 años | B11: 424006 | C11: =B11-J11 -> -7791 | D11: =C11/J11*100 -> -1.8043201 | E11: =IF(B11<K11,-1,IF(B11>L11,1,0)) -> 0 | J11: 431797 | K11: 392883.29 | L11: 470710.71
A12: De 25 a 34 años | B12: 392705 | C12: =B12-J12 -> 26443 | D12: =C12/J12*100 -> 7.2196952 | E12: =IF(B12<K12,-1,IF(B12>L12,1,0)) -> 0 | J12: 366262 | K12: 335164.8 | L12: 397359.2
A13: De 35 a 44 años | B13: 326053 | C13: =B13-J13 -> -17666 | D13: =C13/J13*100 -> -5.1396635 | E13: =IF(B13<K13,-1,IF(B13>L13,1,0)) -> 0 | J13: 343719 | K13: 314852.41 | L13: 372585.59
A14: De 45 a 59 años | B14: 428521 | C14: =B14-J14 -> -22888 | D14: =C14/J14*100 -> -5.0703464 | E14: =IF(B14<K14,-1,IF(B14>L14,1,0)) -> 0 | J14: 451409 | K14: 419768.08 | L14: 483049.92
A15: De 60 años o más | B15: 478733 | C15: =B15-J15 -> 45969 | D15: =C15/J15*100 -> 10.622187 | E15: 0 | J15: 432764 | K15: 401992.1 | L15: 463535.9
A16: No especificado | B16: 1676 | C16: =B16-J16 -> 452 | D16: =C16/J16*100 -> 36.928105 | E16: 0 | J16: 1224 | K16: 0 | L16: 3173.096
A18: 2. Población de 15 años y más | B18: 2051694 | C18: =B18-J18 -> 24519 | D18: =C18/J18*100 -> 1.2095157 | E18: =IF(B18<K18,-1,IF(B18>L18,1,0)) -> 0 | J18: 2027175 | K18: 1957913.4 | L18: 2096436.6
A20: 2.1 Fuerza de trabajo | B20: 1458042 | C20: =B20-J20 -> 14312 | D20: =C20/J20*100 -> 0.99132109 | E20: =IF(B20<K20,-1,IF(B20>L20,1,0)) -> 0 | F20: =+B20-F21 -> 0 | G20: =+C20-G21 -> 0 | H20: =+B20/1000000 -> 1.458042 | I20: =+C20/1000 -> 14.312 | J20: 1443730 | K20: 1379219.6 | L20: 1508240.4
A21: Ocupada | B21: 1324644 | C21: =B21-J21 -> 79024 | D21: =C21/J21*100 -> 6.3441499 | E21: =IF(B21<K21,-1,IF(B21>L21,1,0)) -> 1 | F21: =SUM(B21:B22) -> 1458042 | G21: =SUM(C21:C22) -> 14312 | H21: =+B21/1000000 -> 1.324644 | I21: =+C21/1000 -> 79.024 | J21: 1245620 | K21: 1186406.8 | L21: 1304833.2
A22: Desempleada | B22: 133398 | C22: =B22-J22 -> -64712 | D22: =C22/J22*100 -> -32.664681 | E22: =IF(B22<K22,-1,IF(B22>L22,1,0)) -> -1 | H22: =+B22/1000 -> 133.398 | I22: =+C22/1000 -> -64.712 | J22: 198110 | K22: 170122.47 | L22: 226097.53
A24: 2.2 Fuera de la fuerza de trabajo | B24: 593652 | C24: =B24-J24 -> 10207 | D24: =C24/J24*100 -> 1.7494365 | E24: =IF(B24<K24,-1,IF(B24>L24,1,0)) -> 0 | H24: =+B24/1000 -> 593.652 | I24: =+C24/1000 -> 10.207 | J24: 583445 | K24: 548860.2 | L24: 618029.8
A26: 3. Población ocupada1/ | B26: 1324644 | C26: =B26-J26 -> 79024 | D26: =C26/J26*100 -> 6.3441499 | E26: =IF(B26<K26,-1,IF(B26>L26,1,0)) -> 1 | J26: 1245620 | K26: 1186406.8 | L26: 1304833.2
A28: 3.1 Grupo de edad | B28: 1324644 | C28: =B28-J28 -> 79024 | D28: =C28/J28*100 -> 6.3441499 | E28: =IF(B28<K28,-1,IF(B28>L28,1,0)) -> 1 | F28: =+B28-F29 -> 0 | G28: =+C28-G29 -> 0 | J28: 1245620 | K28: 1186406.8 | L28: 1304833.2
A29: De 15 a 24 años | B29: 147464 | C29: =B29-J29 -> 9302 | D29: =C29/J29*100 -> 6.7326761 | E29: =IF(B29<K29,-1,IF(B29>L29,1,0)) -> 0 | F29: =SUM(B29:B34) -> 1324644 | G29: =SUM(C29:C34) -> 79024 | J29: 138162 | K29: 119128.74 | L29: 157195.26
A30: De 25 a 34 años | B30: 337986 | C30: =B30-J30 -> 48759 | D30: =C30/J30*100 -> 16.858385 | E30: =IF(B30<K30,-1,IF(B30>L30,1,0)) -> 1 | J30: 289227 | K30: 262518.52 | L30: 315935.48
A31: De 35 a 44 años | B31: 291300 | C31: =B31-J31 -> -6865 | D31: =C31/J31*100 -> -2.3024164 | E31: =IF(B31<K31,-1,IF(B31>L31,1,0)) -> 0 | J31: 298165 | K31: 270489.76 | L31: 325840.24
A32: De 45 a 59 años | B32: 380516 | C32: =B32-J32 -> -2094 | D32: =C32/J32*100 -> -0.54729359 | E32: =IF(B32<K32,-1,IF(B32>L32,1,0)) -> 0 | J32: 382610 | K32: 351640.16 | L32: 413579.84
A33: De 60 años o más | B33: 167285 | C33: =B33-J33 -> 31053 | D33: =C33/J33*100 -> 22.794204 | E33: =IF(B33<K33,-1,IF(B33>L33,1,0)) -> 1 | J33: 136232 | K33: 117727.75 | L33: 154736.25
A34: No especificado | B34: 93 | C34: =B34-J34 -> -1131 | D34: =C34/J34*100 -> -92.401961 | E34: 0 | J34: 1224 | K34: 0 | L34: 3173.1194
A36: 3.2 Condición de aseguramiento2/ | B36: 1324644 | C36: =B36-J36 -> 79024 | D36: =C36/J36*100 -> 6.3441499 | E36: =IF(B36<K36,-1,IF(B36>L36,1,0)) -> 1 | F36: =+B36-F37 -> 0 | G36: =+C36-G37 -> 0 | J36: 1245620 | K36: 1186406.8 | L36: 1304833.2
A37: No tiene seguro por trabajo | B37: 389123 | C37: =B37-J37 -> 53454 | D37: =C37/J37*100 -> 15.924616 | E37: =IF(B37<K37,-1,IF(B37>L37,1,0)) -> 1 | F37: =SUM(B37:B38) -> 1324644 | G37: =SUM(C37:C38) -> 79024 | J37: 335669 | K37: 304493.4 | L37: 366844.6
A38: Tiene seguro por trabajo | B38: 935521 | C38: =B38-J38 -> 25570 | D38: =C38/J38*100 -> 2.8100414 | E38: =IF(B38<K38,-1,IF(B38>L38,1,0)) -> 0 | J38: 909951 | K38: 862235.92 | L38: 957666.08
A40: 3.3 Nivel de educación3/ | B40: 1324644 | C40: =B40-J40 -> 79024 | D40: =C40/J40*100 -> 6.3441499 | E40: =IF(B40<K40,-1,IF(B40>L40,1,0)) -> 1 | F40: =+B40-F41 -> 0 | G40: =+C40-G41 -> 0 | J40: 1245620 | K40: 1186406.8 | L40: 1304833.2
A41: Primaria incompleta o menos | B41: 112071 | C41: =B41-J41 -> -14442 | D41: =C41/J41*100 -> -11.415428 | E41: =IF(B41<K41,-1,IF(B41>L41,1,0)) -> 0 | F41: =SUM(B41:B47) -> 1324644 | G41: =SUM(C41:C47) -> 79024 | J41: 126513 | K41: 108905.35 | L41: 144120.65
A42: Primaria completa | B42: 340437 | C42: =B42-J42 -> 15157 | D42: =C42/J42*100 -> 4.6596778 | E42: =IF(B42<K42,-1,IF(B42>L42,1,0)) -> 0 | J42: 325280 | K42: 296525.29 | L42: 354034.71
A43: Secundaria incompleta | B43: 322816 | C43: =B43-J43 -> 68989 | D43: =C43/J43*100 -> 27.179536 | E43: =IF(B43<K43,-1,IF(B43>L43,1,0)) -> 1 | J43: 253827 | K43: 229361.56 | L43: 278292.44
A44: Secundaria completa | B44: 268440 | C44: =B44-J44 -> 45305 | D44: =C44/J44*100 -> 20.303852 | E44: =IF(B44<K44,-1,IF(B44>L44,1,0)) -> 1 | J44: 223135 | K44: 193951.77 | L44: 252318.23
A45: Universitario sin título | B45: 58166 | C45: =B45-J45 -> -19685 | D45: =C45/J45*100 -> -25.285481 | E45: =IF(B45<K45,-1,IF(B45>L45,1,0)) -> -1 | J45: 77851 | K45: 61788.442 | L45: 93913.558
A46: Universitario con título | B46: 221917 | C46: =B46-J46 -> -16475 | D46: =C46/J46*100 -> -6.9108863 | E46: =IF(B46<K46,-1,IF(B46>L46,1,0)) -> 0 | J46: 238392 | K46: 206876.46 | L46: 269907.54
A47: No especificado | B47: 797 | C47: =B47-J47 -> 175 | D47: =C47/J47*100 -> 28.135048 | E47: 0 | J47: 622 | K47: 117.09291 | L47: 1126.9071
A49: 3.4 Búsqueda para cambiar de trabajo4/ | B49: 1324644 | C49: =B49-J49 -> 79024 | D49: =C49/J49*100 -> 6.3441499 | E49: =IF(B49<K49,-1,IF(B49>L49,1,0)) -> 1 | F49: =+B49-F50 -> 0 | G49: =+C49-G50 -> 0 | J49: 1245620 | K49: 1186406.8 | L49: 1304833.2
A50: Ocupado que no busca cambiar de trabajo | B50: 1205261 | C50: =B50-J50 -> 88893 | D50: =C50/J50*100 -> 7.9626969 | E50: =IF(B50<K50,-1,IF(B50>L50,1,0)) -> 1 | F50: =SUM(B50:B51) -> 1324644 | G50: =SUM(C50:C51) -> 79024 | J50: 1116368 | K50: 1060638.4 | L50: 1172097.6
A51: Ocupado que busca cambiar de trabajo | B51: 119383 | C51: =B51-J51 -> -9869 | D51: =C51/J51*100 -> -7.6354718 | E51: =IF(B51<K51,-1,IF(B51>L51,1,0)) -> 0 | J51: 129252 | K51: 111904.11 | L51: 146599.89
A53: 3.5 Formalidad e informalidad | B53: 1324644 | C53: =B53-J53 -> 79024 | D53: =C53/J53*100 -> 6.3441499 | E53: =IF(B53<K53,-1,IF(B53>L53,1,0)) -> 1 | J53: 1245620 | K53: 1186406.8 | L53: 1304833.2
A54: Ocupado con empleo formal | B54: 738050 | C54: =B54-J54 -> 36367 | D54: =C54/J54*100 -> 5.1828247 | E54: =IF(B54<K54,-1,IF(B54>L54,1,0)) -> 0 | J54: 701683 | K54: 656998.22 | L54: 746367.78
A55: Ocupado con empleo informal | B55: 586594 | C55: =B55-J55 -> 42657 | D55: =C55/J55*100 -> 7.8422685 | E55: =IF(B55<K55,-1,IF(B55>L55,1,0)) -> 1 | J55: 543937 | K55: 504352.02 | L55: 583521.98
A57: 4. Población desempleada5/ | B57: 133398 | C57: =B57-J57 -> -64712 | D57: =C57/J57*100 -> -32.664681 | E57: =IF(B57<K57,-1,IF(B57>L57,1,0)) -> -1 | J57: 198110 | K57: 170122.47 | L57: 226097.53
A59: 4.1 Tipo desempleado | B59: 133398 | C59: =B59-J59 -> -64712 | D59: =C59/J59*100 -> -32.664681 | E59: =IF(B59<K59,-1,IF(B59>L59,1,0)) -> -1 | F59: =+B59-F61 -> 0 | G59: =+C59-G61 -> 0 | J59: 198110 | K59: 170122.47 | L59: 226097.53
A60: Con experiencia | B60: 110619 | C60: =B60-J60 -> -58865 | D60: =C60/J60*100 -> -34.731892 | E60: =IF(B60<K60,-1,IF(B60>L60,1,0)) -> -1 | F60: =+B60-F62 -> 0 | G60: =+C60-G62 -> 0 | J60: 169484 | K60: 152160.97 | L60: 186807.03
A61: Por razones del mercado y cierre de actividades propias6/ | B61: 96112 | C61: =B61-J61 -> -61113 | D61: =C61/J61*100 -> -38.869773 | E61: =IF(B61<K61,-1,IF(B61>L61,1,0)) -> -1 | F61: =+B60+B63 -> 133398 | G61: =+C60+C63 -> -64712 | J61: 157225 | K61: 140427.27 | L61: 174022.73
A62: Por razones personales7/ | B62: 14507 | C62: =B62-J62 -> 2248 | D62: =C62/J62*100 -> 18.337548 | E62: =IF(B62<K62,-1,IF(B62>L62,1,0)) -> 0 | F62: =+B62+B61 -> 110619 | G62: =+C62+C61 -> -58865 | J62: 12259 | K62: 4726.5985 | L62: 19791.402
A63: Sin experiencia | B63: 22779 | C63: =B63-J63 -> -5847 | D63: =C63/J63*100 -> -20.425487 | E63: =IF(B63<K63,-1,IF(B63>L63,1,0)) -> 0 | J63: 28626 | K63: 16275.319 | L63: 40976.681
A65: 4.2 Grupo de edad | B65: 133398 | C65: =B65-J65 -> -64712 | D65: =C65/J65*100 -> -32.664681 | E65: =IF(B65<K65,-1,IF(B65>L65,1,0)) -> -1 | F65: =+B65-F66 -> 0 | G65: =+C65-G66 -> #VALUE! | J65: 198110 | K65: 170122.47 | L65: 226097.53
A66: De 15 a 24 años | B66: 50930 | C66: =B66-J66 -> -18584 | D66: =C66/J66*100 -> -26.734183 | E66: =IF(B66<K66,-1,IF(B66>L66,1,0)) -> -1 | F66: =SUM(B66:B71) -> 133398 | G66: =SUM(C66:C71) -> #VALUE! | J66: 69514 | K66: 54239.146 | L66: 84788.854
A67: De 25 a 34 años | B67: 36771 | C67: =B67-J67 -> -17401 | D67: =C67/J67*100 -> -32.12176 | E67: =IF(B67<K67,-1,IF(B67>L67,1,0)) -> -1 | J67: 54172 | K67: 41024.647 | L67: 67319.353
A68: De 35 a 44 años | B68: 19784 | C68: =B68-J68 -> -9665 | D68: =C68/J68*100 -> -32.819451 | E68: =IF(B68<K68,-1,IF(B68>L68,1,0)) -> -1 | J68: 29449 | K68: 20908.469 | L68: 37989.531
A69: De 45 a 59 años | B69: 16647 | C69: =B69-J69 -> -15518 | D69: =C69/J69*100 -> -48.244987 | E69: =IF(B69<K69,-1,IF(B69>L69,1,0)) -> -1 | J69: 32165 | K69: 22897.111 | L69: 41432.889
A70: De 60 años o más | B70: 9173 | C70: =B70-J70 -> -3637 | D70: =C70/J70*100 -> -28.391881 | E70: =IF(B70<K70,-1,IF(B70>L70,1,0)) -> 0 | J70: 12810 | K70: 7136.9373 | L70: 18483.063
A71: No especificado | B71: 93 | C71: =B71-J71 -> #VALUE! | D71: =C71/J71*100 -> #VALUE! | E71: 0 | J71: - | K71: - | L71: -
A73: 4.3 Nivel de educación3/ | B73: 133398 | C73: =B73-J73 -> -64712 | D73: =C73/J73*100 -> -32.664681 | E73: =IF(B73<K73,-1,IF(B73>L73,1,0)) -> -1 | F73: =+B73-F74 -> 0 | G73: =+C73-G74 -> #VALUE! | J73: 198110 | K73: 170122.47 | L73: 226097.53
A74: Primaria incompleta o menos | B74: 9808 | C74: =B74-J74 -> -2203 | D74: =C74/J74*100 -> -18.34152 | E74: =IF(B74<K74,-1,IF(B74>L74,1,0)) -> 0 | F74: =SUM(B74:B80) -> 133398 | G74: =SUM(C74:C80) -> #VALUE! | J74: 12011 | K74: 8088.9031 | L74: 15933.097
A75: Primaria completa | B75: 21048 | C75: =B75-J75 -> -20237 | D75: =C75/J75*100 -> -49.017803 | E75: =IF(B75<K75,-1,IF(B75>L75,1,0)) -> -1 | J75: 41285 | K75: 27543.771 | L75: 55026.229
A76: Secundaria incompleta | B76: 36934 | C76: =B76-J76 -> -27024 | D76: =C76/J76*100 -> -42.252728 | E76: =IF(B76<K76,-1,IF(B76>L76,1,0)) -> -1 | J76: 63958 | K76: 52931.024 | L76: 74984.976
A77: Secundaria completa | B77: 39753 | C77: =B77-J77 -> -6225 | D77: =C77/J77*100 -> -13.539084 | E77: =IF(B77<K77,-1,IF(B77>L77,1,0)) -> 0 | J77: 45978 | K77: 32419.752 | L77: 59536.248
A78: Universitario sin título | B78: 11291 | C78: =B78-J78 -> -4454 | D78: =C78/J78*100 -> -28.288346 | E78: =IF(B78<K78,-1,IF(B78>L78,1,0)) -> 0 | J78: 15745 | K78: 8598.2488 | L78: 22891.751
A79: Universitario con título | B79: 14564 | C79: =B79-J79 -> -4569 | D79: =C79/J79*100 -> -23.880207 | E79: =IF(B79<K79,-1,IF(B79>L79,1,0)) -> 0 | J79: 19133 | K79: 11625.997 | L79: 26640.003
A80: No especificado | B80: - | C80: =B80-J80 -> #VALUE! | D80: - | E80: 0 | J80: - | K80: - | L80: -
A82: 5. Población fuera de la fuerza de trabajo | B82: 593652 | C82: =B82-J82 -> 10207 | D82: =C82/J82*100 -> 1.7494365 | E82: =IF(B82<K82,-1,IF(B82>L82,1,0)) -> 0 | J82: 583445 | K82: 548860.2 | L82: 618029.8
A84: 5.1 Disponibilidad | B84: 593652 | C84: =B84-J84 -> 10207 | D84: =C84/J84*100 -> 1.7494365 | E84: =IF(B84<K84,-1,IF(B84>L84,1,0)) -> 0 | F84: =+B84-F85 -> 0 | G84: =+C84-G85 -> 0 | J84: 583445 | K84: 548860.2 | L84: 618029.8
A85: No disponible para trabajar8/ | B85: 559818 | C85: =B85-J85 -> 15707 | D85: =C85/J85*100 -> 2.8867272 | E85: =IF(B85<K85,-1,IF(B85>L85,1,0)) -> 0 | F85: =SUM(B85:B87) -> 593652 | G85: =SUM(C85:C87) -> 10207 | J85: 544111 | K85: 513599.09 | L85: 574622.91
A86: Disponible con limitaciones9/ | B86: 26797 | C86: =B86-J86 -> -1099 | D86: =C86/J86*100 -> -3.9396329 | E86: =IF(B86<K86,-1,IF(B86>L86,1,0)) -> 0 | J86: 27896 | K86: 21053.148 | L86: 34738.852
A87: Disponible desalentada10/ | B87: 7037 | C87: =B87-J87 -> -4401 | D87: =C87/J87*100 -> -38.477006 | E87: =IF(B87<K87,-1,IF(B87>L87,1,0)) -> 0 | J87: 11438 | K87: 6738.7447 | L87: 16137.255
A89: 5.2 Grupo de edad | B89: 593652 | C89: =B89-J89 -> 10207 | D89: =C89/J89*100 -> 1.7494365 | E89: =IF(B89<K89,-1,IF(B89>L89,1,0)) -> 0 | F89: =+B89-F90 -> 0 | G89: =+C89-G90 -> #VALUE! | J89: 583445 | K89: 548860.2 | L89: 618029.8
A90: De 15 a 24 años | B90: 225612 | C90: =B90-J90 -> 1491 | D90: =C90/J90*100 -> 0.66526564 | E90: =IF(B90<K90,-1,IF(B90>L90,1,0)) -> 0 | F90: =SUM(B90:B95) -> 593652 | G90: =SUM(C90:C95) -> #VALUE! | J90: 224121 | K90: 201424.1 | L90: 246817.9
A91: De 25 a 34 años | B91: 17948 | C91: =B91-J91 -> -4915 | D91: =C91/J91*100 -> -21.497616 | E91: =IF(B91<K91,-1,IF(B91>L91,1,0)) -> 0 | J91: 22863 | K91: 16045.858 | L91: 29680.142
A92: De 35 a 44 años | B92: 14969 | C92: =B92-J92 -> -1136 | D92: =C92/J92*100 -> -7.05371 | E92: =IF(B92<K92,-1,IF(B92>L92,1,0)) -> 0 | J92: 16105 | K92: 9882.2005 | L92: 22327.8
A93: De 45 a 59 años | B93: 31358 | C93: =B93-J93 -> -5276 | D93: =C93/J93*100 -> -14.401922 | E93: =IF(B93<K93,-1,IF(B93>L93,1,0)) -> 0 | J93: 36634 | K93: 28426.88 | L93: 44841.12
A94: De 60 años o más | B94: 302275 | C94: =B94-J94 -> 18553 | D94: =C94/J94*100 -> 6.5391475 | E94: =IF(B94<K94,-1,IF(B94>L94,1,0)) -> 0 | J94: 283722 | K94: 258112.59 | L94: 309331.41
A95: No especificado | B95: 1490 | C95: =B95-J95 -> #VALUE! | D95: =C95/J95*100 -> #VALUE! | E95: 0 | J95: - | K95: - | L95: -
A97: 5.3 Nivel de educación3/ | B97: 593652 | C97: =B97-J97 -> 10207 | D97: =C97/J97*100 -> 1.7494365 | E97: =IF(B97<K97,-1,IF(B97>L97,1,0)) -> 0 | F97: =+B97-F98 -> 0 | G97: =+C97-G98 -> 0 | J97: 583445 | K97: 548860.2 | L97: 618029.8
A98: Primaria incompleta o menos | B98: 100391 | C98: =B98-J98 -> -15005 | D98: =C98/J98*100 -> -13.00305 | E98: =IF(B98<K98,-1,IF(B98>L98,1,0)) -> 0 | F98: =SUM(B98:B104) -> 593652 | G98: =SUM(C98:C104) -> 10207 | J98: 115396 | K98: 99070.505 | L98: 131721.49
A99: Primaria completa | B99: 115896 | C99: =B99-J99 -> 12000 | D99: =C99/J99*100 -> 11.550012 | E99: =IF(B99<K99,-1,IF(B99>L99,1,0)) -> 0 | J99: 103896 | K99: 89871.744 | L99: 117920.26
A100: Secundaria incompleta | B100: 193604 | C100: =B100-J100 -> -7497 | D100: =C100/J100*100 -> -3.7279775 | E100: =IF(B100<K100,-1,IF(B100>L100,1,0)) -> 0 | J100: 201101 | K100: 180275.65 | L100: 221926.35
A101: Secundaria completa | B101: 80478 | C101: =B101-J101 -> 4281 | D101: =C101/J101*100 -> 5.6183314 | E101: =IF(B101<K101,-1,IF(B101>L101,1,0)) -> 0 | J101: 76197 | K101: 61135.497 | L101: 91258.503
A102: Universitario sin título | B102: 35347 | C102: =B102-J102 -> 667 | D102: =C102/J102*100 -> 1.9232987 | E102: =IF(B102<K102,-1,IF(B102>L102,1,0)) -> 0 | J102: 34680 | K102: 27472.75 | L102: 41887.25
A103: Universitario con título | B103: 67285 | C103: =B103-J103 -> 15361 | D103: =C103/J103*100 -> 29.583622 | E103: =IF(B103<K103,-1,IF(B103>L103,1,0)) -> 1 | J103: 51924 | K103: 41200.592 | L103: 62647.408
A104: No especificado | B104: 651 | C104: =B104-J104 -> 400 | D104: =C104/J104*100 -> 159.36255 | E104: 0 | J104: 251 | K104: - | L104: -
A106: 6. Porcentajes
A108: 6.1 Tasas de la población de 15 años o más
A109: Tasa neta de participación | B109: 71.065276 | C109: =B109-J109 -> -0.15353854 | D109: =C109/J109*100 -> -0.21558705 | E109: =IF(B109<K109,-1,IF(B109>L109,1,0)) -> 0 | J109: 71.218814 | K109: 69.607984 | L109: 72.829645
A110: Tasa de ocupación11/ | B110: 64.563429 | C110: =B110-J110 -> 3.1173279 | D110: =C110/J110*100 -> 5.0732722 | E110: =IF(B110<K110,-1,IF(B110>L110,1,0)) -> 1 | J110: 61.446101 | K110: 59.565 | L110: 63.327202
A111: Tasa de no participación | B111: 28.934724 | C111: =B111-J111 -> 0.15353854 | D111: =C111/J111*100 -> 0.53346845 | E111: =IF(B111<K111,-1,IF(B111>L111,1,0)) -> 0 | J111: 28.781186 | K111: 27.170355 | L111: 30.392016
A113: 6.2 Tasas de la fuerza de trabajo
A114: Tasa de desempleo12/ | B114: 9.1491192 | C114: =B114-J114 -> -4.5729757 | D114: =C114/J114*100 -> -33.325638 | E114: =IF(B114<K114,-1,IF(B114>L114,1,0)) -> -1 | J114: 13.722095 | K114: 11.936932 | L114: 15.507258
A115: Tasa de presión general13/ | B115: 17.337018 | C115: =B115-J115 -> -5.3377206 | D115: =C115/J115*100 -> -23.540385 | E115: =IF(B115<K115,-1,IF(B115>L115,1,0)) -> -1 | J115: 22.674738 | K115: 20.517927 | L115: 24.83155
A117: 6.3 Porcentaje de la población ocupada
A118: Porcentaje de ocupados con seguro por trabajo14/ | B118: 70.624334 | C118: =B118-J118 -> -2.4277206 | D118: =C118/J118*100 -> -3.3232749 | E118: =IF(B118<K118,-1,IF(B118>L118,1,0)) -> -1 | J118: 73.052054 | K118: 70.952116 | L118: 75.151993
A119: Porcentaje de ocupados con subempleo | B119: 7.6986722 | C119: =B119-J119 -> -6.0432394 | D119: =C119/J119*100 -> -43.976701 | E119: =IF(B119<K119,-1,IF(B119>L119,1,0)) -> -1 | J119: 13.741912 | K119: 12.093061 | L119: 15.390762
A120: Porcentaje de ocupados con empleo informal15/ | B120: 44.283143 | C120: =B120-J120 -> 44.283143 | D120: =C120/J120*100 -> #DIV/0! | E120: =IF(B120<K120,-1,IF(B120>L120,1,0)) -> 1
A122: 6.4 Otros indicadores complementarios
A123: Tasa de desempleo ampliado16/ | B123: 9.5854899 | C123: =B123-J123 -> -4.8147718 | D123: =C123/J123*100 -> -33.435307 | E123: =IF(B123<K123,-1,IF(B123>L123,1,0)) -> -1 | J123: 14.400262 | K123: 12.643415 | L123: 16.157108
A124: 1/ Personas en la fuerza de trabajo que participaron en la producción de bienes y servicios económicos (trabajaron) por lo menos una hora en la semana de referencia. Incluye a las personas que pese a tener trabajo no lo realizaron en la semana de referencia, por alguna circunstancia especial pero tienen garantía de retornar al trabajo, siguen recibiendo sueldo por el trabajo y su periodo de ausencia no sobrepasa un mes.
...

Sheet C1 mujer
A1: Cuadro 1
A2: Costa Rica mujeres: Población nacional según indicadores generales de la condición de actividad
A3: =+'C1 total'!A3:E3 -> II Trimestre 2022 | J3: Mismo trimestre año anterior
A4: Indicadores generales | B4: =+'C1 total'!B4 -> II 2022 | C4: Variación Interanual | E4: Resultado de la prueba de significancia | F4: Revisión totales y dif | H4: Para boletín | J4: Estimación | K4: Intervalo de confianza al 95%
B5: =+'C1 total'!B5 -> Abr - Jun | C5: Diferencia | D5: % | H5: Q | K5: Inferior | L5: Superior
A7: 1. Población total | B7: 2584247 | C7: =B7-J7 -> 26222 | D7: =C7/J7*100 -> 1.0250877 | E7: =IF(B7<K7,-1,IF(B7>L7,1,0)) -> 0 | J7: 2558025 | K7: 2470837.2 | L7: 2645212.8
A9: 1.1 Grupo de edad | B9: 2584247 | C9: =B9-J9 -> 26222 | D9: =C9/J9*100 -> 1.0250877 | E9: =IF(B9<K9,-1,IF(B9>L9,1,0)) -> 0 | F9: =+B9-F10 -> 0 | G9: =+C9-G10 -> 0 | J9: 2558025 | K9: 2470837.2 | L9: 2645212.8
A10: De 0 a 14 años | B10: 542147 | C10: =B10-J10 -> -200 | D10: =C10/J10*100 -> -0.03687676 | E10: =IF(B10<K10,-1,IF(B10>L10,1,0)) -> 0 | F10: =SUM(B10:B16) -> 2584247 | G10: =SUM(C10:C16) -> 26222 | J10: 542347 | K10: 492688.9 | L10: 592005.1
A11: De 15 a 24 años | B11: 363110 | C11: =B11-J11 -> 8688 | D11: =C11/J11*100 -> 2.4513151 | E11: =IF(B11<K11,-1,IF(B11>L11,1,0)) -> 0 | J11: 354422 | K11: 324150.89 | L11: 384693.11
A12: De 25 a 34 años | B12: 355999 | C12: =B12-J12 -> 501 | D12: =C12/J12*100 -> 0.14092906 | E12: =IF(B12<K12,-1,IF(B12>L12,1,0)) -> 0 | J12: 355498 | K12: 329354.01 | L12: 381641.99
A13: De 35 a 44 años | B13: 390937 | C13: =B13-J13 -> 33955 | D13: =C13/J13*100 -> 9.5116841 | E13: =IF(B13<K13,-1,IF(B13>L13,1,0)) -> 1 | J13: 356982 | K13: 328123.15 | L13: 385840.85
A14: De 45 a 59 años | B14: 454526 | C14: =B14-J14 -> -27417 | D14: =C14/J14*100 -> -5.688847 | E14: =IF(B14<K14,-1,IF(B14>L14,1,0)) -> 0 | J14: 481943 | K14: 451342.44 | L14: 512543.56
A15: De 60 años o más | B15: 477291 | C15: =B15-J15 -> 10738 | D15: =C15/J15*100 -> 2.3015606 | E15: 0 | J15: 466553 | K15: 428544.9 | L15: 504561.1
A16: No especificado | B16: 237 | C16: =B16-J16 -> -43 | D16: =C16/J16*100 -> -15.357143 | E16: 0 | J16: 280 | K16: 0 | L16: 600.5809
A18: 2. Población de 15 años y más | B18: 2042100 | C18: =B18-J18 -> 26422 | D18: =C18/J18*100 -> 1.3108244 | E18: =IF(B18<K18,-1,IF(B18>L18,1,0)) -> 0 | J18: 2015678 | K18: 1956133.7 | L18: 2075222.3
A20: 2.1 Fuerza de trabajo | B20: 980746 | C20: =B20-J20 -> 20912 | D20: =C20/J20*100 -> 2.1787101 | E20: =IF(B20<K20,-1,IF(B20>L20,1,0)) -> 0 | F20: =+B20-F21 -> 0 | G20: =+C20-G21 -> 0 | H20: =+B20/1000 -> 980.746 | I20: =+C20/1000 -> 20.912 | J20: 959834 | K20: 907729.85 | L20: 1011938.2
A21: Ocupada | B21: 829344 | C21: =B21-J21 -> 105601 | D21: =C21/J21*100 -> 14.590953 | E21: =IF(B21<K21,-1,IF(B21>L21,1,0)) -> 1 | F21: =SUM(B21:B22) -> 980746 | G21: =SUM(C21:C22) -> 20912 | H21: =+B21/1000 -> 829.344 | I21: =+C21/1000 -> 105.601 | J21: 723743 | K21: 675442.35 | L21: 772043.65
A22: Desempleada | B22: 151402 | C22: =B22-J22 -> -84689 | D22: =C22/J22*100 -> -35.871338 | E22: =IF(B22<K22,-1,IF(B22>L22,1,0)) -> -1 | H22: =+B22/1000 -> 151.402 | I22: =+C22/1000 -> -84.689 | J22: 236091 | K22: 204813.29 | L22: 267368.71
A24: 2.2 Fuera de la fuerza de trabajo | B24: 1061354 | C24: =B24-J24 -> 5510 | D24: =C24/J24*100 -> 0.5218574 | E24: =IF(B24<K24,-1,IF(B24>L24,1,0)) -> 0 | H24: =+B24/1000000 -> 1.061354 | I24: =+C24/1000 -> 5.51 | J24: 1055844 | K24: 1010852.1 | L24: 1100835.9
A26: 3. Población ocupada1/ | B26: 829344 | C26: =B26-J26 -> 105601 | D26: =C26/J26*100 -> 14.590953 | E26: =IF(B26<K26,-1,IF(B26>L26,1,0)) -> 1 | J26: 723743 | K26: 675442.35 | L26: 772043.65
A28: 3.1 Grupo de edad | B28: 829344 | C28: =B28-J28 -> 105601 | D28: =C28/J28*100 -> 14.590953 | E28: =IF(B28<K28,-1,IF(B28>L28,1,0)) -> 1 | F28: =+B28-F29 -> 0 | G28: =+C28-G29 -> #VALUE! | J28: 723743 | K28: 675442.35 | L28: 772043.65
A29: De 15 a 24 años | B29: 80809 | C29: =B29-J29 -> 2017 | D29: =C29/J29*100 -> 2.5599046 | E29: =IF(B29<K29,-1,IF(B29>L29,1,0)) -> 0 | F29: =SUM(B29:B34) -> 829344 | G29: =SUM(C29:C34) -> #VALUE! | J29: 78792 | K29: 63810.976 | L29: 93773.024
A30: De 25 a 34 años | B30: 224470 | C30: =B30-J30 -> 48205 | D30: =C30/J30*100 -> 27.348027 | E30: =IF(B30<K30,-1,IF(B30>L30,1,0)) -> 1 | J30: 176265 | K30: 155610.01 | L30: 196919.99
A31: De 35 a 44 años | B31: 236835 | C31: =B31-J31 -> 38331 | D31: =C31/J31*100 -> 19.309938 | E31: =IF(B31<K31,-1,IF(B31>L31,1,0)) -> 1 | J31: 198504 | K31: 176373.81 | L31: 220634.19
A32: De 45 a 59 años | B32: 227021 | C32: =B32-J32 -> 6752 | D32: =C32/J32*100 -> 3.0653428 | E32: =IF(B32<K32,-1,IF(B32>L32,1,0)) -> 0 | J32: 220269 | K32: 194713.43 | L32: 245824.57
A33: De 60 años o más | B33: 60051 | C33: =B33-J33 -> 10138 | D33: =C33/J33*100 -> 20.311342 | E33: =IF(B33<K33,-1,IF(B33>L33,1,0)) -> 0 | J33: 49913 | K33: 37790.243 | L33: 62035.757
A34: No especificado | B34: 158 | C34: =B34-J34 -> #VALUE! | D34: =C34/J34*100 -> #VALUE! | E34: 0 | J34: - | K34: - | L34: -
A36: 3.2 Condición de aseguramiento2/ | B36: 829344 | C36: =B36-J36 -> 105601 | D36: =C36/J36*100 -> 14.590953 | E36: =IF(B36<K36,-1,IF(B36>L36,1,0)) -> 1 | F36: =+B36-F37 -> 0 | G36: =+C36-G37 -> 0 | J36: 723743 | K36: 675442.35 | L36: 772043.65
A37: No tiene seguro por trabajo | B37: 273612 | C37: =B37-J37 -> 27727 | D37: =C37/J37*100 -> 11.27641 | E37: =IF(B37<K37,-1,IF(B37>L37,1,0)) -> 1 | F37: =SUM(B37:B38) -> 829344 | G37: =SUM(C37:C38) -> 105601 | J37: 245885 | K37: 220090.74 | L37: 271679.26
A38: Tiene seguro por trabajo | B38: 555732 | C38: =B38-J38 -> 77874 | D38: =C38/J38*100 -> 16.296473 | E38: =IF(B38<K38,-1,IF(B38>L38,1,0)) -> 1 | J38: 477858 | K38: 439002.94 | L38: 516713.06
A40: 3.3 Nivel de educación3/ | B40: 829344 | C40: =B40-J40 -> 105601 | D40: =C40/J40*100 -> 14.590953 | E40: =IF(B40<K40,-1,IF(B40>L40,1,0)) -> 1 | F40: =+B40-F41 -> 0 | G40: =+C40-G41 -> #VALUE! | J40: 723743 | K40: 675442.35 | L40: 772043.65
A41: Primaria incompleta o menos | B41: 40784 | C41: =B41-J41 -> -527 | D41: =C41/J41*100 -> -1.2756893 | E41: =IF(B41<K41,-1,IF(B41>L41,1,0)) -> 0 | F41: =SUM(B41:B47) -> 829344 | G41: =SUM(C41:C47) -> #VALUE! | J41: 41311 | K41: 31894.362 | L41: 50727.638
A42: Primaria completa | B42: 147329 | C42: =B42-J42 -> 23518 | D42: =C42/J42*100 -> 18.995081 | E42: =IF(B42<K42,-1,IF(B42>L42,1,0)) -> 1 | J42: 123811 | K42: 106498.65 | L42: 141123.35
A43: Secundaria incompleta | B43: 146876 | C43: =B43-J43 -> 7078 | D43: =C43/J43*100 -> 5.0630195 | E43: =IF(B43<K43,-1,IF(B43>L43,1,0)) -> 0 | J43: 139798 | K43: 117268.75 | L43: 162327.25
A44: Secundaria completa | B44: 177251 | C44: =B44-J44 -> 41481 | D44: =C44/J44*100 -> 30.552405 | E44: =IF(B44<K44,-1,IF(B44>L44,1,0)) -> 1 | J44: 135770 | K44: 112515.71 | L44: 159024.29
A45: Universitario sin título | B45: 45960 | C45: =B45-J45 -> 4850 | D45: =C45/J45*100 -> 11.797616 | E45: =IF(B45<K45,-1,IF(B45>L45,1,0)) -> 0 | J45: 41110 | K45: 30481.798 | L45: 51738.202
A46: Universitario con título | B46: 271048 | C46: =B46-J46 -> 29105 | D46: =C46/J46*100 -> 12.029693 | E46: =IF(B46<K46,-1,IF(B46>L46,1,0)) -> 0 | J46: 241943 | K46: 212757.42 | L46: 271128.58
A47: No especificado | B47: 96 | C47: =B47-J47 -> #VALUE! | D47: =C47/J47*100 -> #VALUE! | E47: 0 | J47: - | K47: - | L47: -
A49: 3.4 Búsqueda para cambiar de trabajo4/ | B49: 829344 | C49: =B49-J49 -> 105601 | D49: =C49/J49*100 -> 14.590953 | E49: =IF(B49<K49,-1,IF(B49>L49,1,0)) -> 1 | F49: =+B49-F50 -> 0 | G49: =+C49-G50 -> 0 | J49: 723743 | K49: 675442.35 | L49: 772043.65
A50: Ocupado que no busca cambiar de trabajo | B50: 757290 | C50: =B50-J50 -> 78113 | D50: =C50/J50*100 -> 11.501126 | E50: =IF(B50<K50,-1,IF(B50>L50,1,0)) -> 1 | F50: =SUM(B50:B51) -> 829344 | G50: =SUM(C50:C51) -> 105601 | J50: 679177 | K50: 632888.32 | L50: 725465.68
A51: Ocupado que busca cambiar de trabajo | B51: 72054 | C51: =B51-J51 -> 27488 | D51: =C51/J51*100 -> 61.679307 | E51: =IF(B51<K51,-1,IF(B51>L51,1,0)) -> 1 | J51: 44566 | K51: 33576.56 | L51: 55555.44
A53: 3.5 Formalidad e informalidad | B53: 829344 | C53: =B53-J53 -> 105601 | D53: =C53/J53*100 -> 14.590953 | E53: =IF(B53<K53,-1,IF(B53>L53,1,0)) -> 1 | J53: 723743 | K53: 675442.35 | L53: 772043.65
A54: Ocupado con empleo formal | B54: 462105 | C54: =B54-J54 -> 57228 | D54: =C54/J54*100 -> 14.134663 | E54: =IF(B54<K54,-1,IF(B54>L54,1,0)) -> 1 | J54: 404877 | K54: 369602.44 | L54: 440151.56
A55: Ocupado con empleo informal | B55: 367239 | C55: =B55-J55 -> 48373 | D55: =C55/J55*100 -> 15.170322 | E55: =IF(B55<K55,-1,IF(B55>L55,1,0)) -> 1 | J55: 318866 | K55: 287620.62 | L55: 350111.38
A57: 4. Población desempleada5/ | B57: 151402 | C57: =B57-J57 -> -84689 | D57: =C57/J57*100 -> -35.871338 | E57: =IF(B57<K57,-1,IF(B57>L57,1,0)) -> -1 | J57: 236091 | K57: 204813.29 | L57: 267368.71
A59: 4.1 Tipo desempleado | B59: 151402 | C59: =B59-J59 -> -84689 | D59: =C59/J59*100 -> -35.871338 | E59: =IF(B59<K59,-1,IF(B59>L59,1,0)) -> -1 | F59: =+B59-F61 -> 0 | G59: =+C59-G61 -> 0 | J59: 236091 | K59: 204813.29 | L59: 267368.71
A60: Con experiencia | B60: 124519 | C60: =B60-J60 -> -81163 | D60: =C60/J60*100 -> -39.460429 | E60: =IF(B60<K60,-1,IF(B60>L60,1,0)) -> -1 | F60: =+B60-F62 -> 0 | G60: =+C60-G62 -> 0 | J60: 205682 | K60: 181081.98 | L60: 230282.02
A61: Por razones del mercado y cierre de actividades propias6/ | B61: 91926 | C61: =B61-J61 -> -81695 | D61: =C61/J61*100 -> -47.05364 | E61: =IF(B61<K61,-1,IF(B61>L61,1,0)) -> -1 | F61: =+B60+B63 -> 151402 | G61: =+C60+C63 -> -84689 | J61: 173621 | K61: 152773 | L61: 194469
A62: Por razones personales7/ | B62: 32593 | C62: =B62-J62 -> 532 | D62: =C62/J62*100 -> 1.6593369 | E62: =IF(B62<K62,-1,IF(B62>L62,1,0)) -> 0 | F62: =+B62+B61 -> 124519 | G62: =+C62+C61 -> -81163 | J62: 32061 | K62: 21014.321 | L62: 43107.679
A63: Sin experiencia | B63: 26883 | C63: =B63-J63 -> -3526 | D63: =C63/J63*100 -> -11.595251 | E63: =IF(B63<K63,-1,IF(B63>L63,1,0)) -> 0 | J63: 30409 | K63: 22074.532 | L63: 38743.468
A65: 4.2 Grupo de edad | B65: 151402 | C65: =B65-J65 -> -84689 | D65: =C65/J65*100 -> -35.871338 | E65: =IF(B65<K65,-1,IF(B65>L65,1,0)) -> -1 | F65: =+B65-F66 -> 0 | G65: =+C65-G66 -> #VALUE! | J65: 236091 | K65: 204813.29 | L65: 267368.71
A66: De 15 a 24 años | B66: 48863 | C66: =B66-J66 -> -22733 | D66: =C66/J66*100 -> -31.751774 | E66: =IF(B66<K66,-1,IF(B66>L66,1,0)) -> -1 | F66: =SUM(B66:B71) -> 151402 | G66: =SUM(C66:C71) -> #VALUE! | J66: 71596 | K66: 57168.139 | L66: 86023.861
A67: De 25 a 34 años | B67: 40794 | C67: =B67-J67 -> -23817 | D67: =C67/J67*100 -> -36.862144 | E67: =IF(B67<K67,-1,IF(B67>L67,1,0)) -> -1 | J67: 64611 | K67: 52326.195 | L67: 76895.805
A68: De 35 a 44 años | B68: 36083 | C68: =B68-J68 -> -17703 | D68: =C68/J68*100 -> -32.913769 | E68: =IF(B68<K68,-1,IF(B68>L68,1,0)) -> -1 | J68: 53786 | K68: 39817.118 | L68: 67754.882
A69: De 45 a 59 años | B69: 23104 | C69: =B69-J69 -> -17568 | D69: =C69/J69*100 -> -43.194335 | E69: =IF(B69<K69,-1,IF(B69>L69,1,0)) -> -1 | J69: 40672 | K69: 29724.926 | L69: 51619.074
A70: De 60 años o más | B70: 2558 | C70: =B70-J70 -> -2781 | D70: =C70/J70*100 -> -52.088406 | E70: =IF(B70<K70,-1,IF(B70>L70,1,0)) -> 0 | J70: 5339 | K70: 1545.2918 | L70: 9132.7082
A71: No especificado | B71: - | C71: =B71-J71 -> #VALUE! | D71: =C71/J71*100 -> #VALUE! | E71: 0 | J71: 87 | K71: - | L71: -
A73: 4.3 Nivel de educación3/ | B73: 151402 | C73: =B73-J73 -> -84689 | D73: =C73/J73*100 -> -35.871338 | E73: =IF(B73<K73,-1,IF(B73>L73,1,0)) -> -1 | F73: =+B73-F74 -> 0 | G73: =+C73-G74 -> #VALUE! | J73: 236091 | K73: 204813.29 | L73: 267368.71
A74: Primaria incompleta o menos | B74: 11361 | C74: =B74-J74 -> -5498 | D74: =C74/J74*100 -> -32.611661 | E74: =IF(B74<K74,-1,IF(B74>L74,1,0)) -> 0 | F74: =SUM(B74:B80) -> 151402 | G74: =SUM(C74:C80) -> #VALUE! | J74: 16859 | K74: 9387.6113 | L74: 24330.389
A75: Primaria completa | B75: 22036 | C75: =B75-J75 -> -17063 | D75: =C75/J75*100 -> -43.640502 | E75: =IF(B75<K75,-1,IF(B75>L75,1,0)) -> -1 | J75: 39099 | K75: 29419.965 | L75: 48778.035
A76: Secundaria incompleta | B76: 39598 | C76: =B76-J76 -> -25148 | D76: =C76/J76*100 -> -38.841009 | E76: =IF(B76<K76,-1,IF(B76>L76,1,0)) -> -1 | J76: 64746 | K76: 45934.689 | L76: 83557.311
A77: Secundaria completa | B77: 41818 | C77: =B77-J77 -> -25350 | D77: =C77/J77*100 -> -37.741186 | E77: =IF(B77<K77,-1,IF(B77>L77,1,0)) -> -1 | J77: 67168 | K77: 54028.613 | L77: 80307.387
A78: Universitario sin título | B78: 13192 | C78: =B78-J78 -> -6931 | D78: =C78/J78*100 -> -34.443174 | E78: =IF(B78<K78,-1,IF(B78>L78,1,0)) -> 0 | J78: 20123 | K78: 12360.875 | L78: 27885.125
A79: Universitario con título | B79: 23397 | C79: =B79-J79 -> -4699 | D79: =C79/J79*100 -> -16.724801 | E79: =IF(B79<K79,-1,IF(B79>L79,1,0)) -> 0 | J79: 28096 | K79: 18927.706 | L79: 37264.294
A80: No especificado | B80: - | C80: =B80-J80 -> #VALUE! | D80: - | E80: 0 | J80: - | K80: - | L80: -
A82: 5. Población fuera de la fuerza de trabajo | B82: 1061354 | C82: =B82-J82 -> 5510 | D82: =C82/J82*100 -> 0.5218574 | E82: =IF(B82<K82,-1,IF(B82>L82,1,0)) -> 0 | J82: 1055844 | K82: 1010852.1 | L82: 1100835.9
A84: 5.1 Disponibilidad | B84: 1061354 | C84: =B84-J84 -> 5510 | D84: =C84/J84*100 -> 0.5218574 | E84: =IF(B84<K84,-1,IF(B84>L84,1,0)) -> 0 | F84: =+B84-F85 -> 0 | G84: =+C84-G85 -> 0 | J84: 1055844 | K84: 1010852.1 | L84: 1100835.9
A85: No disponible para trabajar8/ | B85: 975692 | C85: =B85-J85 -> 7724 | D85: =C85/J85*100 -> 0.79796026 | E85: =IF(B85<K85,-1,IF(B85>L85,1,0)) -> 0 | F85: =SUM(B85:B87) -> 1061354 | G85: =SUM(C85:C87) -> 5510 | J85: 967968 | K85: 922696.13 | L85: 1013239.9
A86: Disponible con limitaciones9/ | B86: 71979 | C86: =B86-J86 -> 13720 | D86: =C86/J86*100 -> 23.550009 | E86: =IF(B86<K86,-1,IF(B86>L86,1,0)) -> 1 | J86: 58259 | K86: 48949.428 | L86: 67568.572
A87: Disponible desalentada10/ | B87: 13683 | C87: =B87-J87 -> -15934 | D87: =C87/J87*100 -> -53.800182 | E87: =IF(B87<K87,-1,IF(B87>L87,1,0)) -> -1 | J87: 29617 | K87: 20991.084 | L87: 38242.916
A89: 5.2 Grupo de edad | B89: 1061354 | C89: =B89-J89 -> 5510 | D89: =C89/J89*100 -> 0.5218574 | E89: =IF(B89<K89,-1,IF(B89>L89,1,0)) -> 0 | F89: =+B89-F90 -> 0 | G89: =+C89-G90 -> 0 | J89: 1055844 | K89: 1010852.1 | L89: 1100835.9
A90: De 15 a 24 años | B90: 233438 | C90: =B90-J90 -> 29404 | D90: =C90/J90*100 -> 14.411324 | E90: =IF(B90<K90,-1,IF(B90>L90,1,0)) -> 1 | F90: =SUM(B90:B95) -> 1061354 | G90: =SUM(C90:C95) -> 5510 | J90: 204034 | K90: 184134.6 | L90: 223933.4
A91: De 25 a 34 años | B91: 90735 | C91: =B91-J91 -> -23887 | D91: =C91/J91*100 -> -20.839804 | E91: =IF(B91<K91,-1,IF(B91>L91,1,0)) -> -1 | J91: 114622 | K91: 99164.106 | L91: 130079.89
A92: De 35 a 44 años | B92: 118019 | C92: =B92-J92 -> 13327 | D92: =C92/J92*100 -> 12.729721 | E92: =IF(B92<K92,-1,IF(B92>L92,1,0)) -> 0 | J92: 104692 | K92: 91255.557 | L92: 118128.44
A93: De 45 a 59 años | B93: 204401 | C93: =B93-J93 -> -16601 | D93: =C93/J93*100 -> -7.5116967 | E93: =IF(B93<K93,-1,IF(B93>L93,1,0)) -> 0 | J93: 221002 | K93: 198904.61 | L93: 243099.39
A94: De 60 años o más | B94: 414682 | C94: =B94-J94 -> 3381 | D94: =C94/J94*100 -> 0.82202572 | E94: =IF(B94<K94,-1,IF(B94>L94,1,0)) -> 0 | J94: 411301 | K94: 376698.32 | L94: 445903.68
A95: No especificado | B95: 79 | C95: =B95-J95 -> -114 | D95: =C95/J95*100 -> -59.067358 | E95: 0 | J95: 193 | K95: - | L95: -
A97: 5.3 Nivel de educación3/ | B97: 1061354 | C97: =B97-J97 -> 5510 | D97: =C97/J97*100 -> 0.5218574 | E97: =IF(B97<K97,-1,IF(B97>L97,1,0)) -> 0 | F97: =+B97-F98 -> 0 | G97: =+C97-G98 -> 0 | J97: 1055844 | K97: 1010852.1 | L97: 1100835.9
A98: Primaria incompleta o menos | B98: 182737 | C98: =B98-J98 -> -16601 | D98: =C98/J98*100 -> -8.3280659 | E98: =IF(B98<K98,-1,IF(B98>L98,1,0)) -> 0 | F98: =SUM(B98:B104) -> 1061354 | G98: =SUM(C98:C104) -> 5510 | J98: 199338 | K98: 181155.15 | L98: 217520.85
A99: Primaria completa | B99: 286695 | C99: =B99-J99 -> -22367 | D99: =C99/J99*100 -> -7.2370592 | E99: =IF(B99<K99,-1,IF(B99>L99,1,0)) -> 0 | J99: 309062 | K99: 279686.93 | L99: 338437.07
A100: Secundaria incompleta | B100: 286549 | C100: =B100-J100 -> 26470 | D100: =C100/J100*100 -> 10.177677 | E100: =IF(B100<K100,-1,IF(B100>L100,1,0)) -> 1 | J100: 260079 | K100: 235365.23 | L100: 284792.77
A101: Secundaria completa | B101: 144417 | C101: =B101-J101 -> -10007 | D101: =C101/J101*100 -> -6.4802103 | E101: =IF(B101<K101,-1,IF(B101>L101,1,0)) -> 0 | J101: 154424 | K101: 134877.69 | L101: 173970.31
A102: Universitario sin título | B102: 51090 | C102: =B102-J102 -> 7549 | D102: =C102/J102*100 -> 17.337682 | E102: =IF(B102<K102,-1,IF(B102>L102,1,0)) -> 0 | J102: 43541 | K102: 34989.67 | L102: 52092.33
A103: Universitario con título | B103: 109788 | C103: =B103-J103 -> 20790 | D103: =C103/J103*100 -> 23.360076 | E103: =IF(B103<K103,-1,IF(B103>L103,1,0)) -> 1 | J103: 88998 | K103: 73072.331 | L103: 104923.67
A104: No especificado | B104: 78 | C104: =B104-J104 -> -324 | D104: =C104/J104*100 -> -80.597015 | E104: 0 | J104: 402 | K104: 50.411583 | L104: 753.58842
A106: 6. Porcentajes
A108: 6.1 Tasas de la población de 15 años o más
A109: Tasa neta de participación | B109: 48.026345 | C109: =B109-J109 -> 0.40792622 | D109: =C109/J109*100 -> 0.85665636 | E109: =IF(B109<K109,-1,IF(B109>L109,1,0)) -> 0 | J109: 47.618419 | K109: 45.695942 | L109: 49.540896
A110: Tasa de ocupación11/ | B110: 40.612311 | C110: =B110-J110 -> 4.7066255 | D110: =C110/J110*100 -> 13.108302 | E110: =IF(B110<K110,-1,IF(B110>L110,1,0)) -> 1 | J110: 35.905685 | K110: 33.914018 | L110: 37.897353
A111: Tasa de no participación | B111: 51.973655 | C111: =B111-J111 -> -0.40792622 | D111: =C111/J111*100 -> -0.77875889 | E111: =IF(B111<K111,-1,IF(B111>L111,1,0)) -> 0 | J111: 52.381581 | K111: 50.459104 | L111: 54.304058
A113: 6.2 Tasas de la fuerza de trabajo
A114: Tasa de desempleo12/ | B114: 15.437432 | C114: =B114-J114 -> -9.1596334 | D114: =C114/J114*100 -> -37.238724 | E114: =IF(B114<K114,-1,IF(B114>L114,1,0)) -> -1 | J114: 24.597066 | K114: 21.635614 | L114: 27.558518
A115: Tasa de presión general13/ | B115: 22.784289 | C115: =B115-J115 -> -6.4558716 | D115: =C115/J115*100 -> -22.078783 | E115: =IF(B115<K115,-1,IF(B115>L115,1,0)) -> -1 | J115: 29.24016 | K115: 26.177602 | L115: 32.302718
A117: 6.3 Porcentaje de la población ocupada
A118: Porcentaje de ocupados con seguro por trabajo14/ | B118: 67.008624 | C118: =B118-J118 -> 0.98270012 | D118: =C118/J118*100 -> 1.488355 | E118: =IF(B118<K118,-1,IF(B118>L118,1,0)) -> 0 | J118: 66.025924 | K118: 63.102057 | L118: 68.94979
A119: Porcentaje de ocupados con subempleo | B119: 12.345179 | C119: =B119-J119 -> -5.9288494 | D119: =C119/J119*100 -> -32.444129 | E119: =IF(B119<K119,-1,IF(B119>L119,1,0)) -> -1 | J119: 18.274028 | K119: 15.66859 | L119: 20.879466
A120: Porcentaje de ocupados con empleo informal15/ | B120: 44.28066 | C120: =B120-J120 -> 44.28066 | D120: =C120/J120*100 -> #DIV/0! | E120: =IF(B120<K120,-1,IF(B120>L120,1,0)) -> 1
A122: 6.4 Otros indicadores complementarios
A123: Tasa de desempleo ampliado16/ | B123: 16.600984 | C123: =B123-J123 -> -10.2531 | D123: =C123/J123*100 -> -38.180784 | E123: =IF(B123<K123,-1,IF(B123>L123,1,0)) -> -1 | J123: 26.854084 | K123: 23.778932 | L123: 29.929236
A124: 1/ Personas en la fuerza de trabajo que participaron en la producción de bienes y servicios económicos (trabajaron) por lo menos una hora en la semana de referencia. Incluye a las personas que pese a tener trabajo no lo realizaron en la semana de referencia, por alguna circunstancia especial pero tienen garantía de retornar al trabajo, siguen recibiendo sueldo por el trabajo y su periodo de ausencia no sobrepasa un mes.
...

Sheet C2 total
A1: Cuadro 2
A2: Costa Rica: Población ocupada según características del empleo
A3: ='C1 total'!A3:E3 -> II Trimestre 2022 | H3: Mismo trimestre año anterior
A4: Características del empleo | B4: =+'C1 total'!B4 -> II 2022 | C4: Variación Interanual | E4: Resultado de la prueba de significancia | F4: Para boletín | H4: Estimación | I4: Intervalo de confianza al 95%
B5: =+'C1 total'!B5 -> Abr - Jun | C5: Diferencia | D5: % | F5: Q | I5: Inferior | J5: Superior
A7: 1. Rama de actividad | B7: 2153988 | C7: =B7-H7 -> 184625 | D7: =C7/H7*100 -> 9.3748588 | E7: =IF(B7<I7,-1,IF(B7>J7,1,0)) -> 1 | F7: =+B7/1000000 -> 2.153988 | G7: =+C7/1000 -> 184.625 | H7: 1969363 | I7: 1884248.4 | J7: 2054477.6
A9: 1.1 Sector primario | B9: 212337 | C9: =B9-H9 -> -9134 | D9: =C9/H9*100 -> -4.124242 | E9: =IF(B9<I9,-1,IF(B9>J9,1,0)) -> 0 | F9: =+B9/1000 -> 212.337 | G9: =+C9/1000 -> -9.134 | H9: 221471 | I9: 198779.53 | J9: 244162.47
A10: Agricultura, ganadería y pesca | B10: 212337 | C10: =B10-H10 -> -9134 | D10: =C10/H10*100 -> -4.124242 | E10: =IF(B10<I10,-1,IF(B10>J10,1,0)) -> 0 | H10: 221471 | I10: 198779.53 | J10: 244162.47
A12: 1.2 Sector secundario | B12: 408272 | C12: =B12-H12 -> 47141 | D12: =C12/H12*100 -> 13.053712 | E12: =IF(B12<I12,-1,IF(B12>J12,1,0)) -> 1 | F12: =+B12/1000 -> 408.272 | G12: =+C12/1000 -> 47.141 | H12: 361131 | I12: 323386.43 | J12: 398875.57
A13: Industria manufacturera | B13: 255924 | C13: =B13-H13 -> 60106 | D13: =C13/H13*100 -> 30.694829 | E13: =IF(B13<I13,-1,IF(B13>J13,1,0)) -> 1 | H13: 195818 | I13: 171073.05 | J13: 220562.95
A14: Construcción | B14: 125566 | C14: =B14-H14 -> -11284 | D14: =C14/H14*100 -> -8.2455243 | E14: =IF(B14<I14,-1,IF(B14>J14,1,0)) -> 0 | H14: 136850 | I14: 108140.96 | J14: 165559.04
A15: Otros1/ | B15: 26782 | C15: =B15-H15 -> -1681 | D15: =C15/H15*100 -> -5.9059129 | E15: =IF(B15<I15,-1,IF(B15>J15,1,0)) -> 0 | H15: 28463 | I15: 20664.551 | J15: 36261.449
A17: 1.3 Sector comercio y servicios | B17: 1527729 | C17: =B17-H17 -> 160595 | D17: =C17/H17*100 -> 11.746837 | E17: =IF(B17<I17,-1,IF(B17>J17,1,0)) -> 1 | F17: =+B17/1000000 -> 1.527729 | G17: =+C17/1000 -> 160.595 | H17: 1367134 | I17: 1298412.1 | J17: 1435855.9
A18: Comercio y reparación | B18: 384734 | C18: =B18-H18 -> 55096 | D18: =C18/H18*100 -> 16.714092 | E18: =IF(B18<I18,-1,IF(B18>J18,1,0)) -> 1 | F18: =+B18/1000 -> 384.734 | G18: =+C18/1000 -> 55.096 | H18: 329638 | I18: 296055.99 | J18: 363220.01
A19: Transporte y almacenamiento | B19: 104582 | C19: =B19-H19 -> -1405 | D19: =C19/H19*100 -> -1.3256343 | E19: =IF(B19<I19,-1,IF(B19>J19,1,0)) -> 0 | F19: =+B19/1000 -> 104.582 | G19: =+C19/1000 -> -1.405 | H19: 105987 | I19: 87159.747 | J19: 124814.25
A20: Hoteles y restaurantes | B20: 141321 | C20: =B20-H20 -> 8749 | D20: =C20/H20*100 -> 6.5994328 | E20: =IF(B20<I20,-1,IF(B20>J20,1,0)) -> 0 | F20: =+B20/1000 -> 141.321 | G20: =+C20/1000 -> 8.749 | H20: 132572 | I20: 110075.67 | J20: 155068.33
A21: Intermediación financiera y de seguros | B21: 40180 | C21: =B21-H21 -> -21060 | D21: =C21/H21*100 -> -34.389288 | E21: =IF(B21<I21,-1,IF(B21>J21,1,0)) -> -1 | F21: =+B21/1000 -> 40.18 | G21: =+C21/1000 -> -21.06 | H21: 61240 | I21: 45349.151 | J21: 77130.849
A22: Actividades profesionales y administrativas de apoyo | B22: 202192 | C22: =B22-H22 -> 33798 | D22: =C22/H22*100 -> 20.070786 | E22: =IF(B22<I22,-1,IF(B22>J22,1,0)) -> 1 | F22: =+B22/1000 -> 202.192 | G22: =+C22/1000 -> 33.798 | H22: 168394 | I22: 142542.54 | J22: 194245.46
A23: Administración pública | B23: 80303 | C23: =B23-H23 -> -3920 | D23: =C23/H23*100 -> -4.6543106 | E23: =IF(B23<I23,-1,IF(B23>J23,1,0)) -> 0 | F23: =+B23/1000 -> 80.303 | G23: =+C23/1000 -> -3.92 | H23: 84223 | I23: 65384.305 | J23: 103061.7
A24: Enseñanza y salud | B24: 227037 | C24: =B24-H24 -> 37325 | D24: =C24/H24*100 -> 19.674559 | E24: =IF(B24<I24,-1,IF(B24>J24,1,0)) -> 1 | F24: =+B24/1000 -> 227.037 | G24: =+C24/1000 -> 37.325 | H24: 189712 | I24: 167809.29 | J24: 211614.71
A25: Comunicación y otros servicios2/ | B25: 213611 | C25: =B25-H25 -> 29278 | D25: =C25/H25*100 -> 15.883211 | E25: =IF(B25<I25,-1,IF(B25>J25,1,0)) -> 1 | F25: =+B25/1000 -> 213.611 | G25: =+C25/1000 -> 29.278 | H25: 184333 | I25: 160426.93 | J25: 208239.07
A26: Hogares como empleadores | B26: 133769 | C26: =B26-H26 -> 22734 | D26: =C26/H26*100 -> 20.474625 | E26: =IF(B26<I26,-1,IF(B26>J26,1,0)) -> 1 | F26: =+B26/1000 -> 133.769 | G26: =+C26/1000 -> 22.734 | H26: 111035 | I26: 92367.906 | J26: 129702.09
A28: 1.4 No especificado | B28: 5650 | C28: =B28-H28 -> -13977 | D28: =C28/H28*100 -> -71.213125 | E28: 0 | H28: 19627 | I28: 9163.032 | J28: 30090.968
A30: 2. Grupo ocupacional | B30: 2153988 | C30: =B30-H30 -> 184625 | D30: =C30/H30*100 -> 9.3748588 | E30: =IF(B30<I30,-1,IF(B30>J30,1,0)) -> 1 | H30: 1969363 | I30: 1884248.4 | J30: 2054477.6
A32: Directores y Gerentes | B32: 17151 | C32: =B32-H32 -> 1431 | D32: =C32/H32*100 -> 9.1030534 | E32: =IF(B32<I32,-1,IF(B32>J32,1,0)) -> 0 | H32: 15720 | I32: 8347.4205 | J32: 23092.579
A33: Profesionales, científicos e intelectuales | B33: 236075 | C33: =B33-H33 -> -5408 | D33: =C33/H33*100 -> -2.2394951 | E33: =IF(B33<I33,-1,IF(B33>J33,1,0)) -> 0 | H33: 241483 | I33: 207792.03 | J33: 275173.97
A34: Técnicos y profesionales de nivel medio | B34: 236194 | C34: =B34-H34 -> 18762 | D34: =C34/H34*100 -> 8.6289047 | E34: =IF(B34<I34,-1,IF(B34>J34,1,0)) -> 0 | H34: 217432 | I34: 188527.18 | J34: 246336.82
A35: Personal de apoyo administrativo | B35: 166664 | C35: =B35-H35 -> 24356 | D35: =C35/H35*100 -> 17.11499 | E35: =IF(B35<I35,-1,IF(B35>J35,1,0)) -> 1 | H35: 142308 | I35: 122813.84 | J35: 161802.16
A36: Trabajadores de los servicios y vendedores de comercios y mercados | B36: 470728 | C36: =B36-H36 -> 66675 | D36: =C36/H36*100 -> 16.501548 | E36: =IF(B36<I36,-1,IF(B36>J36,1,0)) -> 1 | H36: 404053 | I36: 370222.88 | J36: 437883.12
A37: Agricultores y trabajadores calificados agropecuarios, forestales y pesqueros | B37: 60560 | C37: =B37-H37 -> -8997 | D37: =C37/H37*100 -> -12.934715 | E37: =IF(B37<I37,-1,IF(B37>J37,1,0)) -> 0 | H37: 69557 | I37: 59291.064 | J37: 79822.936
A38: Oficiales, operarios y artesanos de artes mecánicas y de otros oficios | B38: 275740 | C38: =B38-H38 -> 40908 | D38: =C38/H38*100 -> 17.420113 | E38: =IF(B38<I38,-1,IF(B38>J38,1,0)) -> 1 | H38: 234832 | I38: 206940.01 | J38: 262723.99
A39: Operadores de instalaciones y máquinas y ensambladores | B39: 164520 | C39: =B39-H39 -> 13578 | D39: =C39/H39*100 -> 8.9955082 | E39: =IF(B39<I39,-1,IF(B39>J39,1,0)) -> 0 | H39: 150942 | I39: 130350.18 | J39: 171533.82
A40: Ocupaciones elementales | B40: 510860 | C40: =B40-H40 -> 35833 | D40: =C40/H40*100 -> 7.5433607 | E40: =IF(B40<I40,-1,IF(B40>J40,1,0)) -> 0 | H40: 475027 | I40: 435348.59 | J40: 514705.41
A41: No especificado | B41: 15496 | C41: =B41-H41 -> -2513 | D41: =C41/H41*100 -> -13.954134 | E41: 0 | H41: 18009 | I41: 9205.8725 | J41: 26812.127
A43: 3. Calificación del grupo ocupacional | B43: 2153988 | C43: =B43-H43 -> 184625 | D43: =C43/H43*100 -> 9.3748588 | E43: =IF(B43<I43,-1,IF(B43>J43,1,0)) -> 1 | H43: 1969363 | I43: 1884248.4 | J43: 2054477.6
A45: Ocupación calificada alta3/ | B45: 489420 | C45: =B45-H45 -> 14785 | D45: =C45/H45*100 -> 3.1150252 | E45: =IF(B45<I45,-1,IF(B45>J45,1,0)) -> 0 | F45: =+B45/1000 -> 489.42 | G45: =+B45/$B$43*100 -> 22.721575 | H45: 474635 | I45: 427349.05 | J45: 521920.95
A46: Ocupación calificada media4/ | B46: 1138212 | C46: =B46-H46 -> 136520 | D46: =C46/H46*100 -> 13.62894 | E46: =IF(B46<I46,-1,IF(B46>J46,1,0)) -> 1 | F46: =+B46/1000000 -> 1.138212 | G46: =+B46/$B$43*100 -> 52.842077 | H46: 1001692 | I46: 949305.65 | J46: 1054078.3
A47: Ocupación no calificada | B47: 510860 | C47: =B47-H47 -> 35833 | D47: =C47/H47*100 -> 7.5433607 | E47: =IF(B47<I47,-1,IF(B47>J47,1,0)) -> 0 | F47: =+B47/1000 -> 510.86 | G47: =+B47/$B$43*100 -> 23.716938 | H47: 475027 | I47: 435348.59 | J47: 514705.41
A48: No especificado | B48: 15496 | C48: =B48-H48 -> -2513 | D48: =C48/H48*100 -> -13.954134 | E48: 0 | H48: 18009 | I48: 9205.8725 | J48: 26812.127
A50: 4. Sector institucional | B50: 2153988 | C50: =B50-H50 -> 184625 | D50: =C50/H50*100 -> 9.3748588 | E50: =IF(B50<I50,-1,IF(B50>J50,1,0)) -> 1 | H50: 1969363 | I50: 1884248.4 | J50: 2054477.6
A52: Público | B52: 275463 | C52: =B52-H52 -> 10871 | D52: =C52/H52*100 -> 4.1085898 | E52: =IF(B52<I52,-1,IF(B52>J52,1,0)) -> 0 | H52: 264592 | I52: 232429.35 | J52: 296754.65
A53: Privado | B53: 1878525 | C53: =B53-H53 -> 173754 | D53: =C53/H53*100 -> 10.192219 | E53: =IF(B53<I53,-1,IF(B53>J53,1,0)) -> 1 | H53: 1704771 | I53: 1624565.3 | J53: 1784976.7
A54: No especificado | B54: 0 | C54: 0 | D54: - | E54: 0 | H54: - | I54: - | J54: -
A56: 5. Posición en el empleo principal | B56: 2153988 | C56: =B56-H56 -> 184625 | D56: =C56/H56*100 -> 9.3748588 | E56: =IF(B56<I56,-1,IF(B56>J56,1,0)) -> 1 | H56: 1969363 | I56: 1884248.4 | J56: 2054477.6
A58: Asalariada | B58: 1582340 | C58: =B58-H58 -> 142126 | D58: =C58/H58*100 -> 9.8683946 | E58: =IF(B58<I58,-1,IF(B58>J58,1,0)) -> 1 | F58: =+B58/1000 -> 1582.34 | G58: =+C58/1000 -> 142.126 | H58: 1440214 | I58: 1369365.4 | J58: 1511062.6
A59: Cuenta propia | B59: 476944 | C59: =B59-H59 -> 31086 | D59: =C59/H59*100 -> 6.972175 | E59: =IF(B59<I59,-1,IF(B59>J59,1,0)) -> 0 | F59: =+B59/1000 -> 476.944 | G59: =+C59/1000 -> 31.086 | H59: 445858 | I59: 411506.65 | J59: 480209.35
A60: Empleadora | B60: 63337 | C60: =B60-H60 -> 15717 | D60: =C60/H60*100 -> 33.00504 | E60: =IF(B60<I60,-1,IF(B60>J60,1,0)) -> 1 | F60: =+B60/1000 -> 63.337 | G60: =+C60/1000 -> 15.717 | H60: 47620 | I60: 37127.776 | J60: 58112.224
A61: Auxiliar no remunerado5/ | B61: 31367 | C61: =B61-H61 -> -4304 | D61: =C61/H61*100 -> -12.065824 | E61: =IF(B61<I61,-1,IF(B61>J61,1,0)) -> 0 | F61: =+B61/1000 -> 31.367 | G61: =+C61/1000 -> -4.304 | H61: 35671 | I61: 26439.166 | J61: 44902.834
A62: 1/ Incluye explotación de minas y canteras, suministros de electricidad, gas, vapor y aire acondicionado, suministros de agua, evacuación de aguas residuales y gestión de desechos y contaminación.
A63: 2/ Incluye información y comunicaciones, actividades inmobiliarias, actividades artísticas, de entretenimiento y recreativas, actividades de organizaciones y órganos extraterritoriales y otras actividades de servicios.
A64: 3/ Incluye directores y gerentes, nivel profesional, científico e intelectual, nivel técnico y profesional medio.
A65: 4/ Incluye apoyo administrativo, ventas en locales y prestación de servicios directos a personas, agropecuario, agrícolas y pesqueras calificadas, producción artesanal, construcción, mecánica, artes gráficas y manufacturas calificadas y montaje y operación de instalaciones y máquinas.
A66: 5/ Personas con trabajo, familiares o no familiares, que participan de alguna actividad económica utilizando su propia fuerza de trabajo en la unidad económica del hogar (ayuda a un cuenta propia) o como auxilio a una persona que a su vez es empleada (ayuda a un asalariado), esto sin recibir ningún tipo de pago, ni en dinero ni en especie.
A67: * Coeficiente de variación mayor al 20%. El coeficiente de variación es una medida relativa del error estándar y es la más utilizada para medir el nivel de precisión, ya que permite comparar niveles de precisión de estimaciones con diferentes unidades de medida. Estimaciones con coeficientes de variación menores al 5% se consideran muy precisas, hasta un 10% precisas, entre un 10% y 15% regularmente precisas, entre 15% y 20% aceptables, y estimaciones con coeficientes de variación mayores al 20% no son precisas y se deben utilizar con precaución.
A68: Fuente: INEC-Costa Rica. Encuesta Continua de Empleo (ECE), 2022.
A69: 1 | B69: -1 | C69: 0

Sheet C2 urbano
A1: Cuadro 2.1
A2: Costa Rica zona urbana: Población ocupada según características del empleo
A3: =+'C2 total'!A3:E3 -> II Trimestre 2022 | H3: Mismo trimestre año anterior
A4: Características del empleo | B4: =+'C2 total'!B4 -> II 2022 | C4: Variación Interanual | E4: Resultado de la prueba de significancia | F4: Para boletín | H4: Estimación | I4: Intervalo de confianza al 95%
B5: =+'C2 total'!B5 -> Abr - Jun | C5: Diferencia | D5: % | F5: Q | I5: Inferior | J5: Superior
A7: 1. Rama de actividad | B7: 1603797 | C7: =B7-H7 -> 136457 | D7: =C7/H7*100 -> 9.299617 | E7: =IF(B7<I7,-1,IF(B7>J7,1,0)) -> 1 | F7: =+B7/1000000 -> 1.603797 | G7: =+C7/1000 -> 136.457 | H7: 1467340 | I7: 1384124.8 | J7: 1550555.2
A9: 1.1 Sector primario | B9: 52476 | C9: =B9-H9 -> -8510 | D9: =C9/H9*100 -> -13.954022 | E9: =IF(B9<I9,-1,IF(B9>J9,1,0)) -> 0 | F9: =+B9/1000 -> 52.476 | G9: =+C9/1000 -> -8.51 | H9: 60986 | I9: 44286.607 | J9: 77685.393
A10: Agricultura, ganadería y pesca | B10: 52476 | C10: =B10-H10 -> -8510 | D10: =C10/H10*100 -> -13.954022 | E10: =IF(B10<I10,-1,IF(B10>J10,1,0)) -> 0 | H10: 60986 | I10: 44286.607 | J10: 77685.393
A12: 1.2 Sector secundario | B12: 321764 | C12: =B12-H12 -> 35471 | D12: =C12/H12*100 -> 12.389755 | E12: =IF(B12<I12,-1,IF(B12>J12,1,0)) -> 0 | F12: =+B12/1000 -> 321.764 | G12: =+C12/1000 -> 35.471 | H12: 286293 | I12: 249449.28 | J12: 323136.72
A13: Industria manufacturera | B13: 211970 | C13: =B13-H13 -> 52019 | D13: =C13/H13*100 -> 32.521835 | E13: =IF(B13<I13,-1,IF(B13>J13,1,0)) -> 1 | H13: 159951 | I13: 135934.27 | J13: 183967.73
A14: Construcción | B14: 90767 | C14: =B14-H14 -> -14655 | D14: =C14/H14*100 -> -13.901273 | E14: =IF(B14<I14,-1,IF(B14>J14,1,0)) -> 0 | H14: 105422 | I14: 77148.773 | J14: 133695.23
A15: Otros1/ | B15: 19027 | C15: =B15-H15 -> -1893 | D15: =C15/H15*100 -> -9.0487572 | E15: =IF(B15<I15,-1,IF(B15>J15,1,0)) -> 0 | H15: 20920 | I15: 13441.803 | J15: 28398.197
A17: 1.3 Sector comercio y servicios | B17: 1224612 | C17: =B17-H17 -> 123071 | D17: =C17/H17*100 -> 11.172621 | E17: =IF(B17<I17,-1,IF(B17>J17,1,0)) -> 1 | F17: =+B17/1000000 -> 1.224612 | G17: =+C17/1000 -> 123.071 | H17: 1101541 | I17: 1034913.7 | J17: 1168168.3
A18: Comercio y reparación | B18: 311614 | C18: =B18-H18 -> 49280 | D18: =C18/H18*100 -> 18.785213 | E18: =IF(B18<I18,-1,IF(B18>J18,1,0)) -> 1 | F18: =+B18/1000 -> 311.614 | G18: =+C18/1000 -> 49.28 | H18: 262334 | I18: 229641.88 | J18: 295026.12
A19: Transporte y almacenamiento | B19: 84943 | C19: =B19-H19 -> -1805 | D19: =C19/H19*100 -> -2.0807396 | E19: =IF(B19<I19,-1,IF(B19>J19,1,0)) -> 0 | F19: =+B19/1000 -> 84.943 | G19: =+C19/1000 -> -1.805 | H19: 86748 | I19: 68211.89 | J19: 105284.11
A20: Hoteles y restaurantes | B20: 106127 | C20: =B20-H20 -> 5764 | D20: =C20/H20*100 -> 5.7431524 | E20: =IF(B20<I20,-1,IF(B20>J20,1,0)) -> 0 | F20: =+B20/1000 -> 106.127 | G20: =+C20/1000 -> 5.764 | H20: 100363 | I20: 78355.393 | J20: 122370.61
A21: Intermediación financiera y de seguros | B21: 36474 | C21: =B21-H21 -> -21186 | D21: =C21/H21*100 -> -36.742976 | E21: =IF(B21<I21,-1,IF(B21>J21,1,0)) -> -1 | F21: =+B21/1000 -> 36.474 | G21: =+C21/1000 -> -21.186 | H21: 57660 | I21: 41831.09 | J21: 73488.91
A22: Actividades profesionales y administrativas de apoyo | B22: 171385 | C22: =B22-H22 -> 32556 | D22: =C22/H22*100 -> 23.450432 | E22: =IF(B22<I22,-1,IF(B22>J22,1,0)) -> 1 | F22: =+B22/1000 -> 171.385 | G22: =+C22/1000 -> 32.556 | H22: 138829 | I22: 113378 | J22: 164280
A23: Administración pública | B23: 65152 | C23: =B23-H23 -> 63 | D23: =C23/H23*100 -> 0.096790548 | E23: =IF(B23<I23,-1,IF(B23>J23,1,0)) -> 0 | F23: =+B23/1000 -> 65.152 | G23: =+C23/1000 -> 0.063 | H23: 65089 | I23: 46631.889 | J23: 83546.111
A24: Enseñanza y salud | B24: 182583 | C24: =B24-H24 -> 29950 | D24: =C24/H24*100 -> 19.622231 | E24: =IF(B24<I24,-1,IF(B24>J24,1,0)) -> 1 | F24: =+B24/1000 -> 182.583 | G24: =+C24/1000 -> 29.95 | H24: 152633 | I24: 131280.06 | J24: 173985.94
A25: Comunicación y otros servicios2/ | B25: 173604 | C25: =B25-H25 -> 17423 | D25: =C25/H25*100 -> 11.155646 | E25: =IF(B25<I25,-1,IF(B25>J25,1,0)) -> 0 | F25: =+B25/1000 -> 173.604 | G25: =+C25/1000 -> 17.423 | H25: 156181 | I25: 132629.95 | J25: 179732.05
A26: Hogares como empleadores | B26: 92730 | C26: =B26-H26 -> 11026 | D26: =C26/H26*100 -> 13.495055 | E26: =IF(B26<I26,-1,IF(B26>J26,1,0)) -> 0 | F26: =+B26/1000 -> 92.73 | G26: =+C26/1000 -> 11.026 | H26: 81704 | I26: 63598.882 | J26: 99809.118
A28: 1.4 No especificado | B28: 4945 | C28: =B28-H28 -> -13575 | D28: =C28/H28*100 -> -73.299136 | E28: 0 | H28: 18520 | I28: 8085.6884 | J28: 28954.312
A30: 2. Grupo ocupacional | B30: 1603797 | C30: =B30-H30 -> 136457 | D30: =C30/H30*100 -> 9.299617 | E30: =IF(B30<I30,-1,IF(B30>J30,1,0)) -> 1 | H30: 1467340 | I30: 1384124.8 | J30: 1550555.2
A32: Directores y Gerentes | B32: 15359 | C32: =B32-H32 -> 1839 | D32: =C32/H32*100 -> 13.602071 | E32: =IF(B32<I32,-1,IF(B32>J32,1,0)) -> 0 | H32: 13520 | I32: 6220.5282 | J32: 20819.472
A33: Profesionales, científicos e intelectuales | B33: 201184 | C33: =B33-H33 -> -9157 | D33: =C33/H33*100 -> -4.3534071 | E33: =IF(B33<I33,-1,IF(B33>J33,1,0)) -> 0 | H33: 210341 | I33: 177013.44 | J33: 243668.56
A34: Técnicos y profesionales de nivel medio | B34: 203193 | C34: =B34-H34 -> 11176 | D34: =C34/H34*100 -> 5.820318 | E34: =IF(B34<I34,-1,IF(B34>J34,1,0)) -> 0 | H34: 192017 | I34: 163472.44 | J34: 220561.56
A35: Personal de apoyo administrativo | B35: 141272 | C35: =B35-H35 -> 21866 | D35: =C35/H35*100 -> 18.312313 | E35: =IF(B35<I35,-1,IF(B35>J35,1,0)) -> 1 | H35: 119406 | I35: 100277.62 | J35: 138534.38
A36: Trabajadores de los servicios y vendedores de comercios y mercados | B36: 365750 | C36: =B36-H36 -> 48623 | D36: =C36/H36*100 -> 15.332343 | E36: =IF(B36<I36,-1,IF(B36>J36,1,0)) -> 1 | H36: 317127 | I36: 284147.81 | J36: 350106.19
A37: Agricultores y trabajadores calificados agropecuarios, forestales y pesqueros | B37: 14027 | C37: =B37-H37 -> -3693 | D37: =C37/H37*100 -> -20.840858 | E37: =IF(B37<I37,-1,IF(B37>J37,1,0)) -> 0 | H37: 17720 | I37: 10464.267 | J37: 24975.733
A38: Oficiales, operarios y artesanos de artes mecánicas y de otros oficios | B38: 220103 | C38: =B38-H38 -> 39637 | D38: =C38/H38*100 -> 21.963694 | E38: =IF(B38<I38,-1,IF(B38>J38,1,0)) -> 1 | H38: 180466 | I38: 153264.48 | J38: 207667.52
A39: Operadores de instalaciones y máquinas y ensambladores | B39: 127903 | C39: =B39-H39 -> 13297 | D39: =C39/H39*100 -> 11.602359 | E39: =IF(B39<I39,-1,IF(B39>J39,1,0)) -> 0 | H39: 114606 | I39: 94622.44 | J39: 134589.56
A40: Ocupaciones elementales | B40: 300361 | C40: =B40-H40 -> 14763 | D40: =C40/H40*100 -> 5.1691538 | E40: =IF(B40<I40,-1,IF(B40>J40,1,0)) -> 0 | H40: 285598 | I40: 247854.61 | J40: 323341.39
A41: No especificado | B41: 14645 | C41: =B41-H41 -> -1894 | D41: =C41/H41*100 -> -11.45172 | E41: 0 | H41: 16539 | I41: 7799.5485 | J41: 25278.452
A43: 3. Calificación del grupo ocupacional | B43: 1603797 | C43: =B43-H43 -> 136457 | D43: =C43/H43*100 -> 9.299617 | E43: =IF(B43<I43,-1,IF(B43>J43,1,0)) -> 1 | H43: 1467340 | I43: 1384124.8 | J43: 1550555.2
A45: Ocupación calificada alta3/ | B45: 419736 | C45: =B45-H45 -> 3858 | D45: =C45/H45*100 -> 0.9276759 | E45: =IF(B45<I45,-1,IF(B45>J45,1,0)) -> 0 | F45: =+B45/1000 -> 419.736 | G45: =+C45/1000 -> 3.858 | H45: 415878 | I45: 369243.69 | J45: 462512.31
A46: Ocupación calificada media4/ | B46: 869055 | C46: =B46-H46 -> 119730 | D46: =C46/H46*100 -> 15.978381 | E46: =IF(B46<I46,-1,IF(B46>J46,1,0)) -> 1 | F46: =+B46/1000 -> 869.055 | G46: =+C46/1000 -> 119.73 | H46: 749325 | I46: 698335.96 | J46: 800314.04
A47: Ocupación no calificada | B47: 300361 | C47: =B47-H47 -> 14763 | D47: =C47/H47*100 -> 5.1691538 | E47: =IF(B47<I47,-1,IF(B47>J47,1,0)) -> 0 | F47: =+B47/1000 -> 300.361 | G47: =+C47/1000 -> 14.763 | H47: 285598 | I47: 247854.61 | J47: 323341.39
A48: No especificado | B48: 14645 | C48: =B48-H48 -> -1894 | D48: =C48/H48*100 -> -11.45172 | E48: 0 | H48: 16539 | I48: 7799.5485 | J48: 25278.452
A50: 4. Sector institucional | B50: 1603797 | C50: =B50-H50 -> 136457 | D50: =C50/H50*100 -> 9.299617 | E50: =IF(B50<I50,-1,IF(B50>J50,1,0)) -> 1 | H50: 1467340 | I50: 1384124.8 | J50: 1550555.2
A52: Público | B52: 213757 | C52: =B52-H52 -> 8168 | D52: =C52/H52*100 -> 3.9729752 | E52: =IF(B52<I52,-1,IF(B52>J52,1,0)) -> 0 | H52: 205589 | I52: 174244.83 | J52: 236933.17
A53: Privado | B53: 1390040 | C53: =B53-H53 -> 128289 | D53: =C53/H53*100 -> 10.167537 | E53: =IF(B53<I53,-1,IF(B53>J53,1,0)) -> 1 | H53: 1261751 | I53: 1183439.2 | J53: 1340062.8
A54: No especificado | B54: 0 | C54: 0 | D54: - | E54: 0 | H54: - | I54: - | J54: -
A56: 5. Posición en el empleo principal | B56: 1603797 | C56: =B56-H56 -> 136457 | D56: =C56/H56*100 -> 9.299617 | E56: =IF(B56<I56,-1,IF(B56>J56,1,0)) -> 1 | H56: 1467340 | I56: 1384124.8 | J56: 1550555.2
A58: Asalariada | B58: 1190930 | C58: =B58-H58 -> 91338 | D58: =C58/H58*100 -> 8.3065355 | E58: =IF(B58<I58,-1,IF(B58>J58,1,0)) -> 1 | F58: =+B58/1000 -> 1190.93 | G58: =+C58/1000 -> 91.338 | H58: 1099592 | I58: 1030597.1 | J58: 1168586.9
A59: Cuenta propia | B59: 347488 | C59: =B59-H59 -> 33373 | D59: =C59/H59*100 -> 10.624453 | E59: =IF(B59<I59,-1,IF(B59>J59,1,0)) -> 1 | F59: =+B59/1000 -> 347.488 | G59: =+C59/1000 -> 33.373 | H59: 314115 | I59: 280868.42 | J59: 347361.58
A60: Empleadora | B60: 45917 | C60: =B60-H60 -> 13777 | D60: =C60/H60*100 -> 42.865588 | E60: =IF(B60<I60,-1,IF(B60>J60,1,0)) -> 1 | F60: =+B60/1000 -> 45.917 | G60: =+C60/1000 -> 13.777 | H60: 32140 | I60: 22308.882 | J60: 41971.118
A61: Auxiliar no remunerado5/ | B61: 19462 | C61: =B61-H61 -> -2031 | D61: =C61/H61*100 -> -9.4495882 | E61: =IF(B61<I61,-1,IF(B61>J61,1,0)) -> 0 | F61: =+B61/1000 -> 19.462 | G61: =+C61/1000 -> -2.031 | H61: 21493 | I61: 12938.775 | J61: 30047.225
A62: 1/ Incluye explotación de minas y canteras, suministros de electricidad, gas, vapor y aire acondicionado, suministros de agua, evacuación de aguas residuales y gestión de desechos y contaminación.
A63: 2/ Incluye información y comunicaciones, actividades inmobiliarias, actividades artísticas, de entretenimiento y recreativas, actividades de organizaciones y órganos extraterritoriales y otras actividades de servicios.
A64: 3/ Incluye directores y gerentes, nivel profesional, científico e intelectual, nivel técnico y profesional medio.
A65: 4/ Incluye apoyo administrativo, ventas en locales y prestación de servicios directos a personas, agropecuario, agrícolas y pesqueras calificadas, producción artesanal, construcción, mecánica, artes gráficas y manufacturas calificadas y montaje y operación de instalaciones y máquinas.
A66: 5/ Personas con trabajo, familiares o no familiares, que participan de alguna actividad económica utilizando su propia fuerza de trabajo en la unidad económica del hogar (ayuda a un cuenta propia) o como auxilio a una persona que a su vez es empleada (ayuda a un asalariado), esto sin recibir ningún tipo de pago, ni en dinero ni en especie.
A67: * Coeficiente de variación mayor al 20%. El coeficiente de variación es una medida relativa del error estándar y es la más utilizada para medir el nivel de precisión, ya que permite comparar niveles de precisión de estimaciones con diferentes unidades de medida. Estimaciones con coeficientes de variación menores al 5% se consideran muy precisas, hasta un 10% precisas, entre un 10% y 15% regularmente precisas, entre 15% y 20% aceptables, y estimaciones con coeficientes de variación mayores al 20% no son precisas y se deben utilizar con precaución.
A68: Fuente: INEC-Costa Rica. Encuesta Continua de Empleo (ECE), 2022.
A69: 1 | B69: -1 | C69: 0

Sheet C2 rural
A1: Cuadro 2.2
A2: Costa Rica zona rural: Población ocupada según características del empleo
A3: =+'C2 urbano'!A3:E3 -> II Trimestre 2022 | H3: Mismo trimestre año anterior
A4: Características del empleo | B4: =+'C2 urbano'!B4 -> II 2022 | C4: Variación Interanual | E4: Resultado de la prueba de significancia | F4: Para boletín | H4: Estimación | I4: Intervalo de confianza al 95%
B5: =+'C2 urbano'!B5 -> Abr - Jun | C5: Diferencia | D5: % | F5: Q | I5: Inferior | J5: Superior
A7: 1. Rama de actividad | B7: 550191 | C7: =B7-H7 -> 48168 | D7: =C7/H7*100 -> 9.5947795 | E7: =IF(B7<I7,-1,IF(B7>J7,1,0)) -> 1 | F7: =+B7/1000 -> 550.191 | G7: =+C7/1000 -> 48.168 | H7: 502023 | I7: 484142.16 | J7: 519903.84
A9: 1.1 Sector primario | B9: 159861 | C9: =B9-H9 -> -624 | D9: =C9/H9*100 -> -0.38882139 | E9: =IF(B9<I9,-1,IF(B9>J9,1,0)) -> 0 | F9: =+B9/1000 -> 159.861 | G9: =+C9/1000 -> -0.624 | H9: 160485 | I9: 145068.91 | J9: 175901.09
A10: Agricultura, ganadería y pesca | B10: 159861 | C10: =B10-H10 -> -624 | D10: =C10/H10*100 -> -0.38882139 | E10: =IF(B10<I10,-1,IF(B10>J10,1,0)) -> 0 | H10: 160485 | I10: 145068.91 | J10: 175901.09
A12: 1.2 Sector secundario | B12: 86508 | C12: =B12-H12 -> 11670 | D12: =C12/H12*100 -> 15.593682 | E12: =IF(B12<I12,-1,IF(B12>J12,1,0)) -> 1 | F12: =+B12/1000 -> 86.508 | G12: =+C12/1000 -> 11.67 | H12: 74838 | I12: 66426.655 | J12: 83249.345
A13: Industria manufacturera | B13: 43954 | C13: =B13-H13 -> 8087 | D13: =C13/H13*100 -> 22.547188 | E13: =IF(B13<I13,-1,IF(B13>J13,1,0)) -> 1 | H13: 35867 | I13: 29780.199 | J13: 41953.801
A14: Construcción | B14: 34799 | C14: =B14-H14 -> 3371 | D14: =C14/H14*100 -> 10.726104 | E14: =IF(B14<I14,-1,IF(B14>J14,1,0)) -> 0 | H14: 31428 | I14: 26244.407 | J14: 36611.593
A15: Otros1/ | B15: 7755 | C15: =B15-H15 -> 212 | D15: =C15/H15*100 -> 2.8105528 | E15: =IF(B15<I15,-1,IF(B15>J15,1,0)) -> 0 | H15: 7543 | I15: 5296.3393 | J15: 9789.6607
A17: 1.3 Sector comercio y servicios | B17: 303117 | C17: =B17-H17 -> 37524 | D17: =C17/H17*100 -> 14.128384 | E17: =IF(B17<I17,-1,IF(B17>J17,1,0)) -> 1 | F17: =+B17/1000 -> 303.117 | G17: =+C17/1000 -> 37.524 | H17: 265593 | I17: 248405.71 | J17: 282780.29
A18: Comercio y reparación | B18: 73120 | C18: =B18-H18 -> 5816 | D18: =C18/H18*100 -> 8.6413883 | E18: =IF(B18<I18,-1,IF(B18>J18,1,0)) -> 0 | F18: =+B18/1000 -> 73.12 | G18: =+C18/1000 -> 5.816 | H18: 67304 | I18: 59442.54 | J18: 75165.46
A19: Transporte y almacenamiento | B19: 19639 | C19: =B19-H19 -> 400 | D19: =C19/H19*100 -> 2.0791101 | E19: =IF(B19<I19,-1,IF(B19>J19,1,0)) -> 0 | F19: =+B19/1000 -> 19.639 | G19: =+C19/1000 -> 0.4 | H19: 19239 | I19: 15810.581 | J19: 22667.419
A20: Hoteles y restaurantes | B20: 35194 | C20: =B20-H20 -> 2985 | D20: =C20/H20*100 -> 9.267596 | E20: =IF(B20<I20,-1,IF(B20>J20,1,0)) -> 0 | F20: =+B20/1000 -> 35.194 | G20: =+C20/1000 -> 2.985 | H20: 32209 | I20: 27412.055 | J20: 37005.945
A21: Intermediación financiera y de seguros | B21: 3706 | C21: =B21-H21 -> 126 | D21: =C21/H21*100 -> 3.5195531 | E21: =IF(B21<I21,-1,IF(B21>J21,1,0)) -> 0 | F21: =+B21/1000 -> 3.706 | G21: =+C21/1000 -> 0.126 | H21: 3580 | I21: 1973.8992 | J21: 5186.1008
A22: Actividades profesionales y administrativas de apoyo | B22: 30807 | C22: =B22-H22 -> 1242 | D22: =C22/H22*100 -> 4.2009132 | E22: =IF(B22<I22,-1,IF(B22>J22,1,0)) -> 0 | F22: =+B22/1000 -> 30.807 | G22: =+C22/1000 -> 1.242 | H22: 29565 | I22: 24853.699 | J22: 34276.301
A23: Administración pública | B23: 15151 | C23: =B23-H23 -> -3983 | D23: =C23/H23*100 -> -20.816348 | E23: =IF(B23<I23,-1,IF(B23>J23,1,0)) -> -1 | F23: =+B23/1000 -> 15.151 | G23: =+C23/1000 -> -3.983 | H23: 19134 | I23: 15246.344 | J23: 23021.656
A24: Enseñanza y salud | B24: 44454 | C24: =B24-H24 -> 7375 | D24: =C24/H24*100 -> 19.889965 | E24: =IF(B24<I24,-1,IF(B24>J24,1,0)) -> 1 | F24: =+B24/1000 -> 44.454 | G24: =+C24/1000 -> 7.375 | H24: 37079 | I24: 32080.937 | J24: 42077.063
A25: Comunicación y otros servicios2/ | B25: 40007 | C25: =B25-H25 -> 11855 | D25: =C25/H25*100 -> 42.110685 | E25: =IF(B25<I25,-1,IF(B25>J25,1,0)) -> 1 | F25: =+B25/1000 -> 40.007 | G25: =+C25/1000 -> 11.855 | H25: 28152 | I25: 23878.878 | J25: 32425.122
A26: Hogares como empleadores | B26: 41039 | C26: =B26-H26 -> 11708 | D26: =C26/H26*100 -> 39.916812 | E26: =IF(B26<I26,-1,IF(B26>J26,1,0)) -> 1 | F26: =+B26/1000 -> 41.039 | G26: =+C26/1000 -> 11.708 | H26: 29331 | I26: 24689.65 | J26: 33972.35
A28: 1.4 No especificado | B28: 705 | C28: =B28-H28 -> -402 | D28: =C28/H28*100 -> -36.314363 | E28: 0 | H28: 1107 | I28: 165.72346 | J28: 2048.2765
A30: 2. Grupo ocupacional | B30: 550191 | C30: =B30-H30 -> 48168 | D30: =C30/H30*100 -> 9.5947795 | E30: =IF(B30<I30,-1,IF(B30>J30,1,0)) -> 1 | H30: 502023 | I30: 484142.16 | J30: 519903.84
A32: Directores y Gerentes | B32: 1792 | C32: =B32-H32 -> -408 | D32: =C32/H32*100 -> -18.545455 | E32: =IF(B32<I32,-1,IF(B32>J32,1,0)) -> 0 | H32: 2200 | I32: 1101.8106 | J32: 3298.1894
A33: Profesionales, científicos e intelectuales | B33: 34891 | C33: =B33-H33 -> 3749 | D33: =C33/H33*100 -> 12.038405 | E33: =IF(B33<I33,-1,IF(B33>J33,1,0)) -> 0 | H33: 31142 | I33: 25932.059 | J33: 36351.941
A34: Técnicos y profesionales de nivel medio | B34: 33001 | C34: =B34-H34 -> 7586 | D34: =C34/H34*100 -> 29.848515 | E34: =IF(B34<I34,-1,IF(B34>J34,1,0)) -> 1 | H34: 25415 | I34: 20644.931 | J34: 30185.069
A35: Personal de apoyo administrativo | B35: 25392 | C35: =B35-H35 -> 2490 | D35: =C35/H35*100 -> 10.872413 | E35: =IF(B35<I35,-1,IF(B35>J35,1,0)) -> 0 | H35: 22902 | I35: 19019.961 | J35: 26784.039
A36: Trabajadores de los servicios y vendedores de comercios y mercados | B36: 104978 | C36: =B36-H36 -> 18052 | D36: =C36/H36*100 -> 20.767089 | E36: =IF(B36<I36,-1,IF(B36>J36,1,0)) -> 1 | H36: 86926 | I36: 79198.569 | J36: 94653.431
A37: Agricultores y trabajadores calificados agropecuarios, forestales y pesqueros | B37: 46533 | C37: =B37-H37 -> -5304 | D37: =C37/H37*100 -> -10.232074 | E37: =IF(B37<I37,-1,IF(B37>J37,1,0)) -> 0 | H37: 51837 | I37: 44551.194 | J37: 59122.806
A38: Oficiales, operarios y artesanos de artes mecánicas y de otros oficios | B38: 55637 | C38: =B38-H38 -> 1271 | D38: =C38/H38*100 -> 2.3378582 | E38: =IF(B38<I38,-1,IF(B38>J38,1,0)) -> 0 | H38: 54366 | I38: 48042.598 | J38: 60689.402
A39: Operadores de instalaciones y máquinas y ensambladores | B39: 36617 | C39: =B39-H39 -> 281 | D39: =C39/H39*100 -> 0.77333774 | E39: =IF(B39<I39,-1,IF(B39>J39,1,0)) -> 0 | H39: 36336 | I39: 31261.862 | J39: 41410.138
A40: Ocupaciones elementales | B40: 210499 | C40: =B40-H40 -> 21070 | D40: =C40/H40*100 -> 11.122901 | E40: =IF(B40<I40,-1,IF(B40>J40,1,0)) -> 1 | H40: 189429 | I40: 177024.77 | J40: 201833.23
A41: No especificado | B41: 851 | C41: =B41-H41 -> -619 | D41: =C41/H41*100 -> -42.108844 | E41: 0 | H41: 1470 | I41: 326.95699 | J41: 2613.043
A43: 3. Calificación del grupo ocupacional | B43: 550191 | C43: =B43-H43 -> 48168 | D43: =C43/H43*100 -> 9.5947795 | E43: =IF(B43<I43,-1,IF(B43>J43,1,0)) -> 1 | H43: 502023 | I43: 484142.16 | J43: 519903.84
A45: Ocupación calificada alta3/ | B45: 69684 | C45: =B45-H45 -> 10927 | D45: =C45/H45*100 -> 18.596933 | E45: =IF(B45<I45,-1,IF(B45>J45,1,0)) -> 1 | F45: =+B45/1000 -> 69.684 | G45: =+C45/1000 -> 10.927 | H45: 58757 | I45: 50589.002 | J45: 66924.998
A46: Ocupación calificada media4/ | B46: 269157 | C46: =B46-H46 -> 16790 | D46: =C46/H46*100 -> 6.6530093 | E46: =IF(B46<I46,-1,IF(B46>J46,1,0)) -> 1 | F46: =+B46/1000 -> 269.157 | G46: =+C46/1000 -> 16.79 | H46: 252367 | I46: 240065.59 | J46: 264668.41
A47: Ocupación no calificada | B47: 210499 | C47: =B47-H47 -> 21070 | D47: =C47/H47*100 -> 11.122901 | E47: =IF(B47<I47,-1,IF(B47>J47,1,0)) -> 1 | F47: =+B47/1000 -> 210.499 | G47: =+C47/1000 -> 21.07 | H47: 189429 | I47: 177024.77 | J47: 201833.23
A48: No especificado | B48: 851 | C48: =B48-H48 -> -619 | D48: =C48/H48*100 -> -42.108844 | E48: 0 | H48: 1470 | I48: 326.95699 | J48: 2613.043
A50: 4. Sector institucional | B50: 550191 | C50: =B50-H50 -> 48168 | D50: =C50/H50*100 -> 9.5947795 | E50: =IF(B50<I50,-1,IF(B50>J50,1,0)) -> 1 | H50: 502023 | I50: 484142.16 | J50: 519903.84
A52: Público | B52: 61706 | C52: =B52-H52 -> 2703 | D52: =C52/H52*100 -> 4.581123 | E52: =IF(B52<I52,-1,IF(B52>J52,1,0)) -> 0 | H52: 59003 | I52: 51616.006 | J52: 66389.994
A53: Privado | B53: 488485 | C53: =B53-H53 -> 45465 | D53: =C53/H53*100 -> 10.262516 | E53: =IF(B53<I53,-1,IF(B53>J53,1,0)) -> 1 | H53: 443020 | I53: 425235.81 | J53: 460804.19
A54: No especificado | B54: 0 | C54: 0 | D54: - | E54: 0 | H54: - | I54: - | J54: -
A56: 5. Posición en el empleo principal | B56: 550191 | C56: =B56-H56 -> 48168 | D56: =C56/H56*100 -> 9.5947795 | E56: =IF(B56<I56,-1,IF(B56>J56,1,0)) -> 1 | H56: 502023 | I56: 484142.16 | J56: 519903.84
A58: Asalariada | B58: 391410 | C58: =B58-H58 -> 50788 | D58: =C58/H58*100 -> 14.91037 | E58: =IF(B58<I58,-1,IF(B58>J58,1,0)) -> 1 | F58: =+B58/1000 -> 391.41 | G58: =+C58/1000 -> 50.788 | H58: 340622 | I58: 324135.54 | J58: 357108.46
A59: Cuenta propia | B59: 129456 | C59: =B59-H59 -> -2287 | D59: =C59/H59*100 -> -1.7359556 | E59: =IF(B59<I59,-1,IF(B59>J59,1,0)) -> 0 | F59: =+B59/1000 -> 129.456 | G59: =+C59/1000 -> -2.287 | H59: 131743 | I59: 122930.65 | J59: 140555.35
A60: Empleadora | B60: 17420 | C60: =B60-H60 -> 1940 | D60: =C60/H60*100 -> 12.5323 | E60: =IF(B60<I60,-1,IF(B60>J60,1,0)) -> 0 | F60: =+B60/1000 -> 17.42 | G60: =+C60/1000 -> 1.94 | H60: 15480 | I60: 11775.416 | J60: 19184.584
A61: Auxiliar no remunerado5/ | B61: 11905 | C61: =B61-H61 -> -2273 | D61: =C61/H61*100 -> -16.03188 | E61: =IF(B61<I61,-1,IF(B61>J61,1,0)) -> 0 | F61: =+B61/1000 -> 11.905 | G61: =+C61/1000 -> -2.273 | H61: 14178 | I61: 10674.056 | J61: 17681.944
A62: 1/ Incluye explotación de minas y canteras, suministros de electricidad, gas, vapor y aire acondicionado, suministros de agua, evacuación de aguas residuales y gestión de desechos y contaminación.
A63: 2/ Incluye información y comunicaciones, actividades inmobiliarias, actividades artísticas, de entretenimiento y recreativas, actividades de organizaciones y órganos extraterritoriales y otras actividades de servicios.
A64: 3/ Incluye directores y gerentes, nivel profesional, científico e intelectual, nivel técnico y profesional medio.
A65: 4/ Incluye apoyo administrativo, ventas en locales y prestación de servicios directos a personas, agropecuario, agrícolas y pesqueras calificadas, producción artesanal, construcción, mecánica, artes gráficas y manufacturas calificadas y montaje y operación de instalaciones y máquinas.
A66: 5/ Personas con trabajo, familiares o no familiares, que participan de alguna actividad económica utilizando su propia fuerza de trabajo en la unidad económica del hogar (ayuda a un cuenta propia) o como auxilio a una persona que a su vez es empleada (ayuda a un asalariado), esto sin recibir ningún tipo de pago, ni en dinero ni en especie.
A67: * Coeficiente de variación mayor al 20%. El coeficiente de variación es una medida relativa del error estándar y es la más utilizada para medir el nivel de precisión, ya que permite comparar niveles de precisión de estimaciones con diferentes unidades de medida. Estimaciones con coeficientes de variación menores al 5% se consideran muy precisas, hasta un 10% precisas, entre un 10% y 15% regularmente precisas, entre 15% y 20% aceptables, y estimaciones con coeficientes de variación mayores al 20% no son precisas y se deben utilizar con precaución.
A68: Fuente: INEC-Costa Rica. Encuesta Continua de Empleo (ECE), 2022.
A69: 1 | B69: -1 | C69: 0

Sheet C2 hombre
A1: Cuadro 2
A2: Costa Rica hombres: Población ocupada según características del empleo
A3: ='C1 total'!A3:E3 -> II Trimestre 2022 | H3: Mismo trimestre año anterior
A4: Características del empleo | B4: =+'C1 total'!B4 -> II 2022 | C4: Variación Interanual | E4: Resultado de la prueba de significancia | F4: Para boletín | H4: Estimación | I4: Intervalo de confianza al 95%
B5: =+'C1 total'!B5 -> Abr - Jun | C5: Diferencia | D5: % | F5: Q | I5: Inferior | J5: Superior
A7: 1. Rama de actividad | B7: 1324644 | C7: =B7-H7 -> 79024 | D7: =C7/H7*100 -> 6.3441499 | E7: =IF(B7<I7,-1,IF(B7>J7,1,0)) -> 1 | F7: =+B7/1000000 -> 1.324644 | G7: =+C7/1000 -> 79.024 | H7: 1245620 | I7: 1186406.8 | J7: 1304833.2
A9: 1.1 Sector primario | B9: 183732 | C9: =B9-H9 -> -13680 | D9: =C9/H9*100 -> -6.9296699 | E9: =IF(B9<I9,-1,IF(B9>J9,1,0)) -> 0 | F9: =+B9/1000 -> 183.732 | G9: =+C9/1000 -> -13.68 | H9: 197412 | I9: 176049.24 | J9: 218774.76
A10: Agricultura, ganadería y pesca | B10: 183732 | C10: =B10-H10 -> -13680 | D10: =C10/H10*100 -> -6.9296699 | E10: =IF(B10<I10,-1,IF(B10>J10,1,0)) -> 0 | H10: 197412 | I10: 176049.24 | J10: 218774.76
A12: 1.2 Sector secundario | B12: 311979 | C12: =B12-H12 -> 22766 | D12: =C12/H12*100 -> 7.871707 | E12: =IF(B12<I12,-1,IF(B12>J12,1,0)) -> 0 | F12: =+B12/1000 -> 311.979 | G12: =+C12/1000 -> 22.766 | H12: 289213 | I12: 255971.23 | J12: 322454.77
A13: Industria manufacturera | B13: 166231 | C13: =B13-H13 -> 35276 | D13: =C13/H13*100 -> 26.937498 | E13: =IF(B13<I13,-1,IF(B13>J13,1,0)) -> 1 | H13: 130955 | I13: 108585.57 | J13: 153324.43
A14: Construcción | B14: 124189 | C14: =B14-H14 -> -8042 | D14: =C14/H14*100 -> -6.0817811 | E14: =IF(B14<I14,-1,IF(B14>J14,1,0)) -> 0 | H14: 132231 | I14: 104235.77 | J14: 160226.23
A15: Otros1/ | B15: 21559 | C15: =B15-H15 -> -4468 | D15: =C15/H15*100 -> -17.166788 | E15: =IF(B15<I15,-1,IF(B15>J15,1,0)) -> 0 | H15: 26027 | I15: 18554.658 | J15: 33499.342
A17: 1.3 Sector comercio y servicios | B17: 825128 | C17: =B17-H17 -> 75373 | D17: =C17/H17*100 -> 10.053017 | E17: =IF(B17<I17,-1,IF(B17>J17,1,0)) -> 1 | F17: =+B17/1000000 -> 0.825128 | G17: =+C17/1000 -> 75.373 | H17: 749755 | I17: 704802.6 | J17: 794707.4
A18: Comercio y reparación | B18: 250478 | C18: =B18-H18 -> 30748 | D18: =C18/H18*100 -> 13.993538 | E18: =IF(B18<I18,-1,IF(B18>J18,1,0)) -> 1 | F18: =+B18/1000 -> 250.478 | G18: =+C18/1000 -> 30.748 | H18: 219730 | I18: 194321.38 | J18: 245138.62
A19: Transporte y almacenamiento | B19: 86392 | C19: =B19-H19 -> -5144 | D19: =C19/H19*100 -> -5.6196469 | E19: =IF(B19<I19,-1,IF(B19>J19,1,0)) -> 0 | F19: =+B19/1000 -> 86.392 | G19: =+C19/1000 -> -5.144 | H19: 91536 | I19: 74559.48 | J19: 108512.52
A20: Hoteles y restaurantes | B20: 49728 | C20: =B20-H20 -> -687 | D20: =C20/H20*100 -> -1.3626897 | E20: =IF(B20<I20,-1,IF(B20>J20,1,0)) -> 0 | F20: =+B20/1000 -> 49.728 | G20: =+C20/1000 -> -0.687 | H20: 50415 | I20: 38748.007 | J20: 62081.993
A21: Intermediación financiera y de seguros | B21: 18546 | C21: =B21-H21 -> -13722 | D21: =C21/H21*100 -> -42.525102 | E21: =IF(B21<I21,-1,IF(B21>J21,1,0)) -> -1 | F21: =+B21/1000 -> 18.546 | G21: =+C21/1000 -> -13.722 | H21: 32268 | I21: 21666.396 | J21: 42869.604
A22: Actividades profesionales y administrativas de apoyo | B22: 142067 | C22: =B22-H22 -> 28709 | D22: =C22/H22*100 -> 25.325958 | E22: =IF(B22<I22,-1,IF(B22>J22,1,0)) -> 1 | F22: =+B22/1000 -> 142.067 | G22: =+C22/1000 -> 28.709 | H22: 113358 | I22: 95177.401 | J22: 131538.6
A23: Administración pública | B23: 54205 | C23: =B23-H23 -> 662 | D23: =C23/H23*100 -> 1.2363894 | E23: =IF(B23<I23,-1,IF(B23>J23,1,0)) -> 0 | F23: =+B23/1000 -> 54.205 | G23: =+C23/1000 -> 0.662 | H23: 53543 | I23: 41056.766 | J23: 66029.234
A24: Enseñanza y salud | B24: 70355 | C24: =B24-H24 -> 8864 | D24: =C24/H24*100 -> 14.415118 | E24: =IF(B24<I24,-1,IF(B24>J24,1,0)) -> 0 | F24: =+B24/1000 -> 70.355 | G24: =+C24/1000 -> 8.864 | H24: 61491 | I24: 50055.606 | J24: 72926.394
A25: Comunicación y otros servicios2/ | B25: 132532 | C25: =B25-H25 -> 19211 | D25: =C25/H25*100 -> 16.952727 | E25: =IF(B25<I25,-1,IF(B25>J25,1,0)) -> 1 | F25: =+B25/1000 -> 132.532 | G25: =+C25/1000 -> 19.211 | H25: 113321 | I25: 95034.926 | J25: 131607.07
A26: Hogares como empleadores | B26: 20825 | C26: =B26-H26 -> 6732 | D26: =C26/H26*100 -> 47.768396 | E26: =IF(B26<I26,-1,IF(B26>J26,1,0)) -> 1 | F26: =+B26/1000 -> 20.825 | G26: =+C26/1000 -> 6.732 | H26: 14093 | I26: 8518.6398 | J26: 19667.36
A28: 1.4 No especificado | B28: 3805 | C28: =B28-H28 -> -5435 | D28: =C28/H28*100 -> -58.820346 | E28: 0 | H28: 9240 | I28: 2201.2418 | J28: 16278.758
A30: 2. Grupo ocupacional | B30: 1324644 | C30: =B30-H30 -> 79024 | D30: =C30/H30*100 -> 6.3441499 | E30: =IF(B30<I30,-1,IF(B30>J30,1,0)) -> 1 | H30: 1245620 | I30: 1186406.8 | J30: 1304833.2
A32: Directores y Gerentes | B32: 6716 | C32: =B32-H32 -> -3395 | D32: =C32/H32*100 -> -33.577292 | E32: =IF(B32<I32,-1,IF(B32>J32,1,0)) -> 0 | H32: 10111 | I32: 3646.921 | J32: 16575.079
A33: Profesionales, científicos e intelectuales | B33: 110810 | C33: =B33-H33 -> -7260 | D33: =C33/H33*100 -> -6.1488947 | E33: =IF(B33<I33,-1,IF(B33>J33,1,0)) -> 0 | H33: 118070 | I33: 99252.808 | J33: 136887.19
A34: Técnicos y profesionales de nivel medio | B34: 135888 | C34: =B34-H34 -> 7579 | D34: =C34/H34*100 -> 5.9068343 | E34: =IF(B34<I34,-1,IF(B34>J34,1,0)) -> 0 | H34: 128309 | I34: 108787.3 | J34: 147830.7
A35: Personal de apoyo administrativo | B35: 90354 | C35: =B35-H35 -> 10516 | D35: =C35/H35*100 -> 13.171673 | E35: =IF(B35<I35,-1,IF(B35>J35,1,0)) -> 0 | H35: 79838 | I35: 64848.25 | J35: 94827.75
A36: Trabajadores de los servicios y vendedores de comercios y mercados | B36: 230390 | C36: =B36-H36 -> 36471 | D36: =C36/H36*100 -> 18.807337 | E36: =IF(B36<I36,-1,IF(B36>J36,1,0)) -> 1 | H36: 193919 | I36: 171441.97 | J36: 216396.03
A37: Agricultores y trabajadores calificados agropecuarios, forestales y pesqueros | B37: 54913 | C37: =B37-H37 -> -8765 | D37: =C37/H37*100 -> -13.764565 | E37: =IF(B37<I37,-1,IF(B37>J37,1,0)) -> 0 | H37: 63678 | I37: 53855.726 | J37: 73500.274
A38: Oficiales, operarios y artesanos de artes mecánicas y de otros oficios | B38: 212228 | C38: =B38-H38 -> 30562 | D38: =C38/H38*100 -> 16.823181 | E38: =IF(B38<I38,-1,IF(B38>J38,1,0)) -> 1 | H38: 181666 | I38: 156136.61 | J38: 207195.39
A39: Operadores de instalaciones y máquinas y ensambladores | B39: 137202 | C39: =B39-H39 -> 1165 | D39: =C39/H39*100 -> 0.85638466 | E39: =IF(B39<I39,-1,IF(B39>J39,1,0)) -> 0 | H39: 136037 | I39: 116711.72 | J39: 155362.28
A40: Ocupaciones elementales | B40: 337858 | C40: =B40-H40 -> 15973 | D40: =C40/H40*100 -> 4.9623313 | E40: =IF(B40<I40,-1,IF(B40>J40,1,0)) -> 0 | H40: 321885 | I40: 288830.78 | J40: 354939.22
A41: No especificado | B41: 8285 | C41: =B41-H41 -> -3822 | D41: =C41/H41*100 -> -31.568514 | E41: 0 | H41: 12107 | I41: 4955.4656 | J41: 19258.534
A43: 3. Calificación del grupo ocupacional | B43: 1324644 | C43: =B43-H43 -> 79024 | D43: =C43/H43*100 -> 6.3441499 | E43: =IF(B43<I43,-1,IF(B43>J43,1,0)) -> 1 | H43: 1245620 | I43: 1186406.8 | J43: 1304833.2
A45: Ocupación calificada alta3/ | B45: 253414 | C45: =B45-H45 -> -3076 | D45: =C45/H45*100 -> -1.199267 | E45: =IF(B45<I45,-1,IF(B45>J45,1,0)) -> 0 | F45: =+B45/1000 -> 253.414 | G45: =+C45/1000 -> -3.076 | H45: 256490 | I45: 224078.56 | J45: 288901.44
A46: Ocupación calificada media4/ | B46: 725087 | C46: =B46-H46 -> 69949 | D46: =C46/H46*100 -> 10.676987 | E46: =IF(B46<I46,-1,IF(B46>J46,1,0)) -> 1 | F46: =+B46/1000 -> 725.087 | G46: =+C46/1000 -> 69.949 | H46: 655138 | I46: 610019.9 | J46: 700256.1
A47: Ocupación no calificada | B47: 337858 | C47: =B47-H47 -> 15973 | D47: =C47/H47*100 -> 4.9623313 | E47: =IF(B47<I47,-1,IF(B47>J47,1,0)) -> 0 | F47: =+B47/1000 -> 337.858 | G47: =+C47/1000 -> 15.973 | H47: 321885 | I47: 288822.26 | J47: 354947.74
A48: No especificado | B48: 8285 | C48: =B48-H48 -> -3822 | D48: =C48/H48*100 -> -31.568514 | E48: 0 | H48: 12107 | I48: 4955.5517 | J48: 19258.448
A50: 4. Sector institucional | B50: 1324644 | C50: =B50-H50 -> 79024 | D50: =C50/H50*100 -> 6.3441499 | E50: =IF(B50<I50,-1,IF(B50>J50,1,0)) -> 1 | H50: 1245620 | I50: 1186406.8 | J50: 1304833.2
A52: Público | B52: 123284 | C52: =B52-H52 -> -2290 | D52: =C52/H52*100 -> -1.8236259 | E52: =IF(B52<I52,-1,IF(B52>J52,1,0)) -> 0 | H52: 125574 | I52: 107441.06 | J52: 143706.94
A53: Privado | B53: 1201360 | C53: =B53-H53 -> 81314 | D53: =C53/H53*100 -> 7.2598804 | E53: =IF(B53<I53,-1,IF(B53>J53,1,0)) -> 1 | H53: 1120046 | I53: 1062363.4 | J53: 1177728.6
A54: No especificado | B54: 0 | C54: 0 | D54: - | E54: 0 | H54: - | I54: - | J54: -
A56: 5. Posición en el empleo principal | B56: 1324644 | C56: =B56-H56 -> 79024 | D56: =C56/H56*100 -> 6.3441499 | E56: =IF(B56<I56,-1,IF(B56>J56,1,0)) -> 1 | H56: 1245620 | I56: 1186406.8 | J56: 1304833.2
A58: Asalariada | B58: 952127 | C58: =B58-H58 -> 66397 | D58: =C58/H58*100 -> 7.4963025 | E58: =IF(B58<I58,-1,IF(B58>J58,1,0)) -> 1 | F58: =+B58/1000 -> 952.127 | G58: =+C58/1000 -> 66.397 | H58: 885730 | I58: 835646.79 | J58: 935813.21
A59: Cuenta propia | B59: 311832 | C59: =B59-H59 -> 3578 | D59: =C59/H59*100 -> 1.1607311 | E59: =IF(B59<I59,-1,IF(B59>J59,1,0)) -> 0 | F59: =+B59/1000 -> 311.832 | G59: =+C59/1000 -> 3.578 | H59: 308254 | I59: 282213.65 | J59: 334294.35
A60: Empleadora | B60: 49906 | C60: =B60-H60 -> 12997 | D60: =C60/H60*100 -> 35.213634 | E60: =IF(B60<I60,-1,IF(B60>J60,1,0)) -> 1 | F60: =+B60/1000 -> 49.906 | G60: =+C60/1000 -> 12.997 | H60: 36909 | I60: 27390.423 | J60: 46427.577
A61: Auxiliar no remunerado5/ | B61: 10779 | C61: =B61-H61 -> -3948 | D61: =C61/H61*100 -> -26.807904 | E61: =IF(B61<I61,-1,IF(B61>J61,1,0)) -> 0 | F61: =+B61/1000 -> 10.779 | G61: =+C61/1000 -> -3.948 | H61: 14727 | I61: 9476.8629 | J61: 19977.137
A62: 1/ Incluye explotación de minas y canteras, suministros de electricidad, gas, vapor y aire acondicionado, suministros de agua, evacuación de aguas residuales y gestión de desechos y contaminación.
A63: 2/ Incluye información y comunicaciones, actividades inmobiliarias, actividades artísticas, de entretenimiento y recreativas, actividades de organizaciones y órganos extraterritoriales y otras actividades de servicios.
A64: 3/ Incluye directores y gerentes, nivel profesional, científico e intelectual, nivel técnico y profesional medio.
A65: 4/ Incluye apoyo administrativo, ventas en locales y prestación de servicios directos a personas, agropecuario, agrícolas y pesqueras calificadas, producción artesanal, construcción, mecánica, artes gráficas y manufacturas calificadas y montaje y operación de instalaciones y máquinas.
A66: 5/ Personas con trabajo, familiares o no familiares, que participan de alguna actividad económica utilizando su propia fuerza de trabajo en la unidad económica del hogar (ayuda a un cuenta propia) o como auxilio a una persona que a su vez es empleada (ayuda a un asalariado), esto sin recibir ningún tipo de pago, ni en dinero ni en especie.
A67: * Coeficiente de variación mayor al 20%. El coeficiente de variación es una medida relativa del error estándar y es la más utilizada para medir el nivel de precisión, ya que permite comparar niveles de precisión de estimaciones con diferentes unidades de medida. Estimaciones con coeficientes de variación menores al 5% se consideran muy precisas, hasta un 10% precisas, entre un 10% y 15% regularmente precisas, entre 15% y 20% aceptables, y estimaciones con coeficientes de variación mayores al 20% no son precisas y se deben utilizar con precaución.
A68: Fuente: INEC-Costa Rica. Encuesta Continua de Empleo (ECE), 2022.
A69: 1 | B69: -1 | C69: 0

Sheet C2 mujer
A1: Cuadro 2
A2: Costa Rica mujeres: Población ocupada según características del empleo
A3: ='C1 total'!A3:E3 -> II Trimestre 2022 | H3: Mismo trimestre año anterior
A4: Características del empleo | B4: =+'C1 total'!B4 -> II 2022 | C4: Variación Interanual | E4: Resultado de la prueba de significancia | F4: Para boletín | H4: Estimación | I4: Intervalo de confianza al 95%
B5: =+'C1 total'!B5 -> Abr - Jun | C5: Diferencia | D5: % | F5: Q | I5: Inferior | J5: Superior
A7: 1. Rama de actividad | B7: 829344 | C7: =B7-H7 -> 105601 | D7: =C7/H7*100 -> 14.590953 | E7: =IF(B7<I7,-1,IF(B7>J7,1,0)) -> 1 | F7: =+B7/1000000 -> 0.829344 | G7: =+C7/1000 -> 105.601 | H7: 723743 | I7: 675442.35 | J7: 772043.65
A9: 1.1 Sector primario | B9: 28605 | C9: =B9-H9 -> 4546 | D9: =C9/H9*100 -> 18.895216 | E9: =IF(B9<I9,-1,IF(B9>J9,1,0)) -> 1 | F9: =+B9/1000 -> 28.605 | G9: =+C9/1000 -> 4.546 | H9: 24059 | I9: 19683.631 | J9: 28434.369
A10: Agricultura, ganadería y pesca | B10: 28605 | C10: =B10-H10 -> 4546 | D10: =C10/H10*100 -> 18.895216 | E10: =IF(B10<I10,-1,IF(B10>J10,1,0)) -> 1 | H10: 24059 | I10: 19683.631 | J10: 28434.369
A12: 1.2 Sector secundario | B12: 96293 | C12: =B12-H12 -> 24375 | D12: =C12/H12*100 -> 33.892767 | E12: =IF(B12<I12,-1,IF(B12>J12,1,0)) -> 1 | F12: =+B12/1000 -> 96.293 | G12: =+C12/1000 -> 24.375 | H12: 71918 | I12: 56620.323 | J12: 87215.677
A13: Industria manufacturera | B13: 89693 | C13: =B13-H13 -> 24830 | D13: =C13/H13*100 -> 38.280684 | E13: =IF(B13<I13,-1,IF(B13>J13,1,0)) -> 1 | H13: 64863 | I13: 50076.265 | J13: 79649.735
A14: Construcción | B14: 1377 | C14: =B14-H14 -> -3242 | D14: =C14/H14*100 -> -70.188352 | E14: =IF(B14<I14,-1,IF(B14>J14,1,0)) -> 0 | H14: 4619 | I14: 0 | J14: 9591.0412
A15: Otros1/ | B15: 5223 | C15: =B15-H15 -> 2787 | D15: =C15/H15*100 -> 114.40887 | E15: =IF(B15<I15,-1,IF(B15>J15,1,0)) -> 1 | H15: 2436 | I15: 96.017648 | J15: 4775.9824
A17: 1.3 Sector comercio y servicios | B17: 702601 | C17: =B17-H17 -> 85222 | D17: =C17/H17*100 -> 13.803838 | E17: =IF(B17<I17,-1,IF(B17>J17,1,0)) -> 1 | F17: =+B17/1000000 -> 0.702601 | G17: =+C17/1000 -> 85.222 | H17: 617379 | I17: 572679.37 | J17: 662078.63
A18: Comercio y reparación | B18: 134256 | C18: =B18-H18 -> 24348 | D18: =C18/H18*100 -> 22.153073 | E18: =IF(B18<I18,-1,IF(B18>J18,1,0)) -> 1 | F18: =+B18/1000 -> 134.256 | G18: =+C18/1000 -> 24.348 | H18: 109908 | I18: 94140.92 | J18: 125675.08
A19: Transporte y almacenamiento | B19: 18190 | C19: =B19-H19 -> 3739 | D19: =C19/H19*100 -> 25.873642 | E19: =IF(B19<I19,-1,IF(B19>J19,1,0)) -> 0 | F19: =+B19/1000 -> 18.19 | G19: =+C19/1000 -> 3.739 | H19: 14451 | I19: 8101.3013 | J19: 20800.699
A20: Hoteles y restaurantes | B20: 91593 | C20: =B20-H20 -> 9436 | D20: =C20/H20*100 -> 11.485327 | E20: =IF(B20<I20,-1,IF(B20>J20,1,0)) -> 0 | F20: =+B20/1000 -> 91.593 | G20: =+C20/1000 -> 9.436 | H20: 82157 | I20: 64459.381 | J20: 99854.619
A21: Intermediación financiera y de seguros | B21: 21634 | C21: =B21-H21 -> -7338 | D21: =C21/H21*100 -> -25.327903 | E21: =IF(B21<I21,-1,IF(B21>J21,1,0)) -> 0 | F21: =+B21/1000 -> 21.634 | G21: =+C21/1000 -> -7.338 | H21: 28972 | I21: 18404.155 | J21: 39539.845
A22: Actividades profesionales y administrativas de apoyo | B22: 60125 | C22: =B22-H22 -> 5089 | D22: =C22/H22*100 -> 9.2466749 | E22: =IF(B22<I22,-1,IF(B22>J22,1,0)) -> 0 | F22: =+B22/1000 -> 60.125 | G22: =+C22/1000 -> 5.089 | H22: 55036 | I22: 38609.485 | J22: 71462.515
A23: Administración pública | B23: 26098 | C23: =B23-H23 -> -4582 | D23: =C23/H23*100 -> -14.934811 | E23: =IF(B23<I23,-1,IF(B23>J23,1,0)) -> 0 | F23: =+B23/1000 -> 26.098 | G23: =+C23/1000 -> -4.582 | H23: 30680 | I23: 20921.257 | J23: 40438.743
A24: Enseñanza y salud | B24: 156682 | C24: =B24-H24 -> 28461 | D24: =C24/H24*100 -> 22.196832 | E24: =IF(B24<I24,-1,IF(B24>J24,1,0)) -> 1 | F24: =+B24/1000 -> 156.682 | G24: =+C24/1000 -> 28.461 | H24: 128221 | I24: 110650.59 | J24: 145791.41
A25: Comunicación y otros servicios2/ | B25: 81079 | C25: =B25-H25 -> 10067 | D25: =C25/H25*100 -> 14.176477 | E25: =IF(B25<I25,-1,IF(B25>J25,1,0)) -> 0 | F25: =+B25/1000 -> 81.079 | G25: =+C25/1000 -> 10.067 | H25: 71012 | I25: 56800.612 | J25: 85223.388
A26: Hogares como empleadores | B26: 112944 | C26: =B26-H26 -> 16002 | D26: =C26/H26*100 -> 16.506777 | E26: =IF(B26<I26,-1,IF(B26>J26,1,0)) -> 0 | F26: =+B26/1000 -> 112.944 | G26: =+C26/1000 -> 16.002 | H26: 96942 | I26: 79654.238 | J26: 114229.76
A28: 1.4 No especificado | B28: 1845 | C28: =B28-H28 -> -8542 | D28: =C28/H28*100 -> -82.237412 | E28: 0 | H28: 10387 | I28: 3584.2043 | J28: 17189.796
A30: 2. Grupo ocupacional | B30: 829344 | C30: =B30-H30 -> 105601 | D30: =C30/H30*100 -> 14.590953 | E30: =IF(B30<I30,-1,IF(B30>J30,1,0)) -> 1 | H30: 723743 | I30: 675442.35 | J30: 772043.65
A32: Directores y Gerentes | B32: 10435 | C32: =B32-H32 -> 4826 | D32: =C32/H32*100 -> 86.040292 | E32: =IF(B32<I32,-1,IF(B32>J32,1,0)) -> 1 | H32: 5609 | I32: 1947.9012 | J32: 9270.0988
A33: Profesionales, científicos e intelectuales | B33: 125265 | C33: =B33-H33 -> 1852 | D33: =C33/H33*100 -> 1.5006523 | E33: =IF(B33<I33,-1,IF(B33>J33,1,0)) -> 0 | H33: 123413 | I33: 102132.57 | J33: 144693.43
A34: Técnicos y profesionales de nivel medio | B34: 100306 | C34: =B34-H34 -> 11183 | D34: =C34/H34*100 -> 12.547827 | E34: =IF(B34<I34,-1,IF(B34>J34,1,0)) -> 0 | H34: 89123 | I34: 70557.387 | J34: 107688.61
A35: Personal de apoyo administrativo | B35: 76310 | C35: =B35-H35 -> 13840 | D35: =C35/H35*100 -> 22.154634 | E35: =IF(B35<I35,-1,IF(B35>J35,1,0)) -> 0 | H35: 62470 | I35: 48307.899 | J35: 76632.101
A36: Trabajadores de los servicios y vendedores de comercios y mercados | B36: 240338 | C36: =B36-H36 -> 30204 | D36: =C36/H36*100 -> 14.373685 | E36: =IF(B36<I36,-1,IF(B36>J36,1,0)) -> 1 | H36: 210134 | I36: 188047.26 | J36: 232220.74
A37: Agricultores y trabajadores calificados agropecuarios, forestales y pesqueros | B37: 5647 | C37: =B37-H37 -> -232 | D37: =C37/H37*100 -> -3.9462494 | E37: =IF(B37<I37,-1,IF(B37>J37,1,0)) -> 0 | H37: 5879 | I37: 4249.8666 | J37: 7508.1334
A38: Oficiales, operarios y artesanos de artes mecánicas y de otros oficios | B38: 63512 | C38: =B38-H38 -> 10346 | D38: =C38/H38*100 -> 19.459805 | E38: =IF(B38<I38,-1,IF(B38>J38,1,0)) -> 0 | H38: 53166 | I38: 41510.868 | J38: 64821.132
A39: Operadores de instalaciones y máquinas y ensambladores | B39: 27318 | C39: =B39-H39 -> 12413 | D39: =C39/H39*100 -> 83.280778 | E39: =IF(B39<I39,-1,IF(B39>J39,1,0)) -> 1 | H39: 14905 | I39: 7586.8984 | J39: 22223.102
A40: Ocupaciones elementales | B40: 173002 | C40: =B40-H40 -> 19860 | D40: =C40/H40*100 -> 12.968356 | E40: =IF(B40<I40,-1,IF(B40>J40,1,0)) -> 0 | H40: 153142 | I40: 131665.21 | J40: 174618.79
A41: No especificado | B41: 7211 | C41: =B41-H41 -> 1309 | D41: =C41/H41*100 -> 22.178922 | E41: 0 | H41: 5902 | I41: 1274.9645 | J41: 10529.036
A43: 3. Calificación del grupo ocupacional | B43: 829344 | C43: =B43-H43 -> 105601 | D43: =C43/H43*100 -> 14.590953 | E43: =IF(B43<I43,-1,IF(B43>J43,1,0)) -> 1 | H43: 723743 | I43: 675442.35 | J43: 772043.65
A45: Ocupación calificada alta3/ | B45: 236006 | C45: =B45-H45 -> 17861 | D45: =C45/H45*100 -> 8.1876733 | E45: =IF(B45<I45,-1,IF(B45>J45,1,0)) -> 0 | F45: =+B45/1000 -> 236.006 | G45: =+C45/1000 -> 17.861 | H45: 218145 | I45: 190029.66 | J45: 246260.34
A46: Ocupación calificada media4/ | B46: 413125 | C46: =B46-H46 -> 66571 | D46: =C46/H46*100 -> 19.209416 | E46: =IF(B46<I46,-1,IF(B46>J46,1,0)) -> 1 | F46: =+B46/1000 -> 413.125 | G46: =+C46/1000 -> 66.571 | H46: 346554 | I46: 318888.82 | J46: 374219.18
A47: Ocupación no calificada | B47: 173002 | C47: =B47-H47 -> 19860 | D47: =C47/H47*100 -> 12.968356 | E47: =IF(B47<I47,-1,IF(B47>J47,1,0)) -> 0 | F47: =+B47/1000 -> 173.002 | G47: =+C47/1000 -> 19.86 | H47: 153142 | I47: 131600 | J47: 174684
A48: No especificado | B48: 7211 | C48: =B48-H48 -> 1309 | D48: =C48/H48*100 -> 22.178922 | E48: 0 | H48: 5902 | I48: 1274.3475 | J48: 10529.653
A50: 4. Sector institucional | B50: 829344 | C50: =B50-H50 -> 105601 | D50: =C50/H50*100 -> 14.590953 | E50: =IF(B50<I50,-1,IF(B50>J50,1,0)) -> 1 | H50: 723743 | I50: 675442.35 | J50: 772043.65
A52: Público | B52: 152179 | C52: =B52-H52 -> 13161 | D52: =C52/H52*100 -> 9.4671194 | E52: =IF(B52<I52,-1,IF(B52>J52,1,0)) -> 0 | H52: 139018 | I52: 118833.44 | J52: 159202.56
A53: Privado | B53: 677165 | C53: =B53-H53 -> 92440 | D53: =C53/H53*100 -> 15.809141 | E53: =IF(B53<I53,-1,IF(B53>J53,1,0)) -> 1 | H53: 584725 | I53: 540132.37 | J53: 629317.63
A54: No especificado | B54: 0 | C54: 0 | D54: - | E54: 0 | H54: - | I54: - | J54: -
A56: 5. Posición en el empleo principal | B56: 829344 | C56: =B56-H56 -> 105601 | D56: =C56/H56*100 -> 14.590953 | E56: =IF(B56<I56,-1,IF(B56>J56,1,0)) -> 1 | H56: 723743 | I56: 675442.35 | J56: 772043.65
A58: Asalariada | B58: 630213 | C58: =B58-H58 -> 75729 | D58: =C58/H58*100 -> 13.657563 | E58: =IF(B58<I58,-1,IF(B58>J58,1,0)) -> 1 | F58: =+B58/1000 -> 630.213 | G58: =+C58/1000 -> 75.729 | H58: 554484 | I58: 512722.8 | J58: 596245.2
A59: Cuenta propia | B59: 165112 | C59: =B59-H59 -> 27508 | D59: =C59/H59*100 -> 19.990698 | E59: =IF(B59<I59,-1,IF(B59>J59,1,0)) -> 1 | F59: =+B59/1000 -> 165.112 | G59: =+C59/1000 -> 27.508 | H59: 137604 | I59: 116669.32 | J59: 158538.68
A60: Empleadora | B60: 13431 | C60: =B60-H60 -> 2720 | D60: =C60/H60*100 -> 25.394454 | E60: =IF(B60<I60,-1,IF(B60>J60,1,0)) -> 0 | F60: =+B60/1000 -> 13.431 | G60: =+C60/1000 -> 2.72 | H60: 10711 | I60: 6142.5194 | J60: 15279.481
A61: Auxiliar no remunerado5/ | B61: 20588 | C61: =B61-H61 -> -356 | D61: =C61/H61*100 -> -1.6997708 | E61: =IF(B61<I61,-1,IF(B61>J61,1,0)) -> 0 | F61: =+B61/1000 -> 20.588 | G61: =+C61/1000 -> -0.356 | H61: 20944 | I61: 13336.545 | J61: 28551.455
A62: 1/ Incluye explotación de minas y canteras, suministros de electricidad, gas, vapor y aire acondicionado, suministros de agua, evacuación de aguas residuales y gestión de desechos y contaminación.
A63: 2/ Incluye información y comunicaciones, actividades inmobiliarias, actividades artísticas, de entretenimiento y recreativas, actividades de organizaciones y órganos extraterritoriales y otras actividades de servicios.
A64: 3/ Incluye directores y gerentes, nivel profesional, científico e intelectual, nivel técnico y profesional medio.
A65: 4/ Incluye apoyo administrativo, ventas en locales y prestación de servicios directos a personas, agropecuario, agrícolas y pesqueras calificadas, producción artesanal, construcción, mecánica, artes gráficas y manufacturas calificadas y montaje y operación de instalaciones y máquinas.
A66: 5/ Personas con trabajo, familiares o no familiares, que participan de alguna actividad económica utilizando su propia fuerza de trabajo en la unidad económica del hogar (ayuda a un cuenta propia) o como auxilio a una persona que a su vez es empleada (ayuda a un asalariado), esto sin recibir ningún tipo de pago, ni en dinero ni en especie.
A67: * Coeficiente de variación mayor al 20%. El coeficiente de variación es una medida relativa del error estándar y es la más utilizada para medir el nivel de precisión, ya que permite comparar niveles de precisión de estimaciones con diferentes unidades de medida. Estimaciones con coeficientes de variación menores al 5% se consideran muy precisas, hasta un 10% precisas, entre un 10% y 15% regularmente precisas, entre 15% y 20% aceptables, y estimaciones con coeficientes de variación mayores al 20% no son precisas y se deben utilizar con precaución.
A68: Fuente: INEC-Costa Rica. Encuesta Continua de Empleo (ECE), 2022.
A69: 1 | B69: -1 | C69: 0

Sheet C3 total
A1: Cuadro 3
A2: Costa Rica: Población ocupada según condición del empleo de las personas asalariadas e independientes 1/
A3: =+'C1 total'!A3 -> II Trimestre 2022 | H3: Mismo trimestre año anterior
A4: Condiciones del empleo | B4: =+'C1 total'!B4 -> II 2022 | C4: Variación Interanual | E4: Resultado de la prueba de significancia | H4: Estimación | I4: Intervalo de confianza al 95%
B5: =+'C1 total'!B5 -> Abr - Jun | C5: Diferencia | D5: % | F5: Revisión totales y dif | I5: Inferior | J5: Superior
A7: 1. Población asalariada | B7: 1582340 | C7: =B7-H7 -> 142126 | D7: =C7/H7*100 -> 9.8683946 | E7: =IF(B7<I7,-1,IF(B7>J7,1,0)) -> 1 | F7: =+B7/1000000 -> 1.58234 | G7: =+B7/'C2 total'!B7*100 -> 73.460948 | H7: 1440214 | I7: 1369365.4 | J7: 1511062.6
A9: 1.1 Estabilidad en el empleo | B9: 1582340 | C9: =B9-H9 -> 142126 | D9: =C9/H9*100 -> 9.8683946 | E9: =IF(B9<I9,-1,IF(B9>J9,1,0)) -> 1 | F9: =+B9-F10 -> 0 | G9: =+C9-G10 -> 0 | H9: 1440214 | I9: 1369365.4 | J9: 1511062.6
A10: Empleo permanente | B10: 1493364 | C10: =B10-H10 -> 143414 | D10: =C10/H10*100 -> 10.623653 | E10: =IF(B10<I10,-1,IF(B10>J10,1,0)) -> 1 | F10: =SUM(B10:B12) -> 1582340 | G10: =SUM(C10:C12) -> 142126 | H10: 1349950 | I10: 1280717.9 | J10: 1419182.1
A11: Empleo no permanente | B11: 30915 | C11: =B11-H11 -> -14782 | D11: =C11/H11*100 -> -32.347857 | E11: =IF(B11<I11,-1,IF(B11>J11,1,0)) -> -1 | H11: 45697 | I11: 35862.601 | J11: 55531.399
A12: Actividad ocasional | B12: 58061 | C12: =B12-H12 -> 13494 | D12: =C12/H12*100 -> 30.278008 | E12: =IF(B12<I12,-1,IF(B12>J12,1,0)) -> 1 | H12: 44567 | I12: 33330.249 | J12: 55803.751
A14: 1.2 Condición de aseguramiento | B14: 1582340 | C14: =B14-H14 -> 142126 | D14: =C14/H14*100 -> 9.8683946 | E14: =IF(B14<I14,-1,IF(B14>J14,1,0)) -> 1 | F14: =+B14-F15 -> 0 | G14: =+C14-G15 -> 0 | H14: 1440214 | I14: 1369365.4 | J14: 1511062.6
A15: No tiene seguro por trabajo | B15: 322575 | C15: =B15-H15 -> 37276 | D15: =C15/H15*100 -> 13.065591 | E15: =IF(B15<I15,-1,IF(B15>J15,1,0)) -> 1 | F15: =SUM(B15:B16) -> 1582340 | G15: =SUM(C15:C16) -> 142126 | H15: 285299 | I15: 256024.65 | J15: 314573.35
A16: Tiene seguro por trabajo | B16: 1259765 | C16: =B16-H16 -> 104850 | D16: =C16/H16*100 -> 9.0785902 | E16: =IF(B16<I16,-1,IF(B16>J16,1,0)) -> 1 | H16: 1154915 | I16: 1093138.6 | J16: 1216691.4
A18: 1.3 Grupo de horas efectivas trabajadas2/ | B18: 1582340 | C18: =B18-H18 -> 142126 | D18: =C18/H18*100 -> 9.8683946 | E18: =IF(B18<I18,-1,IF(B18>J18,1,0)) -> 1 | F18: =+B18-F19 -> 0 | G18: =+C18-G19 -> 0 | H18: 1440214 | I18: 1369365.4 | J18: 1511062.6
A19: Menos de 15 | B19: 62101 | C19: =B19-H19 -> -2068 | D19: =C19/H19*100 -> -3.22274 | E19: =IF(B19<I19,-1,IF(B19>J19,1,0)) -> 0 | F19: =SUM(B19:B23) -> 1582340 | G19: =SUM(C19:C23) -> 142126 | H19: 64169 | I19: 51270.344 | J19: 77067.656
A20: De 15 a 39 | B20: 232141 | C20: =B20-H20 -> -33067 | D20: =C20/H20*100 -> -12.468327 | E20: =IF(B20<I20,-1,IF(B20>J20,1,0)) -> 0 | H20: 265208 | I20: 231134.29 | J20: 299281.71
A21: De 40 a 48 | B21: 935109 | C21: =B21-H21 -> 121981 | D21: =C21/H21*100 -> 15.001451 | E21: =IF(B21<I21,-1,IF(B21>J21,1,0)) -> 1 | H21: 813128 | I21: 759604.98 | J21: 866651.02
A22: Más de 48 | B22: 351589 | C22: =B22-H22 -> 56138 | D22: =C22/H22*100 -> 19.000782 | E22: =IF(B22<I22,-1,IF(B22>J22,1,0)) -> 1 | H22: 295451 | I22: 257444.44 | J22: 333457.56
A23: No especificado | B23: 1400 | C23: =B23-H23 -> -858 | D23: =C23/H23*100 -> -37.998229 | E23: =IF(B23<I23,-1,IF(B23>J23,1,0)) -> -1 | H23: 2258 | I23: - | J23: -
A25: 1.4 Principales ramas de actividad | B25: 1582340 | C25: =B25-H25 -> 142126 | D25: =C25/H25*100 -> 9.8683946 | E25: =IF(B25<I25,-1,IF(B25>J25,1,0)) -> 1 | F25: =+B25-F26 -> 0 | G25: =+C25-G26 -> 0 | H25: 1440214 | I25: 1369365.4 | J25: 1511062.6
A26: Comercio y reparación | B26: 274975 | C26: =B26-H26 -> 40761 | D26: =C26/H26*100 -> 17.403315 | E26: =IF(B26<I26,-1,IF(B26>J26,1,0)) -> 1 | F26: =SUM(B26:B29) -> 1582340 | G26: =SUM(C26:C29) -> 142126 | H26: 234214 | I26: 206522.5 | J26: 261905.5
A27: Enseñanza y salud | B27: 206439 | C27: =B27-H27 -> 28650 | D27: =C27/H27*100 -> 16.114608 | E27: =IF(B27<I27,-1,IF(B27>J27,1,0)) -> 1 | H27: 177789 | I27: 155978.55 | J27: 199599.45
A28: Industria manufacturera | B28: 199426 | C28: =B28-H28 -> 55509 | D28: =C28/H28*100 -> 38.570148 | E28: =IF(B28<I28,-1,IF(B28>J28,1,0)) -> 1 | H28: 143917 | I28: 122268.79 | J28: 165565.21
A29: Otros3/ | B29: 901500 | C29: =B29-H29 -> 17206 | D29: =C29/H29*100 -> 1.945733 | E29: =IF(B29<I29,-1,IF(B29>J29,1,0)) -> 0 | H29: 884294 | I29: 824071.85 | J29: 944516.15
A31: 1.5 Rango de ingreso4/ | B31: 1582340 | C31: =B31-H31 -> 142126 | D31: =C31/H31*100 -> 9.8683946 | E31: =IF(B31<I31,-1,IF(B31>J31,1,0)) -> 1 | F31: =+B31-F32 -> 0 | G31: =+C31-G32 -> 0 | H31: 1440214 | I31: 1369365.4 | J31: 1511062.6
A32: Menos de 1 salario mínimo | B32: 228608 | C32: =B32-H32 -> 644 | D32: =C32/H32*100 -> 0.28250075 | E32: =IF(B32<I32,-1,IF(B32>J32,1,0)) -> 0 | F32: =SUM(B32:B36) -> 1582340 | G32: =SUM(C32:C36) -> 142126 | H32: 227964 | I32: 201021.41 | J32: 254906.59
A33: De 1 a menos de 2 salarios mínimos | B33: 767467 | C33: =B33-H33 -> 104076 | D33: =C33/H33*100 -> 15.688485 | E33: =IF(B33<I33,-1,IF(B33>J33,1,0)) -> 1 | H33: 663391 | I33: 617781.53 | J33: 709000.47
A34: De 2 a menos de 5 salarios mínimos | B34: 299093 | C34: =B34-H34 -> 6784 | D34: =C34/H34*100 -> 2.3208317 | E34: =IF(B34<I34,-1,IF(B34>J34,1,0)) -> 0 | H34: 292309 | I34: 258639.88 | J34: 325978.12
A35: 5 salarios mínimos o más | B35: 113869 | C35: =B35-H35 -> 12066 | D35: =C35/H35*100 -> 11.852303 | E35: =IF(B35<I35,-1,IF(B35>J35,1,0)) -> 0 | H35: 101803 | I35: 84909.857 | J35: 118696.14
A36: No especificado | B36: 173303 | C36: =B36-H36 -> 18556 | D36: =C36/H36*100 -> 11.991186 | E36: =IF(B36<I36,-1,IF(B36>J36,1,0)) -> 0 | H36: 154747 | I36: 127651.42 | J36: 181842.58
A38: 1.6 Porcentajes
A39: Porcentaje de ocupados con seguro por trabajo | B39: 79.614053 | C39: =B39-H39 -> -0.57646075 | D39: =C39/H39*100 -> -0.71886402 | E39: =IF(B39<I39,-1,IF(B39>J39,1,0)) -> 0 | H39: 80.190513 | I39: 78.425438 | J39: 81.955589
A40: Porcentaje de ocupados con subempleo | B40: 6.559589 | C40: =B40-H40 -> -4.5859075 | D40: =C40/H40*100 -> -41.145834 | E40: =IF(B40<I40,-1,IF(B40>J40,1,0)) -> -1 | H40: 11.145496 | I40: 9.7451927 | J40: 12.5458
A41: Porcentaje de ocupados que laboran 40 horas o más y perciben menos del salario mínimo | B41: 9.3757347 | C41: =B41-H41 -> 0.20911082 | D41: =C41/H41*100 -> 2.2812196 | E41: =IF(B41<I41,-1,IF(B41>J41,1,0)) -> 0 | H41: 9.1666238 | I41: 7.9607186 | J41: 10.372529
A42: Porcentaje de ocupados que laboran más de 48 horas | B42: 22.219561 | C42: =B42-H42 -> 1.705179 | D42: =C42/H42*100 -> 8.312115 | E42: =IF(B42<I42,-1,IF(B42>J42,1,0)) -> 0 | H42: 20.514382 | I42: 18.226417 | J42: 22.802347
A44: 2. Población independiente | B44: 540281 | C44: =B44-H44 -> 46803 | D44: =C44/H44*100 -> 9.4843134 | E44: =IF(B44<I44,-1,IF(B44>J44,1,0)) -> 1 | H44: 493478 | I44: 455405.32 | J44: 531550.68
A46: 2.1 Tipo de establecimiento | B46: 540281 | C46: =B46-H46 -> 46803 | D46: =C46/H46*100 -> 9.4843134 | E46: =IF(B46<I46,-1,IF(B46>J46,1,0)) -> 1 | F46: =+B46-F47 -> 0 | G46: =+C46-G47 -> 0 | H46: 493478 | I46: 455405.32 | J46: 531550.68
A47: Empresa en sociedad y cuasi sociedad | B47: 43703 | C47: =B47-H47 -> 1450 | D47: =C47/H47*100 -> 3.431709 | E47: =IF(B47<I47,-1,IF(B47>J47,1,0)) -> 0 | F47: =SUM(B47:B48) -> 540281 | G47: =SUM(C47:C48) -> 46803 | H47: 42253 | I47: 31156.519 | J47: 53349.481
A48: Empresa no constituido en sociedad | B48: 496578 | C48: =B48-H48 -> 45353 | D48: =C48/H48*100 -> 10.051083 | E48: =IF(B48<I48,-1,IF(B48>J48,1,0)) -> 1 | H48: 451225 | I48: 416990.07 | J48: 485459.93
A50: 2.2 Condición de aseguramiento | B50: 540281 | C50: =B50-H50 -> 46803 | D50: =C50/H50*100 -> 9.4843134 | E50: =IF(B50<I50,-1,IF(B50>J50,1,0)) -> 1 | H50: 493478 | I50: 455405.32 | J50: 531550.68
A51: No tiene seguro por trabajo | B51: 314537 | C51: =B51-H51 -> 45473 | D51: =C51/H51*100 -> 16.90044 | E51: =IF(B51<I51,-1,IF(B51>J51,1,0)) -> 1 | F51: =+B50-F52 -> 0 | G51: =+C50-G52 -> 0 | H51: 269064 | I51: 245383.11 | J51: 292744.89
A52: Tiene seguro por trabajo | B52: 225744 | C52: =B52-H52 -> 1330 | D52: =C52/H52*100 -> 0.59265465 | E52: =IF(B52<I52,-1,IF(B52>J52,1,0)) -> 0 | F52: =SUM(B51:B52) -> 540281 | G52: =SUM(C51:C52) -> 46803 | H52: 224414 | I52: 198399.87 | J52: 250428.13
A54: 2.3 Grupo de horas efectivas trabajadas2/ | B54: 540281 | C54: =B54-H54 -> 46803 | D54: =C54/H54*100 -> 9.4843134 | E54: =IF(B54<I54,-1,IF(B54>J54,1,0)) -> 1 | H54: 493478 | I54: 455405.32 | J54: 531550.68
A55: Menos de 15 | B55: 51608 | C55: =B55-H55 -> -7493 | D55: =C55/H55*100 -> -12.678296 | E55: =IF(B55<I55,-1,IF(B55>J55,1,0)) -> 0 | F55: =+B54-F56 -> 0 | G55: =+C54-G56 -> 0 | H55: 59101 | I55: 47635.716 | J55: 70566.284
A56: De 15 a 39 | B56: 230191 | C56: =B56-H56 -> 15330 | D56: =C56/H56*100 -> 7.1348453 | E56: =IF(B56<I56,-1,IF(B56>J56,1,0)) -> 0 | F56: =SUM(B55:B59) -> 540281 | G56: =SUM(C55:C59) -> 46803 | H56: 214861 | I56: 193379.89 | J56: 236342.11
A57: De 40 a 48 | B57: 113847 | C57: =B57-H57 -> -1398 | D57: =C57/H57*100 -> -1.2130678 | E57: =IF(B57<I57,-1,IF(B57>J57,1,0)) -> 0 | H57: 115245 | I57: 98424.65 | J57: 132065.35
A58: Más de 48 | B58: 143598 | C58: =B58-H58 -> 39674 | D58: =C58/H58*100 -> 38.175975 | E58: =IF(B58<I58,-1,IF(B58>J58,1,0)) -> 1 | H58: 103924 | I58: 88332.348 | J58: 119515.65
A59: No especificado | B59: 1037 | C59: =B59-H59 -> 690 | D59: =C59/H59*100 -> 198.84726 | E59: =IF(B59<I59,-1,IF(B59>J59,1,0)) -> 1 | H59: 347 | I59: 0 | J59: 756.6171
A61: 2.4 Principales ramas de actividad | B61: 540281 | C61: =B61-H61 -> 46803 | D61: =C61/H61*100 -> 9.4843134 | E61: =IF(B61<I61,-1,IF(B61>J61,1,0)) -> 1 | H61: 493478 | I61: 455405.32 | J61: 531550.68
A62: Comercio y reparación | B62: 101694 | C62: =B62-H62 -> 13452 | D62: =C62/H62*100 -> 15.244441 | E62: =IF(B62<I62,-1,IF(B62>J62,1,0)) -> 0 | F62: =+B61-F63 -> 0 | G62: =+C61-G63 -> 0 | H62: 88242 | I62: 74178.145 | J62: 102305.85
A63: Agricultura, ganadería y pesca | B63: 53760 | C63: =B63-H63 -> -9411 | D63: =C63/H63*100 -> -14.897659 | E63: =IF(B63<I63,-1,IF(B63>J63,1,0)) -> 0 | F63: =SUM(B62:B65) -> 540281 | G63: =SUM(C62:C65) -> 46803 | H63: 63171 | I63: 53084.983 | J63: 73257.017
A64: Industria manufacturera | B64: 50221 | C64: =B64-H64 -> 1177 | D64: =C64/H64*100 -> 2.3998858 | E64: =IF(B64<I64,-1,IF(B64>J64,1,0)) -> 0 | H64: 49044 | I64: 37494.578 | J64: 60593.422
A65: Otros 3/ | B65: 334606 | C65: =B65-H65 -> 41585 | D65: =C65/H65*100 -> 14.191816 | E65: =IF(B65<I65,-1,IF(B65>J65,1,0)) -> 1 | H65: 293021 | I65: 263965.44 | J65: 322076.56
A67: 2.5 Rango de ingreso4/ | B67: 540281 | C67: =B67-H67 -> 46803 | D67: =C67/H67*100 -> 9.4843134 | E67: =IF(B67<I67,-1,IF(B67>J67,1,0)) -> 1 | H67: 493478 | I67: 455405.32 | J67: 531550.68
A68: Menos de 1 salario mínimo | B68: 264174 | C68: =B68-H68 -> -14276 | D68: =C68/H68*100 -> -5.1269528 | E68: =IF(B68<I68,-1,IF(B68>J68,1,0)) -> 0 | F68: =+B67-F69 -> 0 | G68: =+C67-G69 -> 0 | H68: 278450 | I68: 251289.56 | J68: 305610.44
A69: De 1 a menos de 2 salarios mínimos | B69: 175235 | C69: =B69-H69 -> 44202 | D69: =C69/H69*100 -> 33.733487 | E69: =IF(B69<I69,-1,IF(B69>J69,1,0)) -> 1 | F69: =SUM(B68:B72) -> 540281 | G69: =SUM(C68:C72) -> 46803 | H69: 131033 | I69: 112621.49 | J69: 149444.51
A70: De 2 a menos de 5 salarios mínimos | B70: 72888 | C70: =B70-H70 -> 17522 | D70: =C70/H70*100 -> 31.647582 | E70: =IF(B70<I70,-1,IF(B70>J70,1,0)) -> 1 | H70: 55366 | I70: 44249.232 | J70: 66482.768
A71: 5 salarios mínimos o más | B71: 16755 | C71: =B71-H71 -> 7935 | D71: =C71/H71*100 -> 89.965986 | E71: =IF(B71<I71,-1,IF(B71>J71,1,0)) -> 1 | H71: 8820 | I71: 4492.7488 | J71: 13147.251
A72: No especificado | B72: 11229 | C72: =B72-H72 -> -8580 | D72: =C72/H72*100 -> -43.313645 | E72: =IF(B72<I72,-1,IF(B72>J72,1,0)) -> -1 | H72: 19809 | I72: 12258.605 | J72: 27359.395
A74: 2.6 Porcentajes
A75: Porcentaje de ocupados con seguro por trabajo | B75: 41.782702 | C75: =B75-H75 -> -3.6932868 | D75: =C75/H75*100 -> -8.1213997 | E75: =IF(B75<I75,-1,IF(B75>J75,1,0)) -> 0 | H75: 45.475989 | I75: 41.770088 | J75: 49.181889
A76: Porcentaje de ocupados con subempleo | B76: 17.78704 | C76: =B76-H76 -> -9.9465161 | D76: =C76/H76*100 -> -35.864553 | E76: =IF(B76<I76,-1,IF(B76>J76,1,0)) -> -1 | H76: 27.733557 | I76: 24.512521 | J76: 30.954592
A77: Porcentaje de ocupados que laboran 40 horas o más y perciben menos del salario mínimo | B77: 23.151286 | C77: =B77-H77 -> -0.24023288 | D77: =C77/H77*100 -> -1.0270085 | E77: =IF(B77<I77,-1,IF(B77>J77,1,0)) -> 0 | H77: 23.391519 | I77: 20.490142 | J77: 26.292896
A78: Porcentaje de ocupados que laboran más de 48 horas | B78: 26.578392 | C78: =B78-H78 -> 5.5188915 | D78: =C78/H78*100 -> 26.206185 | E78: =IF(B78<I78,-1,IF(B78>J78,1,0)) -> 1 | H78: 21.0595 | I78: 18.226888 | J78: 23.892112
A79: 1/ No se incluye la población ocupada auxiliar no remunerada.
A80: 2/ Se utilizó la suma de las horas efectivas trabajadas en el empleo principal.
A81: 3/ Incluye otras rama de actividad y no especificados.
A82: 4/ Se construye con el ingreso total corriente bruto por hora en todos los empleos. Se utiliza el salario mínimo minimorun equivalente por hora que se define por ley cada año. El salario mínimo minimorun por jornada ordinaria para el año 2020 fue ¢10620,62.
A83: * Coeficiente de variación mayor al 20%. Resultados no estadísticamente confiables.
A84: Fuente: INEC-Costa Rica. Encuesta Continua de Empleo (ECE), 2022.
A85: 1 | B85: -1 | C85: 0

Sheet C3 urbano
A1: Cuadro 3.1
A2: Costa Rica zona urbana: Población ocupada según condición del empleo de las personas asalariadas e independientes 1/
A3: =+'C3 total'!A3:E3 -> II Trimestre 2022 | H3: Mismo trimestre año anterior
A4: Condiciones del empleo | B4: =+'C3 total'!B4 -> II 2022 | C4: Variación Interanual | E4: Resultado de la prueba de significancia | H4: Estimación | I4: Intervalo de confianza al 95%
B5: =+'C3 total'!B5 -> Abr - Jun | C5: Diferencia | D5: % | F5: Revisión totales y dif | I5: Inferior | J5: Superior
A7: 1. Población asalariada | B7: 1190930 | C7: =B7-H7 -> 91338 | D7: =C7/H7*100 -> 8.3065355 | E7: =IF(B7<I7,-1,IF(B7>J7,1,0)) -> 1 | H7: 1099592 | I7: 1030597.1 | J7: 1168586.9
A9: 1.1 Estabilidad en el empleo | B9: 1190930 | C9: =B9-H9 -> 91338 | D9: =C9/H9*100 -> 8.3065355 | E9: =IF(B9<I9,-1,IF(B9>J9,1,0)) -> 1 | F9: =+B9-F10 -> 0 | G9: =+C9-G10 -> 0 | H9: 1099592 | I9: 1030597.1 | J9: 1168586.9
A10: Empleo permanente | B10: 1148672 | C10: =B10-H10 -> 102500 | D10: =C10/H10*100 -> 9.7976241 | E10: =IF(B10<I10,-1,IF(B10>J10,1,0)) -> 1 | F10: =SUM(B10:B12) -> 1190930 | G10: =SUM(C10:C12) -> 91338 | H10: 1046172 | I10: 978832.5 | J10: 1113511.5
A11: Empleo no permanente | B11: 14477 | C11: =B11-H11 -> -14749 | D11: =C11/H11*100 -> -50.465339 | E11: =IF(B11<I11,-1,IF(B11>J11,1,0)) -> -1 | H11: 29226 | I11: 20027.056 | J11: 38424.944
A12: Actividad ocasional | B12: 27781 | C12: =B12-H12 -> 3587 | D12: =C12/H12*100 -> 14.82599 | E12: =IF(B12<I12,-1,IF(B12>J12,1,0)) -> 0 | H12: 24194 | I12: 13610.246 | J12: 34777.754
A14: 1.2 Condición de aseguramiento | B14: 1190930 | C14: =B14-H14 -> 91338 | D14: =C14/H14*100 -> 8.3065355 | E14: =IF(B14<I14,-1,IF(B14>J14,1,0)) -> 1 | F14: =+B14-F15 -> 0 | G14: =+C14-G15 -> 0 | H14: 1099592 | I14: 1030597.1 | J14: 1168586.9
A15: No tiene seguro por trabajo | B15: 210183 | C15: =B15-H15 -> 10286 | D15: =C15/H15*100 -> 5.14565 | E15: =IF(B15<I15,-1,IF(B15>J15,1,0)) -> 0 | F15: =SUM(B15:B16) -> 1190930 | G15: =SUM(C15:C16) -> 91338 | H15: 199897 | I15: 171874.93 | J15: 227919.07
A16: Tiene seguro por trabajo | B16: 980747 | C16: =B16-H16 -> 81052 | D16: =C16/H16*100 -> 9.0088308 | E16: =IF(B16<I16,-1,IF(B16>J16,1,0)) -> 1 | H16: 899695 | I16: 839602.02 | J16: 959787.98
A18: 1.3 Grupo de horas efectivas trabajadas2/ | B18: 1190930 | C18: =B18-H18 -> 91338 | D18: =C18/H18*100 -> 8.3065355 | E18: =IF(B18<I18,-1,IF(B18>J18,1,0)) -> 1 | F18: =+B18-F19 -> 0 | G18: =+C18-G19 -> 0 | H18: 1099592 | I18: 1030597.1 | J18: 1168586.9
A19: Menos de 15 | B19: 37833 | C19: =B19-H19 -> -6874 | D19: =C19/H19*100 -> -15.375668 | E19: =IF(B19<I19,-1,IF(B19>J19,1,0)) -> 0 | F19: =SUM(B19:B23) -> 1190930 | G19: =SUM(C19:C23) -> 91338 | H19: 44707 | I19: 32335.723 | J19: 57078.277
A20: De 15 a 39 | B20: 147303 | C20: =B20-H20 -> -44510 | D20: =C20/H20*100 -> -23.204892 | E20: =IF(B20<I20,-1,IF(B20>J20,1,0)) -> -1 | H20: 191813 | I20: 158715.15 | J20: 224910.85
A21: De 40 a 48 | B21: 742067 | C21: =B21-H21 -> 99892 | D21: =C21/H21*100 -> 15.555261 | E21: =IF(B21<I21,-1,IF(B21>J21,1,0)) -> 1 | H21: 642175 | I21: 590022.5 | J21: 694327.5
A22: Más de 48 | B22: 263005 | C22: =B22-H22 -> 44366 | D22: =C22/H22*100 -> 20.291897 | E22: =IF(B22<I22,-1,IF(B22>J22,1,0)) -> 1 | H22: 218639 | I22: 181351.18 | J22: 255926.82
A23: No especificado | B23: 722 | C23: =B23-H23 -> -1536 | D23: =C23/H23*100 -> -68.024801 | E23: 0 | H23: 2258 | I23: - | J23: -
A25: 1.4 Principales ramas de actividad | B25: 1190930 | C25: =B25-H25 -> 91338 | D25: =C25/H25*100 -> 8.3065355 | E25: =IF(B25<I25,-1,IF(B25>J25,1,0)) -> 1 | F25: =+B25-F26 -> 0 | G25: =+C25-G26 -> 0 | H25: 1099592 | I25: 1030597.1 | J25: 1168586.9
A26: Comercio y reparación | B26: 226942 | C26: =B26-H26 -> 35270 | D26: =C26/H26*100 -> 18.401227 | E26: =IF(B26<I26,-1,IF(B26>J26,1,0)) -> 1 | F26: =SUM(B26:B29) -> 1190930 | G26: =SUM(C26:C29) -> 91338 | H26: 191672 | I26: 164652.7 | J26: 218691.3
A27: Enseñanza y salud | B27: 163463 | C27: =B27-H27 -> 20763 | D27: =C27/H27*100 -> 14.550105 | E27: =IF(B27<I27,-1,IF(B27>J27,1,0)) -> 0 | H27: 142700 | I27: 121407.38 | J27: 163992.62
A28: Industria manufacturera | B28: 168709 | C28: =B28-H28 -> 48906 | D28: =C28/H28*100 -> 40.822016 | E28: =IF(B28<I28,-1,IF(B28>J28,1,0)) -> 1 | H28: 119803 | I28: 98749.411 | J28: 140856.59
A29: Otros3/ | B29: 631816 | C29: =B29-H29 -> -13601 | D29: =C29/H29*100 -> -2.1073198 | E29: =IF(B29<I29,-1,IF(B29>J29,1,0)) -> 0 | H29: 645417 | I29: 586668.21 | J29: 704165.79
A31: 1.5 Rango de ingreso4/ | B31: 1190930 | C31: =B31-H31 -> 91338 | D31: =C31/H31*100 -> 8.3065355 | E31: =IF(B31<I31,-1,IF(B31>J31,1,0)) -> 1 | F31: =+B31-F32 -> 0 | G31: =+C31-G32 -> 0 | H31: 1099592 | I31: 1030597.1 | J31: 1168586.9
A32: Menos de 1 salario mínimo | B32: 142807 | C32: =B32-H32 -> -15101 | D32: =C32/H32*100 -> -9.5631634 | E32: =IF(B32<I32,-1,IF(B32>J32,1,0)) -> 0 | F32: =SUM(B32:B36) -> 1190930 | G32: =SUM(C32:C36) -> 91338 | H32: 157908 | I32: 132181.53 | J32: 183634.47
A33: De 1 a menos de 2 salarios mínimos | B33: 585700 | C33: =B33-H33 -> 93427 | D33: =C33/H33*100 -> 18.978697 | E33: =IF(B33<I33,-1,IF(B33>J33,1,0)) -> 1 | H33: 492273 | I33: 448233.55 | J33: 536312.45
A34: De 2 a menos de 5 salarios mínimos | B34: 247048 | C34: =B34-H34 -> -2520 | D34: =C34/H34*100 -> -1.0097448 | E34: =IF(B34<I34,-1,IF(B34>J34,1,0)) -> 0 | H34: 249568 | I34: 216379.92 | J34: 282756.08
A35: 5 salarios mínimos o más | B35: 96692 | C35: =B35-H35 -> 11421 | D35: =C35/H35*100 -> 13.393768 | E35: =IF(B35<I35,-1,IF(B35>J35,1,0)) -> 0 | H35: 85271 | I35: 68770.194 | J35: 101771.81
A36: No especificado | B36: 118683 | C36: =B36-H36 -> 4111 | D36: =C36/H36*100 -> 3.5881367 | E36: 0 | H36: 114572 | I36: 87920.184 | J36: 141223.82
A38: 1.6 Porcentajes
A39: Porcentaje de ocupados con seguro por trabajo | B39: 82.351356 | C39: =B39-H39 -> 0.53055304 | D39: =C39/H39*100 -> 0.64843294 | E39: =IF(B39<I39,-1,IF(B39>J39,1,0)) -> 0 | H39: 81.820803 | I39: 79.609475 | J39: 84.032131
A40: Porcentaje de ocupados con subempleo | B40: 5.2164275 | C40: =B40-H40 -> -5.372591 | D40: =C40/H40*100 -> -50.737384 | E40: =IF(B40<I40,-1,IF(B40>J40,1,0)) -> -1 | H40: 10.589018 | I40: 8.8287649 | J40: 12.349272
A41: Porcentaje de ocupados que laboran 40 horas o más y perciben menos del salario mínimo | B41: 7.9344714 | C41: =B41-H41 -> -0.18435815 | D41: =C41/H41*100 -> -2.2707479 | E41: =IF(B41<I41,-1,IF(B41>J41,1,0)) -> 0 | H41: 8.1188295 | I41: 6.6057687 | J41: 9.6318904
A42: Porcentaje de ocupados que laboran más de 48 horas | B42: 22.084002 | C42: =B42-H42 -> 2.2003538 | D42: =C42/H42*100 -> 11.066148 | E42: =IF(B42<I42,-1,IF(B42>J42,1,0)) -> 0 | H42: 19.883648 | I42: 16.938415 | J42: 22.828881
A44: 2. Población independiente | B44: 393405 | C44: =B44-H44 -> 47150 | D44: =C44/H44*100 -> 13.617132 | E44: =IF(B44<I44,-1,IF(B44>J44,1,0)) -> 1 | H44: 346255 | I44: 309401.86 | J44: 383108.14
A46: 2.1 Tipo de establecimiento | B46: 393405 | C46: =B46-H46 -> 47150 | D46: =C46/H46*100 -> 13.617132 | E46: =IF(B46<I46,-1,IF(B46>J46,1,0)) -> 1 | F46: =+B46-F47 -> 0 | G46: =+C46-G47 -> 0 | H46: 346255 | I46: 309401.86 | J46: 383108.14
A47: Empresa en sociedad y cuasi sociedad | B47: 33051 | C47: =B47-H47 -> 3512 | D47: =C47/H47*100 -> 11.889367 | E47: =IF(B47<I47,-1,IF(B47>J47,1,0)) -> 0 | F47: =SUM(B47:B48) -> 393405 | G47: =SUM(C47:C48) -> 47150 | H47: 29539 | I47: 18892.023 | J47: 40185.977
A48: Empresa no constituido en sociedad | B48: 360354 | C48: =B48-H48 -> 43638 | D48: =C48/H48*100 -> 13.778275 | E48: =IF(B48<I48,-1,IF(B48>J48,1,0)) -> 1 | H48: 316716 | I48: 283550.38 | J48: 349881.62
A50: 2.2 Condición de aseguramiento | B50: 393405 | C50: =B50-H50 -> 47150 | D50: =C50/H50*100 -> 13.617132 | E50: =IF(B50<I50,-1,IF(B50>J50,1,0)) -> 1 | H50: 346255 | I50: 309401.86 | J50: 383108.14
A51: No tiene seguro por trabajo | B51: 232335 | C51: =B51-H51 -> 43295 | D51: =C51/H51*100 -> 22.90256 | E51: =IF(B51<I51,-1,IF(B51>J51,1,0)) -> 1 | F51: =+B50-F52 -> 0 | G51: =+C50-G52 -> 0 | H51: 189040 | I51: 166282.32 | J51: 211797.68
A52: Tiene seguro por trabajo | B52: 161070 | C52: =B52-H52 -> 3855 | D52: =C52/H52*100 -> 2.4520561 | E52: =IF(B52<I52,-1,IF(B52>J52,1,0)) -> 0 | F52: =SUM(B51:B52) -> 393405 | G52: =SUM(C51:C52) -> 47150 | H52: 157215 | I52: 132223.14 | J52: 182206.86
A54: 2.3 Grupo de horas efectivas trabajadas2/ | B54: 393405 | C54: =B54-H54 -> 47150 | D54: =C54/H54*100 -> 13.617132 | E54: =IF(B54<I54,-1,IF(B54>J54,1,0)) -> 1 | H54: 346255 | I54: 309401.86 | J54: 383108.14
A55: Menos de 15 | B55: 31061 | C55: =B55-H55 -> -12091 | D55: =C55/H55*100 -> -28.019559 | E55: =IF(B55<I55,-1,IF(B55>J55,1,0)) -> -1 | F55: =+B54-F56 -> 0 | G55: =+C54-G56 -> 0 | H55: 43152 | I55: 32089.416 | J55: 54214.584
A56: De 15 a 39 | B56: 164493 | C56: =B56-H56 -> 18777 | D56: =C56/H56*100 -> 12.886025 | E56: =IF(B56<I56,-1,IF(B56>J56,1,0)) -> 0 | F56: =SUM(B55:B59) -> 393405 | G56: =SUM(C55:C59) -> 47150 | H56: 145716 | I56: 125250.85 | J56: 166181.15
A57: De 40 a 48 | B57: 85043 | C57: =B57-H57 -> 1271 | D57: =C57/H57*100 -> 1.5172134 | E57: =IF(B57<I57,-1,IF(B57>J57,1,0)) -> 0 | H57: 83772 | I57: 67524.515 | J57: 100019.48
A58: Más de 48 | B58: 111771 | C58: =B58-H58 -> 38233 | D58: =C58/H58*100 -> 51.990807 | E58: =IF(B58<I58,-1,IF(B58>J58,1,0)) -> 1 | H58: 73538 | I58: 58599.136 | J58: 88476.864
A59: No especificado | B59: 1037 | C59: =B59-H59 -> 960 | D59: =C59/H59*100 -> 1246.7532 | E59: 0 | H59: 77 | I59: - | J59: -
A61: 2.4 Principales ramas de actividad | B61: 393405 | C61: =B61-H61 -> 47150 | D61: =C61/H61*100 -> 13.617132 | E61: =IF(B61<I61,-1,IF(B61>J61,1,0)) -> 1 | H61: 346255 | I61: 309401.86 | J61: 383108.14
A62: Comercio y reparación | B62: 79777 | C62: =B62-H62 -> 13691 | D62: =C62/H62*100 -> 20.716945 | E62: =IF(B62<I62,-1,IF(B62>J62,1,0)) -> 1 | F62: =+B61-F63 -> 0 | G62: =+C61-G63 -> 0 | H62: 66086 | I62: 52544.447 | J62: 79627.553
A63: Industria manufacturera | B63: 38222 | C63: =B63-H63 -> 295 | D63: =C63/H63*100 -> 0.77781 | E63: =IF(B63<I63,-1,IF(B63>J63,1,0)) -> 0 | F63: =SUM(B62:B65) -> 393405 | G63: =SUM(C62:C65) -> 47150 | H63: 37927 | I63: 26659.006 | J63: 49194.994
A64: Actividades profesionales y administrativas de apoyo | B64: 50803 | C64: =B64-H64 -> 9125 | D64: =C64/H64*100 -> 21.894045 | E64: 0 | H64: 41678 | I64: 28578.013 | J64: 54777.987
A65: Otros3/ | B65: 224603 | C65: =B65-H65 -> 24039 | D65: =C65/H65*100 -> 11.9857 | E65: =IF(B65<I65,-1,IF(B65>J65,1,0)) -> 0 | H65: 200564 | I65: 172844.99 | J65: 228283.01
A67: 2.5 Rango de ingreso4/ | B67: 393405 | C67: =B67-H67 -> 47150 | D67: =C67/H67*100 -> 13.617132 | E67: =IF(B67<I67,-1,IF(B67>J67,1,0)) -> 1 | H67: 346255 | I67: 309401.86 | J67: 383108.14
A68: Menos de 1 salario mínimo | B68: 180690 | C68: =B68-H68 -> -5010 | D68: =C68/H68*100 -> -2.6978998 | E68: =IF(B68<I68,-1,IF(B68>J68,1,0)) -> 0 | F68: =+B67-F69 -> 0 | G68: =+C67-G69 -> 0 | H68: 185700 | I68: 159540.06 | J68: 211859.94
A69: De 1 a menos de 2 salarios mínimos | B69: 131728 | C69: =B69-H69 -> 37901 | D69: =C69/H69*100 -> 40.394556 | E69: =IF(B69<I69,-1,IF(B69>J69,1,0)) -> 1 | F69: =SUM(B68:B72) -> 393405 | G69: =SUM(C68:C72) -> 47150 | H69: 93827 | I69: 76040.957 | J69: 111613.04
A70: De 2 a menos de 5 salarios mínimos | B70: 58002 | C70: =B70-H70 -> 13880 | D70: =C70/H70*100 -> 31.458229 | E70: =IF(B70<I70,-1,IF(B70>J70,1,0)) -> 1 | H70: 44122 | I70: 33255.002 | J70: 54988.998
A71: 5 salarios mínimos o más | B71: 13397 | C71: =B71-H71 -> 7150 | D71: =C71/H71*100 -> 114.45494 | E71: 0 | H71: 6247 | I71: 2089.8194 | J71: 10404.181
A72: No especificado | B72: 9588 | C72: =B72-H72 -> -6771 | D72: =C72/H72*100 -> -41.390061 | E72: 0 | H72: 16359 | I72: 8935.9429 | J72: 23782.057
A74: 2.6 Porcentajes
A75: Porcentaje de ocupados con seguro por trabajo | B75: 40.94254 | C75: =B75-H75 -> -4.4618584 | D75: =C75/H75*100 -> -9.8269298 | E75: =IF(B75<I75,-1,IF(B75>J75,1,0)) -> 0 | H75: 45.404398 | I75: 40.354456 | J75: 50.454341
A76: Porcentaje de ocupados con subempleo | B76: 18.217867 | C76: =B76-H76 -> -11.862854 | D76: =C76/H76*100 -> -39.436734 | E76: =IF(B76<I76,-1,IF(B76>J76,1,0)) -> -1 | H76: 30.080721 | I76: 25.654577 | J76: 34.506865
A77: Porcentaje de ocupados que laboran 40 horas o más y perciben menos del salario mínimo | B77: 22.598594 | C77: =B77-H77 -> 0.59053668 | D77: =C77/H77*100 -> 2.6832749 | E77: =IF(B77<I77,-1,IF(B77>J77,1,0)) -> 0 | H77: 22.008058 | I77: 18.085183 | J77: 25.930932
A78: Porcentaje de ocupados que laboran más de 48 horas | B78: 28.411179 | C78: =B78-H78 -> 7.1730745 | D78: =C78/H78*100 -> 33.774551 | E78: =IF(B78<I78,-1,IF(B78>J78,1,0)) -> 1 | H78: 21.238105 | I78: 17.378141 | J78: 25.098068
A79: 1/ No se incluye la población ocupada auxiliar no remunerada.
A80: 2/ Se utilizó la suma de las horas efectivas trabajadas en el empleo principal.
A81: 3/ Incluye otras rama de actividad y no especificados.
A82: 4/ Se construye con el ingreso total corriente bruto por hora en todos los empleos. Se utiliza el salario mínimo minimorun equivalente por hora que se define por ley cada año. El salario mínimo minimorun por jornada ordinaria para el año 2020 fue ¢10620,62.
A83: * Coeficiente de variación mayor al 20%. Resultados no estadísticamente confiables.
A84: Fuente: INEC-Costa Rica. Encuesta Continua de Empleo (ECE), 2022.
A85: 1 | B85: -1 | C85: 0

Sheet C3 rural
A1: Cuadro 3.2
A2: Costa Rica zona rural: Población ocupada según condición del empleo de las personas asalariadas e independientes 1/
A3: =+'C3 urbano'!A3:E3 -> II Trimestre 2022 | H3: Mismo trimestre año anterior
A4: Condiciones del empleo | B4: =+'C3 urbano'!B4 -> II 2022 | C4: Variación Interanual | E4: Resultado de la prueba de significancia | H4: Estimación | I4: Intervalo de confianza al 95%
B5: =+'C3 urbano'!B5 -> Abr - Jun | C5: Diferencia | D5: % | F5: Revisión totales y dif | I5: Inferior | J5: Superior
A7: 1. Población asalariada | B7: 391410 | C7: =B7-H7 -> 50788 | D7: =C7/H7*100 -> 14.91037 | E7: =IF(B7<I7,-1,IF(B7>J7,1,0)) -> 1 | H7: 340622 | I7: 324135.54 | J7: 357108.46
A9: 1.1 Estabilidad en el empleo | B9: 391410 | C9: =B9-H9 -> 50788 | D9: =C9/H9*100 -> 14.91037 | E9: =IF(B9<I9,-1,IF(B9>J9,1,0)) -> 1 | F9: =+B9-F10 -> 0 | G9: =+C9-G10 -> 0 | H9: 340622 | I9: 324135.54 | J9: 357108.46
A10: Empleo permanente | B10: 344692 | C10: =B10-H10 -> 40914 | D10: =C10/H10*100 -> 13.468388 | E10: =IF(B10<I10,-1,IF(B10>J10,1,0)) -> 1 | F10: =SUM(B10:B12) -> 391410 | G10: =SUM(C10:C12) -> 50788 | H10: 303778 | I10: 287330.06 | J10: 320225.94
A11: Empleo no permanente | B11: 16438 | C11: =B11-H11 -> -33 | D11: =C11/H11*100 -> -0.20035213 | E11: =IF(B11<I11,-1,IF(B11>J11,1,0)) -> 0 | H11: 16471 | I11: 12956.878 | J11: 19985.122
A12: Actividad ocasional | B12: 30280 | C12: =B12-H12 -> 9907 | D12: =C12/H12*100 -> 48.628086 | E12: =IF(B12<I12,-1,IF(B12>J12,1,0)) -> 1 | H12: 20373 | I12: 16554.862 | J12: 24191.138
A14: 1.2 Condición de aseguramiento | B14: 391410 | C14: =B14-H14 -> 50788 | D14: =C14/H14*100 -> 14.91037 | E14: =IF(B14<I14,-1,IF(B14>J14,1,0)) -> 1 | F14: =+B14-F15 -> 0 | G14: =+C14-G15 -> 0 | H14: 340622 | I14: 324135.54 | J14: 357108.46
A15: No tiene seguro por trabajo | B15: 112392 | C15: =B15-H15 -> 26990 | D15: =C15/H15*100 -> 31.603475 | E15: =IF(B15<I15,-1,IF(B15>J15,1,0)) -> 1 | F15: =SUM(B15:B16) -> 391410 | G15: =SUM(C15:C16) -> 50788 | H15: 85402 | I15: 76802.704 | J15: 94001.296
A16: Tiene seguro por trabajo | B16: 279018 | C16: =B16-H16 -> 23798 | D16: =C16/H16*100 -> 9.3245043 | E16: =IF(B16<I16,-1,IF(B16>J16,1,0)) -> 1 | H16: 255220 | I16: 240565.45 | J16: 269874.55
A18: 1.3 Grupo de horas efectivas trabajadas2/ | B18: 391410 | C18: =B18-H18 -> 50788 | D18: =C18/H18*100 -> 14.91037 | E18: =IF(B18<I18,-1,IF(B18>J18,1,0)) -> 1 | F18: =+B18-F19 -> 0 | G18: =+C18-G19 -> #VALUE! | H18: 340622 | I18: 324135.54 | J18: 357108.46
A19: Menos de 15 | B19: 24268 | C19: =B19-H19 -> 4806 | D19: =C19/H19*100 -> 24.694276 | E19: =IF(B19<I19,-1,IF(B19>J19,1,0)) -> 1 | F19: =SUM(B19:B23) -> 391410 | G19: =SUM(C19:C23) -> #VALUE! | H19: 19462 | I19: 15753.586 | J19: 23170.414
A20: De 15 a 39 | B20: 84838 | C20: =B20-H20 -> 11443 | D20: =C20/H20*100 -> 15.59098 | E20: =IF(B20<I20,-1,IF(B20>J20,1,0)) -> 1 | H20: 73395 | I20: 65119.997 | J20: 81670.003
A21: De 40 a 48 | B21: 193042 | C21: =B21-H21 -> 22089 | D21: =C21/H21*100 -> 12.921095 | E21: =IF(B21<I21,-1,IF(B21>J21,1,0)) -> 1 | H21: 170953 | I21: 158623.2 | J21: 183282.8
A22: Más de 48 | B22: 88584 | C22: =B22-H22 -> 11772 | D22: =C22/H22*100 -> 15.32573 | E22: =IF(B22<I22,-1,IF(B22>J22,1,0)) -> 1 | H22: 76812 | I22: 69214.996 | J22: 84409.004
A23: No especificado | B23: 678 | C23: =B23-H23 -> #VALUE! | D23: =C23/H23*100 -> #VALUE! | E23: 0 | H23: - | I23: - | J23: -
A25: 1.4 Principales ramas de actividad | B25: 391410 | C25: =B25-H25 -> 50788 | D25: =C25/H25*100 -> 14.91037 | E25: =IF(B25<I25,-1,IF(B25>J25,1,0)) -> 1 | F25: =+B25-F26 -> 0 | G25: =+C25-G26 -> 0 | H25: 340622 | I25: 324135.54 | J25: 357108.46
A26: Agricultura, ganadería y pesca | B26: 113093 | C26: =B26-H26 -> 7934 | D26: =C26/H26*100 -> 7.5447655 | E26: =IF(B26<I26,-1,IF(B26>J26,1,0)) -> 0 | F26: =SUM(B26:B29) -> 391410 | G26: =SUM(C26:C29) -> 50788 | H26: 105159 | I26: 93879.745 | J26: 116438.26
A27: Comercio y reparación | B27: 48033 | C27: =B27-H27 -> 5491 | D27: =C27/H27*100 -> 12.907245 | E27: =IF(B27<I27,-1,IF(B27>J27,1,0)) -> 0 | H27: 42542 | I27: 36321.138 | J27: 48762.862
A28: Enseñanza y salud | B28: 42976 | C28: =B28-H28 -> 7887 | D28: =C28/H28*100 -> 22.47713 | E28: =IF(B28<I28,-1,IF(B28>J28,1,0)) -> 1 | H28: 35089 | I28: 30240.12 | J28: 39937.88
A29: Otros3/ | B29: 187308 | C29: =B29-H29 -> 29476 | D29: =C29/H29*100 -> 18.675554 | E29: =IF(B29<I29,-1,IF(B29>J29,1,0)) -> 1 | H29: 157832 | I29: 144547.72 | J29: 171116.28
A31: 1.5 Rango de ingreso4/ | B31: 391410 | C31: =B31-H31 -> 50788 | D31: =C31/H31*100 -> 14.91037 | E31: =IF(B31<I31,-1,IF(B31>J31,1,0)) -> 1 | F31: =+B31-F32 -> 0 | G31: =+C31-G32 -> 0 | H31: 340622 | I31: 324135.54 | J31: 357108.46
A32: Menos de 1 salario mínimo | B32: 85801 | C32: =B32-H32 -> 15745 | D32: =C32/H32*100 -> 22.474877 | E32: =IF(B32<I32,-1,IF(B32>J32,1,0)) -> 1 | F32: =SUM(B32:B36) -> 391410 | G32: =SUM(C32:C36) -> 50788 | H32: 70056 | I32: 61937.042 | J32: 78174.958
A33: De 1 a menos de 2 salarios mínimos | B33: 181767 | C33: =B33-H33 -> 10649 | D33: =C33/H33*100 -> 6.223191 | E33: =IF(B33<I33,-1,IF(B33>J33,1,0)) -> 0 | H33: 171118 | I33: 159033.71 | J33: 183202.29
A34: De 2 a menos de 5 salarios mínimos | B34: 52045 | C34: =B34-H34 -> 9304 | D34: =C34/H34*100 -> 21.768325 | E34: =IF(B34<I34,-1,IF(B34>J34,1,0)) -> 1 | H34: 42741 | I34: 36827.635 | J34: 48654.365
A35: 5 salarios mínimos o más | B35: 17177 | C35: =B35-H35 -> 645 | D35: =C35/H35*100 -> 3.9015243 | E35: =IF(B35<I35,-1,IF(B35>J35,1,0)) -> 0 | H35: 16532 | I35: 12814.99 | J35: 20249.01
A36: No especificado | B36: 54620 | C36: =B36-H36 -> 14445 | D36: =C36/H36*100 -> 35.955196 | E36: 0 | H36: 40175 | I36: 35108.103 | J36: 45241.897
A38: 1.6 Porcentajes
A39: Porcentaje de ocupados con seguro por trabajo | B39: 71.285353 | C39: =B39-H39 -> -3.6422794 | D39: =C39/H39*100 -> -4.861063 | E39: =IF(B39<I39,-1,IF(B39>J39,1,0)) -> -1 | H39: 74.927632 | I39: 72.688122 | J39: 77.167143
A40: Porcentaje de ocupados con subempleo | B40: 10.646381 | C40: =B40-H40 -> -2.2955311 | D40: =C40/H40*100 -> -17.737187 | E40: =IF(B40<I40,-1,IF(B40>J40,1,0)) -> -1 | H40: 12.941912 | I40: 11.232921 | J40: 14.650904
A41: Porcentaje de ocupados que laboran 40 horas o más y perciben menos del salario mínimo | B41: 13.761018 | C41: =B41-H41 -> 1.2119165 | D41: =C41/H41*100 -> 9.6573968 | E41: =IF(B41<I41,-1,IF(B41>J41,1,0)) -> 0 | H41: 12.549101 | I41: 10.929151 | J41: 14.169052
A42: Porcentaje de ocupados que laboran más de 48 horas | B42: 22.632023 | C42: =B42-H42 -> 0.081512151 | D42: =C42/H42*100 -> 0.36146477 | E42: =IF(B42<I42,-1,IF(B42>J42,1,0)) -> 0 | H42: 22.550511 | I42: 20.596841 | J42: 24.50418
A44: 2. Población independiente | B44: 146876 | C44: =B44-H44 -> -347 | D44: =C44/H44*100 -> -0.23569687 | E44: =IF(B44<I44,-1,IF(B44>J44,1,0)) -> 0 | H44: 147223 | I44: 137474.58 | J44: 156971.42
A46: 2.1 Tipo de establecimiento | B46: 146876 | C46: =B46-H46 -> -347 | D46: =C46/H46*100 -> -0.23569687 | E46: =IF(B46<I46,-1,IF(B46>J46,1,0)) -> 0 | F46: =+B46-F47 -> 0 | G46: =+C46-G47 -> 0 | H46: 147223 | I46: 137474.58 | J46: 156971.42
A47: Empresa en sociedad y cuasi sociedad | B47: 10652 | C47: =B47-H47 -> -2062 | D47: =C47/H47*100 -> -16.218342 | E47: =IF(B47<I47,-1,IF(B47>J47,1,0)) -> 0 | F47: =SUM(B47:B48) -> 146876 | G47: =SUM(C47:C48) -> -347 | H47: 12714 | I47: 9532.3351 | J47: 15895.665
A48: Empresa no constituido en sociedad | B48: 136224 | C48: =B48-H48 -> 1715 | D48: =C48/H48*100 -> 1.2750076 | E48: =IF(B48<I48,-1,IF(B48>J48,1,0)) -> 0 | H48: 134509 | I48: 125827.68 | J48: 143190.32
A50: 2.2 Condición de aseguramiento | B50: 146876 | C50: =B50-H50 -> -347 | D50: =C50/H50*100 -> -0.23569687 | E50: =IF(B50<I50,-1,IF(B50>J50,1,0)) -> 0 | H50: 147223 | I50: 137474.58 | J50: 156971.42
A51: No tiene seguro por trabajo | B51: 82202 | C51: =B51-H51 -> 2178 | D51: =C51/H51*100 -> 2.7216835 | E51: =IF(B51<I51,-1,IF(B51>J51,1,0)) -> 0 | F51: =+B50-F52 -> 0 | G51: =+C50-G52 -> 0 | H51: 80024 | I51: 73356.152 | J51: 86691.848
A52: Tiene seguro por trabajo | B52: 64674 | C52: =B52-H52 -> -2525 | D52: =C52/H52*100 -> -3.7574964 | E52: =IF(B52<I52,-1,IF(B52>J52,1,0)) -> 0 | F52: =SUM(B51:B52) -> 146876 | G52: =SUM(C51:C52) -> -347 | H52: 67199 | I52: 59846.541 | J52: 74551.459
A54: 2.3 Grupo de horas efectivas trabajadas2/ | B54: 146876 | C54: =B54-H54 -> -347 | D54: =C54/H54*100 -> -0.23569687 | E54: =IF(B54<I54,-1,IF(B54>J54,1,0)) -> 0 | H54: 147223 | I54: 137474.58 | J54: 156971.42
A55: Menos de 15 | B55: 20547 | C55: =B55-H55 -> 4598 | D55: =C55/H55*100 -> 28.829394 | E55: =IF(B55<I55,-1,IF(B55>J55,1,0)) -> 1 | F55: =+B54-F56 -> 0 | G55: =+C54-G56 -> 0 | H55: 15949 | I55: 12876.089 | J55: 19021.911
A56: De 15 a 39 | B56: 65698 | C56: =B56-H56 -> -3447 | D56: =C56/H56*100 -> -4.9851761 | E56: =IF(B56<I56,-1,IF(B56>J56,1,0)) -> 0 | F56: =SUM(B55:B59) -> 146876 | G56: =SUM(C55:C59) -> -347 | H56: 69145 | I56: 62516.794 | J56: 75773.206
A57: De 40 a 48 | B57: 28804 | C57: =B57-H57 -> -2669 | D57: =C57/H57*100 -> -8.4802847 | E57: =IF(B57<I57,-1,IF(B57>J57,1,0)) -> 0 | H57: 31473 | I57: 27029.954 | J57: 35916.046
A58: Más de 48 | B58: 31827 | C58: =B58-H58 -> 1441 | D58: =C58/H58*100 -> 4.7423155 | E58: =IF(B58<I58,-1,IF(B58>J58,1,0)) -> 0 | H58: 30386 | I58: 25845.034 | J58: 34926.966
A59: No especificado | B59: 0 | C59: =B59-H59 -> -270 | D59: =C59/H59*100 -> -100 | E59: 0 | H59: 270 | I59: - | J59: -
A61: 2.4 Principales ramas de actividad | B61: 146876 | C61: =B61-H61 -> -347 | D61: =C61/H61*100 -> -0.23569687 | E61: =IF(B61<I61,-1,IF(B61>J61,1,0)) -> 0 | H61: 147223 | I61: 137474.58 | J61: 156971.42
A62: Agricultura, ganadería y pesca | B62: 42310 | C62: =B62-H62 -> -4993 | D62: =C62/H62*100 -> -10.555356 | E62: =IF(B62<I62,-1,IF(B62>J62,1,0)) -> 0 | F62: =+B61-F63 -> 0 | G62: =+C61-G63 -> 0 | H62: 47303 | I62: 40207.319 | J62: 54398.681
A63: Comercio y reparación | B63: 21917 | C63: =B63-H63 -> -239 | D63: =C63/H63*100 -> -1.0787146 | E63: =IF(B63<I63,-1,IF(B63>J63,1,0)) -> 0 | F63: =SUM(B62:B65) -> 146876 | G63: =SUM(C62:C65) -> -347 | H63: 22156 | I63: 18285.931 | J63: 26026.069
A64: Industria manufacturera | B64: 11999 | C64: =B64-H64 -> 882 | D64: =C64/H64*100 -> 7.9337951 | E64: =IF(B64<I64,-1,IF(B64>J64,1,0)) -> 0 | H64: 11117 | I64: 8510.5468 | J64: 13723.453
A65: Otros3/ | B65: 70650 | C65: =B65-H65 -> 4003 | D65: =C65/H65*100 -> 6.0062719 | E65: =IF(B65<I65,-1,IF(B65>J65,1,0)) -> 0 | H65: 66647 | I65: 59926.327 | J65: 73367.673
A67: 2.5 Rango de ingreso4/ | B67: 146876 | C67: =B67-H67 -> -347 | D67: =C67/H67*100 -> -0.23569687 | E67: =IF(B67<I67,-1,IF(B67>J67,1,0)) -> 0 | H67: 147223 | I67: 137474.58 | J67: 156971.42
A68: Menos de 1 salario mínimo | B68: 83484 | C68: =B68-H68 -> -9266 | D68: =C68/H68*100 -> -9.9902965 | E68: =IF(B68<I68,-1,IF(B68>J68,1,0)) -> -1 | F68: =+B67-F69 -> 0 | G68: =+C67-G69 -> 0 | H68: 92750 | I68: 85304.775 | J68: 100195.23
A69: De 1 a menos de 2 salarios mínimos | B69: 43507 | C69: =B69-H69 -> 6301 | D69: =C69/H69*100 -> 16.935441 | E69: =IF(B69<I69,-1,IF(B69>J69,1,0)) -> 1 | F69: =SUM(B68:B72) -> 146876 | G69: =SUM(C68:C72) -> -347 | H69: 37206 | I69: 32348.48 | J69: 42063.52
A70: De 2 a menos de 5 salarios mínimos | B70: 14886 | C70: =B70-H70 -> 3642 | D70: =C70/H70*100 -> 32.390608 | E70: =IF(B70<I70,-1,IF(B70>J70,1,0)) -> 1 | H70: 11244 | I70: 8828.4262 | J70: 13659.574
A71: 5 salarios mínimos o más | B71: 3358 | C71: =B71-H71 -> 785 | D71: =C71/H71*100 -> 30.509133 | E71: 0 | H71: 2573 | I71: 1349.8905 | J71: 3796.1095
A72: No especificado | B72: 1641 | C72: =B72-H72 -> -1809 | D72: =C72/H72*100 -> -52.434783 | E72: 0 | H72: 3450 | I72: 2013.1623 | J72: 4886.8377
A74: 2.6 Porcentajes
A75: Porcentaje de ocupados con seguro por trabajo | B75: 44.033062 | C75: =B75-H75 -> -1.6113007 | D75: =C75/H75*100 -> -3.5301199 | E75: =IF(B75<I75,-1,IF(B75>J75,1,0)) -> 0 | H75: 45.644363 | I75: 41.93853 | J75: 49.350195
A76: Porcentaje de ocupados con subempleo | B76: 16.633078 | C76: =B76-H76 -> -5.5801629 | D76: =C76/H76*100 -> -25.120886 | E76: =IF(B76<I76,-1,IF(B76>J76,1,0)) -> -1 | H76: 22.213241 | I76: 19.398535 | J76: 25.027947
A77: Porcentaje de ocupados que laboran 40 horas o más y perciben menos del salario mínimo | B77: 24.631662 | C77: =B77-H77 -> -2.0136311 | D77: =C77/H77*100 -> -7.5571738 | E77: =IF(B77<I77,-1,IF(B77>J77,1,0)) -> 0 | H77: 26.645293 | I77: 23.615245 | J77: 29.675341
A78: Porcentaje de ocupados que laboran más de 48 horas | B78: 21.669299 | C78: =B78-H78 -> 1.0298611 | D78: =C78/H78*100 -> 4.9897731 | E78: =IF(B78<I78,-1,IF(B78>J78,1,0)) -> 0 | H78: 20.639438 | I78: 17.813218 | J78: 23.465658
A79: 1/ No se incluye la población ocupada auxiliar no remunerada.
A80: 2/ Se utilizó la suma de las horas efectivas trabajadas en el empleo principal.
A81: 3/ Incluye otras rama de actividad y no especificados.
A82: 4/ Se construye con el ingreso total corriente bruto por hora en todos los empleos. Se utiliza el salario mínimo minimorun equivalente por hora que se define por ley cada año. El salario mínimo minimorun por jornada ordinaria para el año 2020 fue ¢10620,62.
A83: * Coeficiente de variación mayor al 20%. Resultados no estadísticamente confiables.
A84: Fuente: INEC-Costa Rica. Encuesta Continua de Empleo (ECE), 2022.
A85: 1 | B85: -1 | C85: 0

Sheet C3 hombre
A1: Cuadro 3
A2: Costa Rica hombres: Población ocupada según condición del empleo de las personas asalariadas e independientes 1/
A3: =+'C1 total'!A3 -> II Trimestre 2022 | H3: Mismo trimestre año anterior
A4: Condiciones del empleo | B4: =+'C1 total'!B4 -> II 2022 | C4: Variación Interanual | E4: Resultado de la prueba de significancia | H4: Estimación | I4: Intervalo de confianza al 95%
B5: =+'C1 total'!B5 -> Abr - Jun | C5: Diferencia | D5: % | F5: Revisión totales y dif | I5: Inferior | J5: Superior
A7: 1. Población asalariada | B7: 952127 | C7: =B7-H7 -> 66397 | D7: =C7/H7*100 -> 7.4963025 | E7: =IF(B7<I7,-1,IF(B7>J7,1,0)) -> 1 | H7: 885730 | I7: 835646.79 | J7: 935813.21
A9: 1.1 Estabilidad en el empleo | B9: 952127 | C9: =B9-H9 -> 66397 | D9: =C9/H9*100 -> 7.4963025 | E9: =IF(B9<I9,-1,IF(B9>J9,1,0)) -> 1 | F9: =+B9-F10 -> 0 | G9: =+C9-G10 -> 0 | H9: 885730 | I9: 835646.79 | J9: 935813.21
A10: Empleo permanente | B10: 885070 | C10: =B10-H10 -> 70038 | D10: =C10/H10*100 -> 8.5932822 | E10: =IF(B10<I10,-1,IF(B10>J10,1,0)) -> 1 | F10: =SUM(B10:B12) -> 952127 | G10: =SUM(C10:C12) -> 66397 | H10: 815032 | I10: 767808.89 | J10: 862255.11
